Workbook

Sheet Hoja2
B3: Gerencia General
B4: Subgerencia General
B5: Subgerencia Técnica | K5: Seguimiento y Control
B6: Subgerencia de Operaciones | K6: Planeación y Direccionamiento Estratégico
B7: Secretaria de Asuntos Corporativos | K7: Estructuración de Nuevos Negocios
B8: Dirección de Servicio al Cliente | K8: Servicio al Cliente
B9: Dirección Jurídica | K9: Operación de Servicios Públicos Domiciliarios
B10: Dirección de Control Interno | K10: Gestión de Proyectos
B11: Dirección de Nuevos Negocios | K11: Aseguramiento del Servicio
B12: Dirección de Planeación | K12: Gestión Financiera
B13: Dirección de Estructuración de Proyectos | K13: Gestión Contractual
B14: Dirección de Interventoría | K14: Gestión de Recursos Físicos y TI
B15: Dirección de Asuntos Ambientales | K15: Gestión de Seguridad y Salud en el Trabajo
B16: Dirección de Aseguramiento de la Prestación | K16: Gestión Jurídica
... B18: Dirección de Gestión Contractual | K18: Gestión Humana
B19: Dirección de Finanzas y Presupuesto
B20: Dirección de Contabilidad
B21: Dirección de Gestión Humana y Administrativa
B22: Tesorería

Sheet Intructivo
B2: Matriz Mapa de Riesgos
B4: Teniendo en cuenta que con la expedición del Decreto 1499 de 2017 “Por medio del cual se modifica el Decreto 1083 de 2015, Decreto Único Reglamentario del Sector Función Pública, en lo relacionado con el Sistema de Gestión establecido en el artículo 133 de la Ley 1753 de 2015”, se crea un solo Sistema de Gestión y se alinea con el Sistema de Control Interno, hoy todas las entidades públicas requieren actualizar y/o implementar el Modelo Integrado de Planeación y Gestión MIPG, modelo que incorpora el Modelo Estándar de Control Interno MECI a través de la 7a dimensión del mismo. En este marco general, el proceso de administración del riesgo es un esfuerzo conjunto entre la Alta Dirección y los servidores en todos sus niveles, ejercicio que inicia con la formulación de la política de Administración del Riesgo, la cual incluye los niveles de responsabilidad frente al seguimiento y evaluación, aspectos que deberán definirse acorde con el Esquema de Líneas de Defensa vinculado a la Dimensión 7. Teniendo en cuenta lo anterior y dada la necesidad de las entidades frente a la estructuración de los mapas de riesgos, como herramienta fundamental frente a la gestión del riesgo, el presente formato desarrolla un esquema completo acorde con los contenidos metodológicos de la Guía para la Administración del Riesgo y el diseño de controles V5. El formato cuenta con celdas parametrizadas y permite contar con los respectivos mapas de calor para riesgo inherente y riesgo residual.
B6: Orientaciones Generales
B7: Antes de iniciar con el diligenciamiento de la información en la matriz, se requiere haber avanzado en el análisis del proceso, su objetivo, alcance, actividades clave, considere los lineamientos establecidos en el Paso 2: identificación del riesgo, donde se explica ampliamente las bases para adelanter este análisis. Así mismo, considere en el Paso 3: valoración del riesgo los lineamientos para definir el No. de veces que se hace la actividad con la cual se relaciona el riesgo y su impacto en términos económicos o reputacionales. En este mismo paso se analizan los controles que deben responder a los atributos de eficiencia e informativos. NOTA: Si lo considera pertinente, es posible agregar hojas de trabajo adicionales al presente formato que permitan incluir la traza de estos análisis.
B9: El archivo contiene las siguientes hojas: - Hoja 1 Instructivo - Hoja 2 Mapa Final: Encontrará la totalidad de la estructura para la identificación y valoración de los riesgos por proceso, programa o proyecto, acorde con el nivel de desagregación que la entidad considere necesaria.
C12: Columna | E12: Descripción - Lineamientos para el diligenciamiento
C13: Proceso | E13: Diligencie el nombre del proceso al cual se le identificarán y valorarán los riesgos.
C14: Objetivo | E14: Diligencie el objetivo del proceso.
C15: Alcance | E15: Diligencie el alcance del proceso.
C16: Referencia | E16: Permite definir unl consecutivo de riesgos. Una entidad puede ir en el riesgo 150, pero tener 70 riesgos, lo que permite llevar una traza de los riesgos. Esta información la debe administrar la oficina asesora de planeación o gerencia de riesgos. Cuando un el riesgo salga del mapa no existirá otro riesgo con el mismo número.
C17: Impacto | E17: Analice las consecuencias que puede ocasionar a la organización la materialización del riesgo, redacte de la forma más concreta posible.
C18: Causa Inmediata | E18: Circunstancias bajo las cuales se presenta el riesgo, es la situación más evidente frente al riesgo, redacte de la forma más concreta posible.
C19: Causa Raíz | E19: Causa principal o básica, corresponde a las razones por la cuales se puede presentar el riesgo, redacte de la forma más concreta posible.
C20: Descripción del Riesgo | E20: Consolida o resume los análisis sobre impacto + causa inmediata + causa raíz, permitiendo contar con una redacción clara y concreta del riesgo indentificado. Tenga en cuenta la estructura de alto nivel establecida en al guía, inicia con POSIBILIDAD DE + Impacto para la entidad (Qué) + Causa Inmediata (Cómo) + Causa Raíz (Por qué)
C21: Clasificación del Riesgo | E21: Utilice la lista de despligue que se encuentra parametrizada, le aparecerán las opciones: i)Daños Activos Fisicos, ii)Ejecucion y Administracion de procesos, iii)Fallas Tecnologicas, iv)Fraude Externo, v)Fraude Interno, vi)Relaciones Laborales, vii)Usuarios, productos y practicas organizacionales.
C22: Frecuencia con la cual se lleva a cabo la actividad | E22: Defina el # de veces que se ejecuta la actividad durante el año, (Recuerde la probabilidad e ocurrencia del riesgo se defien como el No. de veces que se pasa por el punto de riesgo en el periodo de 1 año). La matriz automáticamente hará el cálculo para el nivel de probabilidad inherente (Columnas H-I)
C23: Criterios de Impacto | E23: Utilice la lista de despligue que se encuentra parametrizada, le aparecerán las opciones de la tabla de Impacto en la Hoja 6 del presente documento. La matriz automáticamente hará el cálculo para el nivel de impacto inherente (Columnas L-M)
... C37: Estado | E37: Utilice la lista de despligue que se encuentra parametrizada, le aparecerán las opciones: i)Finalizado, ii)En curso, la selección en este caso dependerá de las acciones del plan que se hayan establecido en cada caso.
B40: - Hoja 3 Matriz de Calor Inherente: En esta hoja, en la medida en que ese diligencia el Mapa Final, se verán reflejados los riesgos en su zona correspondiente. Esta hoja no se diligencia se genera de manera automática.
B41: - Hoja 4 Matriz de Calor Residual: En esta hoja, en la medida en que ese diligencia el Mapa Final, se verán reflejados los riesgos en su zona correspondiente. Esta hoja no se diligencia se genera de manera automática.
B42: - Hoja 5 Tabla de probabilidad: Tabla referente para todos los cálculos (no se diligencia)
B43: - Hoja 6 Tabla de Impacto: Tabla referente para todos los cálculos (no se diligencia)
B44: - Hoja 7 Tabla de Valoración de Controles: Tabla referente para todos los cálculos (no se diligencia)

Sheet Mapa final
I1: MAPA DE RIESGOS DE GESTIÓN Y DE SEGURIDAD DE LA INFORMACIÓN | AR1: CODIGO: PDE-F419 | BQ1: Gerencia General
AR2: VERSION:0 | BQ2: Secretaria de Asuntos corporativos
AR3: FECHA: 27/05/2021 | BQ3: Subgerencia General
A4: Fecha de Actualización: 8 de Noviembre 2022
A5: 1 LÍNEA DE DEFENSA A cargo de los gerentes públicos y líderes de los procesos, programas y proyectos de la entidad. Rol principal: diseñar, implementar y monitorear los controles y gestionar de manera directa en el día a día los riesgos de la entidad. Así mismo, orientar el desarrollo e implementación de políticas y procedimientos internos y asegurar que sean compatibles con las metas y objetivos de la entidad y emprender las acciones de mejoramiento para su logro. | AI5: 2 LÍNEA DE DEFENSA A cargo de los servidores que tienen responsabilidades directas en el monitoreo y evaluación de los controles y la gestión del riesgo: Jefes de planeación, supervisores e interventores de contratos o proyectos, coordinadores de otros sistemas de gestión de la entidad, comités de riesgos (donde existan), comités de contratación, entre otros. Rol principal: monitorear la gestión de riesgo y control ejecutada por la primera línea de defensa, complementando su trabajo. | AO5: 3 LÍNEA DE DEFENSA A cargo de la oficina de control interno, auditoría interna o quien haga sus veces. El rol principal: proporcionar un aseguramiento basado en el más alto nivel de independencia y objetividad sobre la efectividad del S.C.I. El alcance de este aseguramiento, a través de la auditoría interna cubre todos los componentes del S.C.I. | BQ5: Subgerencia Técnica
A6: Identificación del riesgo | L6: Análisis del riesgo inherente | S6: Evaluación del riesgo - Valoración de los controles | AB6: Evaluación del riesgo - Nivel del riesgo residual | AI6: Plan de Acción y seguimiento a controles | AO6: SEGUIMIENTO POR PARTE DE CONTROL INTERNO | AR6: VALOR DEL CÓDIGO DE INTEGRIDAD IMPACTADO | BQ6: Subgerencia de Operaciones
A7: Proceso | B7: Objetivo | C7: Alcance | D7: Dirección | E7: Referencia | F7: Impacto | G7: Causa Inmediata | H7: Causa Raíz | I7: Descripción del Riesgo | J7: Clasificación del Riesgo | K7: Frecuencia con la cual se realiza la actividad | L7: Probabilidad Inherente | M7: % | N7: Criterios de impacto | O7: Observación de criterio | P7: Impacto Inherente | Q7: % | R7: Zona de Riesgo Inherente | S7: No. Control | T7: Descripción del Control | U7: Afectación | V7: Atributos | AB7: Probabilidad Residual | AC7: Probabilidad Residual Final | AD7: % | AE7: Impacto Residual Final | AF7: % | AG7: Zona de Riesgo Final | AH7: Tratamiento | AI7: Plan de Acción | AJ7: Responsable | AK7: Fecha Implementación | AL7: Fecha Seguimiento | AM7: Seguimiento | AN7: Estado | AO7: SEGUIMIENTO | BQ7: Dirección de Servicio al Cliente
V8: Tipo | W8: Implementación | X8: Calificación | Y8: Documentación | Z8: Frecuencia | AA8: Evidencia | AO8: INFORME PRIMER SEGUIMIENTO Con corte al 30 de abril. | AP8: INFORME SEGUNDO SEGUIMIENTO Con corte al 31 de agosto. | AQ8: INFORME TERCER SEGUIMIENTO Con corte al 31 de diciembre. | AR8: HONESTIDAD | AS8: RESPETO | AT8: COMPROMISO | AU8: DILIGENCIA | AV8: JUSTICIA | BQ8: Dirección Jurídica
A9: Servicio al Cliente | B9: Gestionar los requerimientos formulados por las partes interesadas, para satisfacer sus necesidades, a través de la implementación de estrategias de atención permanente, mediante canales de comunicación, intervención social y rendición de cuentas, donde se de a conocer el propósito de la entidad en materia de agua potable y saneamiento básico, liderando además, proyectos encaminados a comunidades, con énfasis en el sector educativo en el marco de su bienestar integral. | C9: Desde la planificación y desarrollo para la orientación de las necesidades y requerimientos formulados por las partes interesadas ante EPC, las acciones para el fortalecimiento de canales de comunicación, la intervención social y la rendición de cuentas hasta la evaluación de la percepción de los productos y servicios ofrecidos. | D9: Dirección de Servicio al Cliente | E9: 1 | F9: Económico | G9: Sanción por ente regulador | H9: Respuestas extemporáneas y sin el cumplimiento de requisitos de ley | I9: Posibilidad de afectación reputacional por sanciones por parte del ente regulador debido a respuestas extemporáneas y sin el cumplimiento de requisitos de ley por falta de conocimiento y apropiación del procedimiento y herramienta para la gestión de PQRSD | J9: Usuarios, Productos y Prácticas | K9: 1301 | L9: =IF(K9<=0,"",IF(K9<=2,"Muy Baja",IF(K9<=24,"Baja",IF(K9<=500,"Media",IF(K9<=5000,"Alta","Muy Alta"))))) -> Alta | M9: =IF(L9="","",IF(L9="Muy Baja",0.2,IF(L9="Baja",0.4,IF(L9="Media",0.6,IF(L9="Alta",0.8,IF(L9="Muy Alta",1,)))))) -> 0.8 | N9: El riesgo afecta la imagen de la entidad con algunos usuarios de relevancia frente al logro de los objetivos | O9: =IF(NOT(ISERROR(MATCH(N9,_xlfn.ANCHORARRAY(I9),0))),M9&"Por favor no seleccionar los criterios de impacto",N9) -> El riesgo afecta la imagen de la entidad con algunos usuarios de relevancia frente al logro de los objetivos | P9: =IF(OR(O9='[1]Tabla Impacto'!$C$11,O9='[1]Tabla Impacto'!$D$11),"Leve",IF(OR(O9='[1]Tabla Impacto'!$C$12,O9='[1]Tabla Impacto'!$D$12),"Menor",IF(OR(O9='[1]Tabla Impacto'!$C$13,O9='[1]Tabla Impacto'!$D$13),"Moderado",IF(OR(O9='[1]Tabla Impacto'!$C$14,O9='[1]Tabla Impacto'!$D$14),"Mayor",IF(OR(O9='[1]Tabla Impacto'!$C$15,O9='[1]Tabla Impacto'!$D$15),"Catastrófico",""))))) -> Moderado | Q9: =IF(P9="","",IF(P9="Leve",0.2,IF(P9="Menor",0.4,IF(P9="Moderado",0.6,IF(P9="Mayor",0.8,IF(P9="Catastrófico",1,)))))) -> 0.6 | R9: =IF(OR(AND(L9="Muy Baja",P9="Leve"),AND(L9="Muy Baja",P9="Menor"),AND(L9="Baja",P9="Leve")),"Bajo",IF(OR(AND(L9="Muy baja",P9="Moderado"),AND(L9="Baja",P9="Menor"),AND(L9="Baja",P9="Moderado"),AND(L9="Media",P9="Leve"),AND(L9="Media",P9="Menor"),AND(L9="Media",P9="Moderado"),AND(L9="Alta",P9="Leve"),AND(L9="Alta",P9="Menor")),"Moderado",IF(OR(AND(L9="Muy Baja",P9="Mayor"),AND(L9="Baja",P9="Mayor"),AND(L9="Media",P9="Mayor"),AND(L9="Alta",P9="Moderado"),AND(L9="Alta",P9="Mayor"),AND(L9="Muy Alta",P9="Leve"),AND(L9="Muy Alta",P9="Menor"),AND(L9="Muy Alta",P9="Moderado"),AND(L9="Muy Alta",P9="Mayor")),"Alto",IF(OR(AND(L9="Muy Baja",P9="Catastrófico"),AND(L9="Baja",P9="Catastrófico"),AND(L9="Media",P9="Catastrófico"),AND(L9="Alta",P9="Catastrófico"),AND(L9="Muy Alta",P9="Catastrófico")),"Extremo","")))) -> Alto | S9: 1 | T9: El administrador de PQRSD verifica diariamente la solicitud radicada para dar tramite según competencia de la PQRSD a través del análisis y asignación al responsable de dar la respuesta en lenguaje claro y de fondo. Esta es remitida por el sistema de radicación para dar trámite, de acuerdo al procedimiento control de recepción, elaboración y envió de respuestas a PQRSD | U9: Probabilidad | V9: Preventivo | W9: Manual | X9: =IF(AND(V9="Preventivo",W9="Automático"),"50%",IF(AND(V9="Preventivo",W9="Manual"),"40%",IF(AND(V9="Detectivo",W9="Automático"),"40%",IF(AND(V9="Detectivo",W9="Manual"),"30%",IF(AND(V9="Correctivo",W9="Automático"),"35%",IF(AND(V9="Correctivo",W9="Manual"),"25%","")))))) -> 40% | Y9: Documentado | Z9: Continua | AA9: Con Registro | AB9: =IFERROR(IF(U9="Probabilidad",(M9-(+M9*X9)),IF(U9="Impacto",M9,"")),"") -> 0.48 | AC9: =IFERROR(IF(AB9="","",IF(AB9<=0.2,"Muy Baja",IF(AB9<=0.4,"Baja",IF(AB9<=0.6,"Media",IF(AB9<=0.8,"Alta","Muy Alta"))))),"") -> Media | AD9: =+AB9 -> 0.48 | AE9: =IFERROR(IF(AF9="","",IF(AF9<=0.2,"Leve",IF(AF9<=0.4,"Menor",IF(AF9<=0.6,"Moderado",IF(AF9<=0.8,"Mayor","Catastrófico"))))),"") -> Moderado | AF9: =IFERROR(IF(U9="Impacto",(Q9-(+Q9*X9)),IF(U9="Probabilidad",Q9,"")),"") -> 0.6 | AG9: =IFERROR(IF(OR(AND(AC9="Muy Baja",AE9="Leve"),AND(AC9="Muy Baja",AE9="Menor"),AND(AC9="Baja",AE9="Leve")),"Bajo",IF(OR(AND(AC9="Muy baja",AE9="Moderado"),AND(AC9="Baja",AE9="Menor"),AND(AC9="Baja",AE9="Moderado"),AND(AC9="Media",AE9="Leve"),AND(AC9="Media",AE9="Menor"),AND(AC9="Media",AE9="Moderado"),AND(AC9="Alta",AE9="Leve"),AND(AC9="Alta",AE9="Menor")),"Moderado",IF(OR(AND(AC9="Muy Baja",AE9="Mayor"),AND(AC9="Baja",AE9="Mayor"),AND(AC9="Media",AE9="Mayor"),AND(AC9="Alta",AE9="Moderado"),AND(AC9="Alta",AE9="Mayor"),AND(AC9="Muy Alta",AE9="Leve"),AND(AC9="Muy Alta",AE9="Menor"),AND(AC9="Muy Alta",AE9="Moderado"),AND(AC9="Muy Alta",AE9="Mayor")),"Alto",IF(OR(AND(AC9="Muy Baja",AE9="Catastrófico"),AND(AC9="Baja",AE9="Catastrófico"),AND(AC9="Media",AE9="Catastrófico"),AND(AC9="Alta",AE9="Catastrófico"),AND(AC9="Muy Alta",AE9="Catastrófico")),"Extremo","")))),"") -> Moderado | AH9: Reducir (mitigar) | AI9: Actualizar versión sistema de información para el control de recepción, seguimiento y envió de respuestas de PQRSD | AJ9: Dirección de Gestión Humana y Administrativa Dirección de Servicio al Cliente | AK9: 1/06/2021 al 31/12/2021 | AL9: 31/08/2021 31/12/2021 | AN9: En curso | AR9: x | AT9: x | AU9: x | AV9: x | BQ9: Dirección de Control Interno
S10: 2 | T10: El Director del área valida cada vez que se requiera, la información contenida en el modelo de respuesta de PQRSD dada por el usuario responsable de la respectiva dependencia; una vez validada la información y posibles anexos, da la aprobación y se remite nuevamente al gestor, para respuesta al peticionario con radicado de salida. En caso, de que la respuesta no cumpla con los criterios establecidos, el Director del área realiza solicitud de ajuste del modelo de respuesta. De acuerdo al procedimiento control de recepción, elaboración y envió de respuestas a PQRSD | U10: Probabilidad | V10: Detectivo | W10: Manual | X10: =IF(AND(V10="Preventivo",W10="Automático"),"50%",IF(AND(V10="Preventivo",W10="Manual"),"40%",IF(AND(V10="Detectivo",W10="Automático"),"40%",IF(AND(V10="Detectivo",W10="Manual"),"30%",IF(AND(V10="Correctivo",W10="Automático"),"35%",IF(AND(V10="Correctivo",W10="Manual"),"25%","")))))) -> 30% | Y10: Documentado | Z10: Continua | AA10: Con Registro | AB10: =IFERROR(IF(U10="Probabilidad",(AB9-(+AB9*X10)),IF(U10="Impacto",AB9,"")),"") -> 0.336 | AC10: =IFERROR(IF(AB10="","",IF(AB10<=0.2,"Muy Baja",IF(AB10<=0.4,"Baja",IF(AB10<=0.6,"Media",IF(AB10<=0.8,"Alta","Muy Alta"))))),"") -> Baja | AD10: =+AB10 -> 0.336 | AE10: =IFERROR(IF(AF10="","",IF(AF10<=0.2,"Leve",IF(AF10<=0.4,"Menor",IF(AF10<=0.6,"Moderado",IF(AF10<=0.8,"Mayor","Catastrófico"))))),"") -> Moderado | AF10: =IFERROR(IF(U10="Impacto",(Q9-(+Q9*X10)),IF(U10="Probabilidad",Q9,"")),"") -> 0.6 | AG10: =IFERROR(IF(OR(AND(AC10="Muy Baja",AE10="Leve"),AND(AC10="Muy Baja",AE10="Menor"),AND(AC10="Baja",AE10="Leve")),"Bajo",IF(OR(AND(AC10="Muy baja",AE10="Moderado"),AND(AC10="Baja",AE10="Menor"),AND(AC10="Baja",AE10="Moderado"),AND(AC10="Media",AE10="Leve"),AND(AC10="Media",AE10="Menor"),AND(AC10="Media",AE10="Moderado"),AND(AC10="Alta",AE10="Leve"),AND(AC10="Alta",AE10="Menor")),"Moderado",IF(OR(AND(AC10="Muy Baja",AE10="Mayor"),AND(AC10="Baja",AE10="Mayor"),AND(AC10="Media",AE10="Mayor"),AND(AC10="Alta",AE10="Moderado"),AND(AC10="Alta",AE10="Mayor"),AND(AC10="Muy Alta",AE10="Leve"),AND(AC10="Muy Alta",AE10="Menor"),AND(AC10="Muy Alta",AE10="Moderado"),AND(AC10="Muy Alta",AE10="Mayor")),"Alto",IF(OR(AND(AC10="Muy Baja",AE10="Catastrófico"),AND(AC10="Baja",AE10="Catastrófico"),AND(AC10="Media",AE10="Catastrófico"),AND(AC10="Alta",AE10="Catastrófico"),AND(AC10="Muy Alta",AE10="Catastrófico")),"Extremo","")))),"") -> Moderado | AH10: Reducir (mitigar) | AI10: 1. Campaña de apropiación "Respuesta PQRSD" 2. Capacitación gestor de respuesta PQRSD. 3. Alertas de vencimiento de respuesta PQRSD | AJ10: Dirección de Servicio al Cliente | AK10: 01/05/2021 al 16/12/2021 | AL10: 31/08/2021 31/12/2021 | AN10: En curso | AR10: x | AT10: x | AU10: x | AV10: x | BQ10: Dirección de Planeación
E11: 2 | F11: Reputacional | G11: Pérdida de confianza institucional | H11: Falta de información veraz, pertinente, oportuna | I11: Posibilidad de afectación reputacional por pérdida de confianza institucional debido a la inexactitud y falta de veracidad en la comunicación y publicación de información a los grupos de interés | J11: Usuarios, Productos y Prácticas | K11: 1021 | L11: =IF(K11<=0,"",IF(K11<=2,"Muy Baja",IF(K11<=24,"Baja",IF(K11<=500,"Media",IF(K11<=5000,"Alta","Muy Alta"))))) -> Alta | M11: =IF(L11="","",IF(L11="Muy Baja",0.2,IF(L11="Baja",0.4,IF(L11="Media",0.6,IF(L11="Alta",0.8,IF(L11="Muy Alta",1,)))))) -> 0.8 | N11: ='Tabla Impacto'!D7 -> El riesgo afecta la imagen de de la entidad con efecto publicitario sostenido a nivel de sector administrativo, nivel departamental o municipal | O11: =IF(NOT(ISERROR(MATCH(N11,'Tabla Impacto'!$B$210:$B$219,0))),'Tabla Impacto'!$F$210&"Por favor no seleccionar los criterios de impacto(Afectación Económica o presupuestal y Pérdida Reputacional)",N11) -> El riesgo afecta la imagen de de la entidad con efecto publicitario sostenido a nivel de sector administrativo, nivel departamental o municipal | P11: =IF(OR(O11='Tabla Impacto'!$C$4,O11='Tabla Impacto'!$D$4),"Leve",IF(OR(O11='Tabla Impacto'!$C$5,O11='Tabla Impacto'!$D$5),"Menor",IF(OR(O11='Tabla Impacto'!$C$6,O11='Tabla Impacto'!$D$6),"Moderado",IF(OR(O11='Tabla Impacto'!$C$7,O11='Tabla Impacto'!$D$7),"Mayor",IF(OR(O11='Tabla Impacto'!$C$8,O11='Tabla Impacto'!$D$8),"Catastrófico",""))))) -> Mayor | Q11: =IF(P11="","",IF(P11="Leve",0.2,IF(P11="Menor",0.4,IF(P11="Moderado",0.6,IF(P11="Mayor",0.8,IF(P11="Catastrófico",1,)))))) -> 0.8 | R11: =IF(OR(AND(L11="Muy Baja",P11="Leve"),AND(L11="Muy Baja",P11="Menor"),AND(L11="Baja",P11="Leve")),"Bajo",IF(OR(AND(L11="Muy baja",P11="Moderado"),AND(L11="Baja",P11="Menor"),AND(L11="Baja",P11="Moderado"),AND(L11="Media",P11="Leve"),AND(L11="Media",P11="Menor"),AND(L11="Media",P11="Moderado"),AND(L11="Alta",P11="Leve"),AND(L11="Alta",P11="Menor")),"Moderado",IF(OR(AND(L11="Muy Baja",P11="Mayor"),AND(L11="Baja",P11="Mayor"),AND(L11="Media",P11="Mayor"),AND(L11="Alta",P11="Moderado"),AND(L11="Alta",P11="Mayor"),AND(L11="Muy Alta",P11="Leve"),AND(L11="Muy Alta",P11="Menor"),AND(L11="Muy Alta",P11="Moderado"),AND(L11="Muy Alta",P11="Mayor")),"Alto",IF(OR(AND(L11="Muy Baja",P11="Catastrófico"),AND(L11="Baja",P11="Catastrófico"),AND(L11="Media",P11="Catastrófico"),AND(L11="Alta",P11="Catastrófico"),AND(L11="Muy Alta",P11="Catastrófico")),"Extremo","")))) -> Alto | S11: 1 | T11: El gestor de comunicaciones de la Dirección de Servicio al Cliente verifica cada vez que se requiera, que la solicitud de eventos informativos allegada a la Dirección de Servicio al Cliente, se encuentre debidamente diligenciada y aprobada por el responsable de la información, si la solicitud cumple, es registrada en la hoja de control de eventos informativos y se asigna al equipo de productores multimedia para realización audiovisual. | U11: Probabilidad | V11: Preventivo | W11: Manual | X11: =IF(AND(V11="Preventivo",W11="Automático"),"50%",IF(AND(V11="Preventivo",W11="Manual"),"40%",IF(AND(V11="Detectivo",W11="Automático"),"40%",IF(AND(V11="Detectivo",W11="Manual"),"30%",IF(AND(V11="Correctivo",W11="Automático"),"35%",IF(AND(V11="Correctivo",W11="Manual"),"25%","")))))) -> 40% | Y11: Sin Documentar | Z11: Continua | AA11: Con Registro | AB11: =IFERROR(IF(U11="Probabilidad",(M11-(+M11*X11)),IF(U11="Impacto",M11,"")),"") -> 0.48 | AC11: =IFERROR(IF(AB11="","",IF(AB11<=0.2,"Muy Baja",IF(AB11<=0.4,"Baja",IF(AB11<=0.6,"Media",IF(AB11<=0.8,"Alta","Muy Alta"))))),"") -> Media | AD11: =+AB11 -> 0.48 | AE11: =IFERROR(IF(AF11="","",IF(AF11<=0.2,"Leve",IF(AF11<=0.4,"Menor",IF(AF11<=0.6,"Moderado",IF(AF11<=0.8,"Mayor","Catastrófico"))))),"") -> Mayor | AF11: =IFERROR(IF(U11="Impacto",(Q11-(+Q11*X11)),IF(U11="Probabilidad",Q11,"")),"") -> 0.8 | AG11: =IFERROR(IF(OR(AND(AC11="Muy Baja",AE11="Leve"),AND(AC11="Muy Baja",AE11="Menor"),AND(AC11="Baja",AE11="Leve")),"Bajo",IF(OR(AND(AC11="Muy baja",AE11="Moderado"),AND(AC11="Baja",AE11="Menor"),AND(AC11="Baja",AE11="Moderado"),AND(AC11="Media",AE11="Leve"),AND(AC11="Media",AE11="Menor"),AND(AC11="Media",AE11="Moderado"),AND(AC11="Alta",AE11="Leve"),AND(AC11="Alta",AE11="Menor")),"Moderado",IF(OR(AND(AC11="Muy Baja",AE11="Mayor"),AND(AC11="Baja",AE11="Mayor"),AND(AC11="Media",AE11="Mayor"),AND(AC11="Alta",AE11="Moderado"),AND(AC11="Alta",AE11="Mayor"),AND(AC11="Muy Alta",AE11="Leve"),AND(AC11="Muy Alta",AE11="Menor"),AND(AC11="Muy Alta",AE11="Moderado"),AND(AC11="Muy Alta",AE11="Mayor")),"Alto",IF(OR(AND(AC11="Muy Baja",AE11="Catastrófico"),AND(AC11="Baja",AE11="Catastrófico"),AND(AC11="Media",AE11="Catastrófico"),AND(AC11="Alta",AE11="Catastrófico"),AND(AC11="Muy Alta",AE11="Catastrófico")),"Extremo","")))),"") -> Alto | AH11: Reducir (mitigar) | AI11: 1. Estructurar el procedimiento de realización audiovisual 2. Revisar y en caso que se requiera, ajustar formato solicitud de eventos informativos | AJ11: Dirección de Servicio al Cliente | AK11: 01/06/2021 al 16/12/2021 | AL11: 31/08/2021 31/12/2021 | AN11: En curso | AT11: x | AU11: x | BQ11: Dirección de Nuevos Negocios
S12: 2 | T12: El líder de comunicaciones valida y aprueba cada vez que se requiera, la pieza elaborada por el equipo de productores multimedia de acuerdo a los lineamientos establecidos en el Manual de Imagen, si la pieza grafica no cumple, se devuelve al profesional para realizar ajustes. Posteriormente se envía para aprobación del solicitante inicial | U12: Probabilidad | V12: Preventivo | W12: Manual | X12: =IF(AND(V12="Preventivo",W12="Automático"),"50%",IF(AND(V12="Preventivo",W12="Manual"),"40%",IF(AND(V12="Detectivo",W12="Automático"),"40%",IF(AND(V12="Detectivo",W12="Manual"),"30%",IF(AND(V12="Correctivo",W12="Automático"),"35%",IF(AND(V12="Correctivo",W12="Manual"),"25%","")))))) -> 40% | Y12: Documentado | Z12: Continua | AA12: Con Registro | AB12: =IFERROR(IF(U12="Probabilidad",(AB11-(+AB11*X12)),IF(U12="Impacto",AB11,"")),"") -> 0.288 | AC12: =IFERROR(IF(AB12="","",IF(AB12<=0.2,"Muy Baja",IF(AB12<=0.4,"Baja",IF(AB12<=0.6,"Media",IF(AB12<=0.8,"Alta","Muy Alta"))))),"") -> Baja | AD12: =AB12 -> 0.288 | AE12: =IFERROR(IF(AF12="","",IF(AF12<=0.2,"Leve",IF(AF12<=0.4,"Menor",IF(AF12<=0.6,"Moderado",IF(AF12<=0.8,"Mayor","Catastrófico"))))),"") -> Mayor | AF12: =IFERROR(IF(U12="Impacto",(Q11-(+Q11*X12)),IF(U12="Probabilidad",Q11,"")),"") -> 0.8 | AG12: =IFERROR(IF(OR(AND(AC12="Muy Baja",AE12="Leve"),AND(AC12="Muy Baja",AE12="Menor"),AND(AC12="Baja",AE12="Leve")),"Bajo",IF(OR(AND(AC12="Muy baja",AE12="Moderado"),AND(AC12="Baja",AE12="Menor"),AND(AC12="Baja",AE12="Moderado"),AND(AC12="Media",AE12="Leve"),AND(AC12="Media",AE12="Menor"),AND(AC12="Media",AE12="Moderado"),AND(AC12="Alta",AE12="Leve"),AND(AC12="Alta",AE12="Menor")),"Moderado",IF(OR(AND(AC12="Muy Baja",AE12="Mayor"),AND(AC12="Baja",AE12="Mayor"),AND(AC12="Media",AE12="Mayor"),AND(AC12="Alta",AE12="Moderado"),AND(AC12="Alta",AE12="Mayor"),AND(AC12="Muy Alta",AE12="Leve"),AND(AC12="Muy Alta",AE12="Menor"),AND(AC12="Muy Alta",AE12="Moderado"),AND(AC12="Muy Alta",AE12="Mayor")),"Alto",IF(OR(AND(AC12="Muy Baja",AE12="Catastrófico"),AND(AC12="Baja",AE12="Catastrófico"),AND(AC12="Media",AE12="Catastrófico"),AND(AC12="Alta",AE12="Catastrófico"),AND(AC12="Muy Alta",AE12="Catastrófico")),"Extremo","")))),"") -> Alto | AH12: Reducir (mitigar) | AI12: 1. Revisar y en caso que se requiera, ajustar el Manual de Imagen | AJ12: Dirección de Servicio al Cliente | AK12: 01/06/2021 al 16/12/2021 | AL12: 31/08/2021 31/12/2021 | AN12: En curso | AR12: x | AT12: x
S13: 3 | T13: El Director del área valida cada vez que se requiera, la pieza gráfica producida por la Dirección de Servicio al cliente y una vez recibida la aprobación por parte del solicitante, el Director de Servicio al Cliente aprueba y remite a la líder de comunicaciones para publicación en los medios oficiales de comunicación. La líder de comunicaciones registra los enlaces en la hoja de control de eventos informativos | U13: Probabilidad | V13: Preventivo | W13: Manual | X13: =IF(AND(V13="Preventivo",W13="Automático"),"50%",IF(AND(V13="Preventivo",W13="Manual"),"40%",IF(AND(V13="Detectivo",W13="Automático"),"40%",IF(AND(V13="Detectivo",W13="Manual"),"30%",IF(AND(V13="Correctivo",W13="Automático"),"35%",IF(AND(V13="Correctivo",W13="Manual"),"25%","")))))) -> 40% | Y13: Sin Documentar | Z13: Continua | AA13: Con Registro | AB13: =IFERROR(IF(U13="Probabilidad",(AB12-(+AB12*X13)),IF(U13="Impacto",AB12,"")),"") -> 0.1728 | AC13: =IFERROR(IF(AB13="","",IF(AB13<=0.2,"Muy Baja",IF(AB13<=0.4,"Baja",IF(AB13<=0.6,"Media",IF(AB13<=0.8,"Alta","Muy Alta"))))),"") -> Muy Baja | AD13: =+AB13 -> 0.1728 | AE13: =IFERROR(IF(AF13="","",IF(AF13<=0.2,"Leve",IF(AF13<=0.4,"Menor",IF(AF13<=0.6,"Moderado",IF(AF13<=0.8,"Mayor","Catastrófico"))))),"") -> Mayor | AF13: =IFERROR(IF(U13="Impacto",(Q11-(+Q11*X13)),IF(U13="Probabilidad",Q11,"")),"") -> 0.8 | AG13: =IFERROR(IF(OR(AND(AC13="Muy Baja",AE13="Leve"),AND(AC13="Muy Baja",AE13="Menor"),AND(AC13="Baja",AE13="Leve")),"Bajo",IF(OR(AND(AC13="Muy baja",AE13="Moderado"),AND(AC13="Baja",AE13="Menor"),AND(AC13="Baja",AE13="Moderado"),AND(AC13="Media",AE13="Leve"),AND(AC13="Media",AE13="Menor"),AND(AC13="Media",AE13="Moderado"),AND(AC13="Alta",AE13="Leve"),AND(AC13="Alta",AE13="Menor")),"Moderado",IF(OR(AND(AC13="Muy Baja",AE13="Mayor"),AND(AC13="Baja",AE13="Mayor"),AND(AC13="Media",AE13="Mayor"),AND(AC13="Alta",AE13="Moderado"),AND(AC13="Alta",AE13="Mayor"),AND(AC13="Muy Alta",AE13="Leve"),AND(AC13="Muy Alta",AE13="Menor"),AND(AC13="Muy Alta",AE13="Moderado"),AND(AC13="Muy Alta",AE13="Mayor")),"Alto",IF(OR(AND(AC13="Muy Baja",AE13="Catastrófico"),AND(AC13="Baja",AE13="Catastrófico"),AND(AC13="Media",AE13="Catastrófico"),AND(AC13="Alta",AE13="Catastrófico"),AND(AC13="Muy Alta",AE13="Catastrófico")),"Extremo","")))),"") -> Alto | AH13: Reducir (mitigar) | AI13: 1. Estructurar hoja de control de eventos informativos y realización audiovisual | AJ13: Dirección de Servicio al Cliente | AK13: 01/06/2021 al 16/12/2021 | AL13: 31/08/2021 31/12/2021 | AN13: En curso | AR13: x | AT13: x | BQ13: Dirección de Gestión Contractual
E14: 3 | F14: Reputacional | G14: Negación por parte de la comunidad al desarrollo de una obra | H14: Inexistencia de acompañamiento social en la estructuración, diseño y ejecución de los proyectos | I14: Posibilidad de afectación reputacional por negación de la comunidad al desarrollo de una obra debido a la inexistencia de acompañamiento social a la estructuración, diseño y ejecución de los proyectos | J14: Ejecución y Administración de Procesos | K14: 250 | L14: =IF(K14<=0,"",IF(K14<=2,"Muy Baja",IF(K14<=24,"Baja",IF(K14<=500,"Media",IF(K14<=5000,"Alta","Muy Alta"))))) -> Media | M14: =IF(L14="","",IF(L14="Muy Baja",0.2,IF(L14="Baja",0.4,IF(L14="Media",0.6,IF(L14="Alta",0.8,IF(L14="Muy Alta",1,)))))) -> 0.6 | N14: ='Tabla Impacto'!D7 -> El riesgo afecta la imagen de de la entidad con efecto publicitario sostenido a nivel de sector administrativo, nivel departamental o municipal | O14: =IF(NOT(ISERROR(MATCH(N14,'Tabla Impacto'!$B$210:$B$219,0))),'Tabla Impacto'!$F$210&"Por favor no seleccionar los criterios de impacto(Afectación Económica o presupuestal y Pérdida Reputacional)",N14) -> El riesgo afecta la imagen de de la entidad con efecto publicitario sostenido a nivel de sector administrativo, nivel departamental o municipal | P14: =IF(OR(O14='Tabla Impacto'!$C$4,O14='Tabla Impacto'!$D$4),"Leve",IF(OR(O14='Tabla Impacto'!$C$5,O14='Tabla Impacto'!$D$5),"Menor",IF(OR(O14='Tabla Impacto'!$C$6,O14='Tabla Impacto'!$D$6),"Moderado",IF(OR(O14='Tabla Impacto'!$C$7,O14='Tabla Impacto'!$D$7),"Mayor",IF(OR(O14='Tabla Impacto'!$C$8,O14='Tabla Impacto'!$D$8),"Catastrófico",""))))) -> Mayor | Q14: =IF(P14="","",IF(P14="Leve",0.2,IF(P14="Menor",0.4,IF(P14="Moderado",0.6,IF(P14="Mayor",0.8,IF(P14="Catastrófico",1,)))))) -> 0.8 | R14: =IF(OR(AND(L14="Muy Baja",P14="Leve"),AND(L14="Muy Baja",P14="Menor"),AND(L14="Baja",P14="Leve")),"Bajo",IF(OR(AND(L14="Muy baja",P14="Moderado"),AND(L14="Baja",P14="Menor"),AND(L14="Baja",P14="Moderado"),AND(L14="Media",P14="Leve"),AND(L14="Media",P14="Menor"),AND(L14="Media",P14="Moderado"),AND(L14="Alta",P14="Leve"),AND(L14="Alta",P14="Menor")),"Moderado",IF(OR(AND(L14="Muy Baja",P14="Mayor"),AND(L14="Baja",P14="Mayor"),AND(L14="Media",P14="Mayor"),AND(L14="Alta",P14="Moderado"),AND(L14="Alta",P14="Mayor"),AND(L14="Muy Alta",P14="Leve"),AND(L14="Muy Alta",P14="Menor"),AND(L14="Muy Alta",P14="Moderado"),AND(L14="Muy Alta",P14="Mayor")),"Alto",IF(OR(AND(L14="Muy Baja",P14="Catastrófico"),AND(L14="Baja",P14="Catastrófico"),AND(L14="Media",P14="Catastrófico"),AND(L14="Alta",P14="Catastrófico"),AND(L14="Muy Alta",P14="Catastrófico")),"Extremo","")))) -> Alto | S14: 1 | T14: La trabajadora social de la Dirección de Servicio al cliente verifica en cada proyecto de preinversión el Análisis del AIU (Administración Imprevistos y Utilidades) presentado por la consultoría y remitido por la Dirección de operaciones y proyectos especiales, si dentro de los gastos generales de mano de obra y gastos de oficina, incluye la vinculación de un profesional social y la dedicación de tiempo de acuerdo a la Guía de intervención social. En caso que no se cuente con la presupuestación de un profesional social, se solicita a través de comunicación interna la vinculación respectiva. | U14: Probabilidad | V14: Preventivo | W14: Manual | X14: =IF(AND(V14="Preventivo",W14="Automático"),"50%",IF(AND(V14="Preventivo",W14="Manual"),"40%",IF(AND(V14="Detectivo",W14="Automático"),"40%",IF(AND(V14="Detectivo",W14="Manual"),"30%",IF(AND(V14="Correctivo",W14="Automático"),"35%",IF(AND(V14="Correctivo",W14="Manual"),"25%","")))))) -> 40% | Y14: Documentado | Z14: Continua | AA14: Sin Registro | AB14: =IFERROR(IF(U14="Probabilidad",(M14-(+M14*X14)),IF(U14="Impacto",M14,"")),"") -> 0.36 | AC14: =IFERROR(IF(AB14="","",IF(AB14<=0.2,"Muy Baja",IF(AB14<=0.4,"Baja",IF(AB14<=0.6,"Media",IF(AB14<=0.8,"Alta","Muy Alta"))))),"") -> Baja | AD14: =+AB14 -> 0.36 | AE14: =IFERROR(IF(AF14="","",IF(AF14<=0.2,"Leve",IF(AF14<=0.4,"Menor",IF(AF14<=0.6,"Moderado",IF(AF14<=0.8,"Mayor","Catastrófico"))))),"") -> Mayor | AF14: =IFERROR(IF(U14="Impacto",(Q14-(+Q14*X14)),IF(U14="Probabilidad",Q14,"")),"") -> 0.8 | AG14: =IFERROR(IF(OR(AND(AC14="Muy Baja",AE14="Leve"),AND(AC14="Muy Baja",AE14="Menor"),AND(AC14="Baja",AE14="Leve")),"Bajo",IF(OR(AND(AC14="Muy baja",AE14="Moderado"),AND(AC14="Baja",AE14="Menor"),AND(AC14="Baja",AE14="Moderado"),AND(AC14="Media",AE14="Leve"),AND(AC14="Media",AE14="Menor"),AND(AC14="Media",AE14="Moderado"),AND(AC14="Alta",AE14="Leve"),AND(AC14="Alta",AE14="Menor")),"Moderado",IF(OR(AND(AC14="Muy Baja",AE14="Mayor"),AND(AC14="Baja",AE14="Mayor"),AND(AC14="Media",AE14="Mayor"),AND(AC14="Alta",AE14="Moderado"),AND(AC14="Alta",AE14="Mayor"),AND(AC14="Muy Alta",AE14="Leve"),AND(AC14="Muy Alta",AE14="Menor"),AND(AC14="Muy Alta",AE14="Moderado"),AND(AC14="Muy Alta",AE14="Mayor")),"Alto",IF(OR(AND(AC14="Muy Baja",AE14="Catastrófico"),AND(AC14="Baja",AE14="Catastrófico"),AND(AC14="Media",AE14="Catastrófico"),AND(AC14="Alta",AE14="Catastrófico"),AND(AC14="Muy Alta",AE14="Catastrófico")),"Extremo","")))),"") -> Alto | AH14: Reducir (mitigar) | AI14: 1. Estructurar propuesta para el ajuste de Procedimiento de gestión de proyectos y formato GP-F091 para incluir visto bueno del componente social a los proyectos | AJ14: Dirección de Servicio al Cliente | AK14: 01/06/2021 al 30/09/2021 | AL14: 31/08/2021 31/12/2021 | AN14: En curso | AU14: x | BQ14: Dirección de Finanzas y Presupuesto
S15: 2 | T15: La trabajadora social de la Dirección de Servicio al cliente verifica en la etapa de inversión de cada proyecto, la vinculación de profesionales sociales del área contratista e interventoría, de acuerdo con la revisión del contrato o convenio establecido para la ejecución de la obra y en caso de no evidenciar el profesional social, notifica a la Dirección de Interventoría y Subgerencia Técnica la inexistencia de acompañamiento social en la obra. | U15: Probabilidad | V15: Detectivo | W15: Manual | X15: =IF(AND(V15="Preventivo",W15="Automático"),"50%",IF(AND(V15="Preventivo",W15="Manual"),"40%",IF(AND(V15="Detectivo",W15="Automático"),"40%",IF(AND(V15="Detectivo",W15="Manual"),"30%",IF(AND(V15="Correctivo",W15="Automático"),"35%",IF(AND(V15="Correctivo",W15="Manual"),"25%","")))))) -> 30% | Y15: Sin Documentar | Z15: Continua | AA15: Sin Registro | AB15: =IFERROR(IF(U15="Probabilidad",(AB14-(+AB14*X15)),IF(U15="Impacto",AB14,"")),"") -> 0.252 | AC15: =IFERROR(IF(AB15="","",IF(AB15<=0.2,"Muy Baja",IF(AB15<=0.4,"Baja",IF(AB15<=0.6,"Media",IF(AB15<=0.8,"Alta","Muy Alta"))))),"") -> Baja | AD15: =+AB15 -> 0.252 | AE15: =IFERROR(IF(AF15="","",IF(AF15<=0.2,"Leve",IF(AF15<=0.4,"Menor",IF(AF15<=0.6,"Moderado",IF(AF15<=0.8,"Mayor","Catastrófico"))))),"") -> Mayor | AF15: =IFERROR(IF(U15="Impacto",(Q14-(+Q14*X15)),IF(U15="Probabilidad",Q14,"")),"") -> 0.8 | AG15: =IFERROR(IF(OR(AND(AC15="Muy Baja",AE15="Leve"),AND(AC15="Muy Baja",AE15="Menor"),AND(AC15="Baja",AE15="Leve")),"Bajo",IF(OR(AND(AC15="Muy baja",AE15="Moderado"),AND(AC15="Baja",AE15="Menor"),AND(AC15="Baja",AE15="Moderado"),AND(AC15="Media",AE15="Leve"),AND(AC15="Media",AE15="Menor"),AND(AC15="Media",AE15="Moderado"),AND(AC15="Alta",AE15="Leve"),AND(AC15="Alta",AE15="Menor")),"Moderado",IF(OR(AND(AC15="Muy Baja",AE15="Mayor"),AND(AC15="Baja",AE15="Mayor"),AND(AC15="Media",AE15="Mayor"),AND(AC15="Alta",AE15="Moderado"),AND(AC15="Alta",AE15="Mayor"),AND(AC15="Muy Alta",AE15="Leve"),AND(AC15="Muy Alta",AE15="Menor"),AND(AC15="Muy Alta",AE15="Moderado"),AND(AC15="Muy Alta",AE15="Mayor")),"Alto",IF(OR(AND(AC15="Muy Baja",AE15="Catastrófico"),AND(AC15="Baja",AE15="Catastrófico"),AND(AC15="Media",AE15="Catastrófico"),AND(AC15="Alta",AE15="Catastrófico"),AND(AC15="Muy Alta",AE15="Catastrófico")),"Extremo","")))),"") -> Alto | AH15: Reducir (mitigar) | AI15: 1. Estructurar propuesta para el ajuste de Procedimiento de gestión contractual y formato GC-F181 para la inclusión de profesionales sociales en la solicitud de contratación y estudios previos para la adecuada implementación de la Guía de Intervención Social 2. Diseñar una estrategia comunicativa en la que se explique la importancia de la vinculación de profesionales sociales en las obras que se adelantan para el sector de agua potable y saneamiento básico | AJ15: Dirección de Servicio al Cliente | AK15: 01/06/2021 al 30/09/2021 | AL15: 31/08/2021 31/12/2021 | AN15: En curso | AT15: x | AU15: x | BQ15: Dirección de Contabilidad
A16: Gestión de proyectos | B16: Garantizar la gestión integral y eficiente de proyectos de agua potable y saneamiento básico para satisfacer nuestras partes interesadas. | C16: Inicia con la validación y priorización de necesidades y finaliza con la entrega a satisfacción de los proyectos diseñados y ejecutados. | D16: Dirección de Asuntos Ambientales | E16: 1 | F16: Reputacional | G16: Aplicación de investigación o sanción por parte del ente regulador | H16: Debido a la entrega y/o aprobación inoportuno de los instrumentos de planificación ambiental | I16: Posibilidad de afectación reputacional y/o económica por investigaciones o sanciones por parte del ente regulador, debido a la entrega y/o aprobación inoportuna de los instrumentos de planificación ambiental o que los mismos no sean aprobados por la Autoridad Ambiental Competente. | J16: Ejecución y Administración de Procesos | K16: 15 | L16: =IF(K16<=0,"",IF(K16<=2,"Muy Baja",IF(K16<=24,"Baja",IF(K16<=500,"Media",IF(K16<=5000,"Alta","Muy Alta"))))) -> Baja | M16: =IF(L16="","",IF(L16="Muy Baja",0.2,IF(L16="Baja",0.4,IF(L16="Media",0.6,IF(L16="Alta",0.8,IF(L16="Muy Alta",1,)))))) -> 0.4 | N16: ='Tabla Impacto'!D7 -> El riesgo afecta la imagen de de la entidad con efecto publicitario sostenido a nivel de sector administrativo, nivel departamental o municipal | O16: =IF(NOT(ISERROR(MATCH(N16,'Tabla Impacto'!$B$210:$B$219,0))),'Tabla Impacto'!$F$210&"Por favor no seleccionar los criterios de impacto(Afectación Económica o presupuestal y Pérdida Reputacional)",N16) -> El riesgo afecta la imagen de de la entidad con efecto publicitario sostenido a nivel de sector administrativo, nivel departamental o municipal | P16: =IF(OR(O16='Tabla Impacto'!$C$4,O16='Tabla Impacto'!$D$4),"Leve",IF(OR(O16='Tabla Impacto'!$C$5,O16='Tabla Impacto'!$D$5),"Menor",IF(OR(O16='Tabla Impacto'!$C$6,O16='Tabla Impacto'!$D$6),"Moderado",IF(OR(O16='Tabla Impacto'!$C$7,O16='Tabla Impacto'!$D$7),"Mayor",IF(OR(O16='Tabla Impacto'!$C$8,O16='Tabla Impacto'!$D$8),"Catastrófico",""))))) -> Mayor | Q16: =IF(P16="","",IF(P16="Leve",0.2,IF(P16="Menor",0.4,IF(P16="Moderado",0.6,IF(P16="Mayor",0.8,IF(P16="Catastrófico",1,)))))) -> 0.8 | R16: =IF(OR(AND(L16="Muy Baja",P16="Leve"),AND(L16="Muy Baja",P16="Menor"),AND(L16="Baja",P16="Leve")),"Bajo",IF(OR(AND(L16="Muy baja",P16="Moderado"),AND(L16="Baja",P16="Menor"),AND(L16="Baja",P16="Moderado"),AND(L16="Media",P16="Leve"),AND(L16="Media",P16="Menor"),AND(L16="Media",P16="Moderado"),AND(L16="Alta",P16="Leve"),AND(L16="Alta",P16="Menor")),"Moderado",IF(OR(AND(L16="Muy Baja",P16="Mayor"),AND(L16="Baja",P16="Mayor"),AND(L16="Media",P16="Mayor"),AND(L16="Alta",P16="Moderado"),AND(L16="Alta",P16="Mayor"),AND(L16="Muy Alta",P16="Leve"),AND(L16="Muy Alta",P16="Menor"),AND(L16="Muy Alta",P16="Moderado"),AND(L16="Muy Alta",P16="Mayor")),"Alto",IF(OR(AND(L16="Muy Baja",P16="Catastrófico"),AND(L16="Baja",P16="Catastrófico"),AND(L16="Media",P16="Catastrófico"),AND(L16="Alta",P16="Catastrófico"),AND(L16="Muy Alta",P16="Catastrófico")),"Extremo","")))) -> Alto | S16: 1 | T16: El profesional de asuntos ambientales programa y ejecuta reuniones con el municipio y realiza visitas técnicas para la adecuada planeación del proyecto | U16: =IF(OR(V16="Preventivo",V16="Detectivo"),"Probabilidad",IF(V16="Correctivo","Impacto","")) -> Probabilidad | V16: Preventivo | W16: Manual | X16: =IF(AND(V16="Preventivo",W16="Automático"),"50%",IF(AND(V16="Preventivo",W16="Manual"),"40%",IF(AND(V16="Detectivo",W16="Automático"),"40%",IF(AND(V16="Detectivo",W16="Manual"),"30%",IF(AND(V16="Correctivo",W16="Automático"),"35%",IF(AND(V16="Correctivo",W16="Manual"),"25%","")))))) -> 40% | Y16: Documentado | Z16: Aleatoria | AA16: Con Registro | AB16: =IFERROR(IF(U16="Probabilidad",(M16-(+M16*X16)),IF(U16="Impacto",M16,"")),"") -> 0.24 | AC16: =IFERROR(IF(AB16="","",IF(AB16<=0.2,"Muy Baja",IF(AB16<=0.4,"Baja",IF(AB16<=0.6,"Media",IF(AB16<=0.8,"Alta","Muy Alta"))))),"") -> Baja | AD16: =+AB16 -> 0.24 | AE16: =IFERROR(IF(AF16="","",IF(AF16<=0.2,"Leve",IF(AF16<=0.4,"Menor",IF(AF16<=0.6,"Moderado",IF(AF16<=0.8,"Mayor","Catastrófico"))))),"") -> Mayor | AF16: =IFERROR(IF(U16="Impacto",(Q16-(+Q16*X16)),IF(U16="Probabilidad",Q16,"")),"") -> 0.8 | AG16: =IFERROR(IF(OR(AND(AC16="Muy Baja",AE16="Leve"),AND(AC16="Muy Baja",AE16="Menor"),AND(AC16="Baja",AE16="Leve")),"Bajo",IF(OR(AND(AC16="Muy baja",AE16="Moderado"),AND(AC16="Baja",AE16="Menor"),AND(AC16="Baja",AE16="Moderado"),AND(AC16="Media",AE16="Leve"),AND(AC16="Media",AE16="Menor"),AND(AC16="Media",AE16="Moderado"),AND(AC16="Alta",AE16="Leve"),AND(AC16="Alta",AE16="Menor")),"Moderado",IF(OR(AND(AC16="Muy Baja",AE16="Mayor"),AND(AC16="Baja",AE16="Mayor"),AND(AC16="Media",AE16="Mayor"),AND(AC16="Alta",AE16="Moderado"),AND(AC16="Alta",AE16="Mayor"),AND(AC16="Muy Alta",AE16="Leve"),AND(AC16="Muy Alta",AE16="Menor"),AND(AC16="Muy Alta",AE16="Moderado"),AND(AC16="Muy Alta",AE16="Mayor")),"Alto",IF(OR(AND(AC16="Muy Baja",AE16="Catastrófico"),AND(AC16="Baja",AE16="Catastrófico"),AND(AC16="Media",AE16="Catastrófico"),AND(AC16="Alta",AE16="Catastrófico"),AND(AC16="Muy Alta",AE16="Catastrófico")),"Extremo","")))),"") -> Alto | AH16: Reducir (mitigar) | AI16: Cronograma | AJ16: Dirección de Asuntos Ambientales | AK16: Enero 2021 - Diciembre 2021 | AL16: Mensualmente | AN16: En curso | AT16: X | AU16: X
S17: 2 | T17: El profesional de asuntos ambientales en conjunto con la interventoría realiza el seguimiento a la ejecución de los instrumentos ambientales con el fin de obtener un producto conforme a las especificaciones | U17: =IF(OR(V17="Preventivo",V17="Detectivo"),"Probabilidad",IF(V17="Correctivo","Impacto","")) -> Probabilidad | V17: Detectivo | W17: Manual | X17: =IF(AND(V17="Preventivo",W17="Automático"),"50%",IF(AND(V17="Preventivo",W17="Manual"),"40%",IF(AND(V17="Detectivo",W17="Automático"),"40%",IF(AND(V17="Detectivo",W17="Manual"),"30%",IF(AND(V17="Correctivo",W17="Automático"),"35%",IF(AND(V17="Correctivo",W17="Manual"),"25%","")))))) -> 30% | Y17: Documentado | Z17: Continua | AA17: Con Registro | AB17: =IFERROR(IF(U17="Probabilidad",(AB16-(+AB16*X17)),IF(U17="Impacto",M16,"")),"") -> 0.168 | AC17: =IFERROR(IF(AB17="","",IF(AB17<=0.2,"Muy Baja",IF(AB17<=0.4,"Baja",IF(AB17<=0.6,"Media",IF(AB17<=0.8,"Alta","Muy Alta"))))),"") -> Muy Baja | AD17: =+AB17 -> 0.168 | AE17: =IFERROR(IF(AF17="","",IF(AF17<=0.2,"Leve",IF(AF17<=0.4,"Menor",IF(AF17<=0.6,"Moderado",IF(AF17<=0.8,"Mayor","Catastrófico"))))),"") -> Mayor | AF17: =IFERROR(IF(U17="Impacto",(Q16-(+Q16*X17)),IF(U17="Probabilidad",Q16,"")),"") -> 0.8 | AG17: =IFERROR(IF(OR(AND(AC17="Muy Baja",AE17="Leve"),AND(AC17="Muy Baja",AE17="Menor"),AND(AC17="Baja",AE17="Leve")),"Bajo",IF(OR(AND(AC17="Muy baja",AE17="Moderado"),AND(AC17="Baja",AE17="Menor"),AND(AC17="Baja",AE17="Moderado"),AND(AC17="Media",AE17="Leve"),AND(AC17="Media",AE17="Menor"),AND(AC17="Media",AE17="Moderado"),AND(AC17="Alta",AE17="Leve"),AND(AC17="Alta",AE17="Menor")),"Moderado",IF(OR(AND(AC17="Muy Baja",AE17="Mayor"),AND(AC17="Baja",AE17="Mayor"),AND(AC17="Media",AE17="Mayor"),AND(AC17="Alta",AE17="Moderado"),AND(AC17="Alta",AE17="Mayor"),AND(AC17="Muy Alta",AE17="Leve"),AND(AC17="Muy Alta",AE17="Menor"),AND(AC17="Muy Alta",AE17="Moderado"),AND(AC17="Muy Alta",AE17="Mayor")),"Alto",IF(OR(AND(AC17="Muy Baja",AE17="Catastrófico"),AND(AC17="Baja",AE17="Catastrófico"),AND(AC17="Media",AE17="Catastrófico"),AND(AC17="Alta",AE17="Catastrófico"),AND(AC17="Muy Alta",AE17="Catastrófico")),"Extremo","")))),"") -> Alto | AH17: Reducir (mitigar) | AJ17: Dirección de Asuntos Ambientales | AK17: Enero 2021 - Diciembre 2021 | AL17: Mensualmente | AN17: En curso | AT17: X | AU17: X
S18: 3 | T18: El profesional de asuntos ambientales, la interventoría y el municipio ejecutan reuniones con la autoridad ambiental competente para realizar las debidas subsanaciones a que haya a lugar y obtener la aprobación del producto | U18: Impacto | V18: Correctivo | W18: Manual | X18: =IF(AND(V18="Preventivo",W18="Automático"),"50%",IF(AND(V18="Preventivo",W18="Manual"),"40%",IF(AND(V18="Detectivo",W18="Automático"),"40%",IF(AND(V18="Detectivo",W18="Manual"),"30%",IF(AND(V18="Correctivo",W18="Automático"),"35%",IF(AND(V18="Correctivo",W18="Manual"),"25%","")))))) -> 25% | Y18: Documentado | Z18: Aleatoria | AA18: Con Registro | AB18: =IFERROR(IF(U18="Probabilidad",(AB17-(+AB17*X18)),IF(U18="Impacto",AB17,"")),"") -> 0.168 | AC18: =IFERROR(IF(AB18="","",IF(AB18<=0.2,"Muy Baja",IF(AB18<=0.4,"Baja",IF(AB18<=0.6,"Media",IF(AB18<=0.8,"Alta","Muy Alta"))))),"") -> Muy Baja | AD18: =+AB18 -> 0.168 | AE18: =IFERROR(IF(AF18="","",IF(AF18<=0.2,"Leve",IF(AF18<=0.4,"Menor",IF(AF18<=0.6,"Moderado",IF(AF18<=0.8,"Mayor","Catastrófico"))))),"") -> Moderado | AF18: =IFERROR(IF(U18="Impacto",(Q16-(+Q16*X18)),IF(U18="Probabilidad",Q16,"")),"") -> 0.6 | AG18: =IFERROR(IF(OR(AND(AC18="Muy Baja",AE18="Leve"),AND(AC18="Muy Baja",AE18="Menor"),AND(AC18="Baja",AE18="Leve")),"Bajo",IF(OR(AND(AC18="Muy baja",AE18="Moderado"),AND(AC18="Baja",AE18="Menor"),AND(AC18="Baja",AE18="Moderado"),AND(AC18="Media",AE18="Leve"),AND(AC18="Media",AE18="Menor"),AND(AC18="Media",AE18="Moderado"),AND(AC18="Alta",AE18="Leve"),AND(AC18="Alta",AE18="Menor")),"Moderado",IF(OR(AND(AC18="Muy Baja",AE18="Mayor"),AND(AC18="Baja",AE18="Mayor"),AND(AC18="Media",AE18="Mayor"),AND(AC18="Alta",AE18="Moderado"),AND(AC18="Alta",AE18="Mayor"),AND(AC18="Muy Alta",AE18="Leve"),AND(AC18="Muy Alta",AE18="Menor"),AND(AC18="Muy Alta",AE18="Moderado"),AND(AC18="Muy Alta",AE18="Mayor")),"Alto",IF(OR(AND(AC18="Muy Baja",AE18="Catastrófico"),AND(AC18="Baja",AE18="Catastrófico"),AND(AC18="Media",AE18="Catastrófico"),AND(AC18="Alta",AE18="Catastrófico"),AND(AC18="Muy Alta",AE18="Catastrófico")),"Extremo","")))),"") -> Moderado | AH18: Reducir (mitigar) | AJ18: Dirección de Asuntos Ambientales | AK18: Enero 2021 - Diciembre 2021 | AL18: Trimestralmente | AN18: En curso | AT18: X | AU18: X
D19: Interventoría | E19: 1 | F19: Reputacional y Económico | G19: Aplicación de investigación o sanción por parte del ente regulador | H19: Debido ha demoras en contratación de obra e interventoría por falencias en la estructuración. | I19: Posibilidad de afectación reputacional y económica por investigaciones y sanciones por parte del ente regulador debido ha demoras en contratación de obra e interventoría por falencias en la estructuración. | J19: Ejecución y Administración de Procesos | K19: 78 | L19: =IF(K19<=0,"",IF(K19<=2,"Muy Baja",IF(K19<=24,"Baja",IF(K19<=500,"Media",IF(K19<=5000,"Alta","Muy Alta"))))) -> Media | M19: =IF(L19="","",IF(L19="Muy Baja",0.2,IF(L19="Baja",0.4,IF(L19="Media",0.6,IF(L19="Alta",0.8,IF(L19="Muy Alta",1,)))))) -> 0.6 | N19: Mayor a 500 SMLMV | O19: =IF(NOT(ISERROR(MATCH(N19,'[2]Tabla Impacto'!$B$221:$B$223,0))),'[2]Tabla Impacto'!$F$223&"Por favor no seleccionar los criterios de impacto(Afectación Económica o presupuestal y Pérdida Reputacional)",N19) -> Mayor a 500 SMLMV | P19: =IF(OR(O19='[2]Tabla Impacto'!$C$11,O19='[2]Tabla Impacto'!$D$11),"Leve",IF(OR(O19='[2]Tabla Impacto'!$C$12,O19='[2]Tabla Impacto'!$D$12),"Menor",IF(OR(O19='[2]Tabla Impacto'!$C$13,O19='[2]Tabla Impacto'!$D$13),"Moderado",IF(OR(O19='[2]Tabla Impacto'!$C$14,O19='[2]Tabla Impacto'!$D$14),"Mayor",IF(OR(O19='[2]Tabla Impacto'!$C$15,O19='[2]Tabla Impacto'!$D$15),"Catastrófico",""))))) -> Catastrófico | Q19: =IF(P19="","",IF(P19="Leve",0.2,IF(P19="Menor",0.4,IF(P19="Moderado",0.6,IF(P19="Mayor",0.8,IF(P19="Catastrófico",1,)))))) -> 1 | R19: =IF(OR(AND(L19="Muy Baja",P19="Leve"),AND(L19="Muy Baja",P19="Menor"),AND(L19="Baja",P19="Leve")),"Bajo",IF(OR(AND(L19="Muy baja",P19="Moderado"),AND(L19="Baja",P19="Menor"),AND(L19="Baja",P19="Moderado"),AND(L19="Media",P19="Leve"),AND(L19="Media",P19="Menor"),AND(L19="Media",P19="Moderado"),AND(L19="Alta",P19="Leve"),AND(L19="Alta",P19="Menor")),"Moderado",IF(OR(AND(L19="Muy Baja",P19="Mayor"),AND(L19="Baja",P19="Mayor"),AND(L19="Media",P19="Mayor"),AND(L19="Alta",P19="Moderado"),AND(L19="Alta",P19="Mayor"),AND(L19="Muy Alta",P19="Leve"),AND(L19="Muy Alta",P19="Menor"),AND(L19="Muy Alta",P19="Moderado"),AND(L19="Muy Alta",P19="Mayor")),"Alto",IF(OR(AND(L19="Muy Baja",P19="Catastrófico"),AND(L19="Baja",P19="Catastrófico"),AND(L19="Media",P19="Catastrófico"),AND(L19="Alta",P19="Catastrófico"),AND(L19="Muy Alta",P19="Catastrófico")),"Extremo","")))) -> Extremo | S19: 1 | T19: El profesional de la Dirección de Interventoría deberá realizar reunión con el área de Estructuración para realizar una validación previa a la contratación del proyecto. | U19: Probabilidad | V19: Preventivo | W19: Manual | X19: =IF(AND(V19="Preventivo",W19="Automático"),"50%",IF(AND(V19="Preventivo",W19="Manual"),"40%",IF(AND(V19="Detectivo",W19="Automático"),"40%",IF(AND(V19="Detectivo",W19="Manual"),"30%",IF(AND(V19="Correctivo",W19="Automático"),"35%",IF(AND(V19="Correctivo",W19="Manual"),"25%","")))))) -> 40% | Y19: Documentado | Z19: Continua | AA19: Con Registro | AB19: =IFERROR(IF(U19="Probabilidad",(M19-(+M19*X19)),IF(U19="Impacto",M19,"")),"") -> 0.36 | AC19: =IFERROR(IF(AB19="","",IF(AB19<=0.2,"Muy Baja",IF(AB19<=0.4,"Baja",IF(AB19<=0.6,"Media",IF(AB19<=0.8,"Alta","Muy Alta"))))),"") -> Baja | AD19: =+AB19 -> 0.36 | AE19: =IFERROR(IF(AF19="","",IF(AF19<=0.2,"Leve",IF(AF19<=0.4,"Menor",IF(AF19<=0.6,"Moderado",IF(AF19<=0.8,"Mayor","Catastrófico"))))),"") -> Catastrófico | AF19: =IFERROR(IF(U19="Impacto",(Q19-(+Q19*X19)),IF(U19="Probabilidad",Q19,"")),"") -> 1 | AG19: =IFERROR(IF(OR(AND(AC19="Muy Baja",AE19="Leve"),AND(AC19="Muy Baja",AE19="Menor"),AND(AC19="Baja",AE19="Leve")),"Bajo",IF(OR(AND(AC19="Muy baja",AE19="Moderado"),AND(AC19="Baja",AE19="Menor"),AND(AC19="Baja",AE19="Moderado"),AND(AC19="Media",AE19="Leve"),AND(AC19="Media",AE19="Menor"),AND(AC19="Media",AE19="Moderado"),AND(AC19="Alta",AE19="Leve"),AND(AC19="Alta",AE19="Menor")),"Moderado",IF(OR(AND(AC19="Muy Baja",AE19="Mayor"),AND(AC19="Baja",AE19="Mayor"),AND(AC19="Media",AE19="Mayor"),AND(AC19="Alta",AE19="Moderado"),AND(AC19="Alta",AE19="Mayor"),AND(AC19="Muy Alta",AE19="Leve"),AND(AC19="Muy Alta",AE19="Menor"),AND(AC19="Muy Alta",AE19="Moderado"),AND(AC19="Muy Alta",AE19="Mayor")),"Alto",IF(OR(AND(AC19="Muy Baja",AE19="Catastrófico"),AND(AC19="Baja",AE19="Catastrófico"),AND(AC19="Media",AE19="Catastrófico"),AND(AC19="Alta",AE19="Catastrófico"),AND(AC19="Muy Alta",AE19="Catastrófico")),"Extremo","")))),"") -> Extremo | AH19: Reducir (mitigar) | AI19: Cronograma de trabajo para proyectos en Ejecución con Falencias | AJ19: Dirección de Interventoría | AK19: Enero 2021 - Diciembre 2021 | AL19: Mensual | AN19: En curso | AT19: X | AU19: X
S20: 2 | T20: se realizan comités contantemente entre las partes (Municipio, Contratista, Interventoría y EPC'), con el fin de dar solución a situaciones que se presenten durante la ejecución de los proyectos como (permisos, temas prediales, entre otros) | U20: Impacto | V20: Correctivo | W20: Manual | X20: =IF(AND(V20="Preventivo",W20="Automático"),"50%",IF(AND(V20="Preventivo",W20="Manual"),"40%",IF(AND(V20="Detectivo",W20="Automático"),"40%",IF(AND(V20="Detectivo",W20="Manual"),"30%",IF(AND(V20="Correctivo",W20="Automático"),"35%",IF(AND(V20="Correctivo",W20="Manual"),"25%","")))))) -> 25% | Y20: Documentado | Z20: Aleatoria | AA20: Con Registro | AB20: =IFERROR(IF(U20="Probabilidad",(AB19-(+AB19*X20)),IF(U20="Impacto",AB19,"")),"") -> 0.36 | AC20: =IFERROR(IF(AB20="","",IF(AB20<=0.2,"Muy Baja",IF(AB20<=0.4,"Baja",IF(AB20<=0.6,"Media",IF(AB20<=0.8,"Alta","Muy Alta"))))),"") -> Baja | AD20: =+AB20 -> 0.36 | AE20: =IFERROR(IF(AF20="","",IF(AF20<=0.2,"Leve",IF(AF20<=0.4,"Menor",IF(AF20<=0.6,"Moderado",IF(AF20<=0.8,"Mayor","Catastrófico"))))),"") -> Mayor | AF20: =IFERROR(IF(U20="Impacto",(Q19-(+Q19*X20)),IF(U20="Probabilidad",Q19,"")),"") -> 0.75 | AG20: =IFERROR(IF(OR(AND(AC20="Muy Baja",AE20="Leve"),AND(AC20="Muy Baja",AE20="Menor"),AND(AC20="Baja",AE20="Leve")),"Bajo",IF(OR(AND(AC20="Muy baja",AE20="Moderado"),AND(AC20="Baja",AE20="Menor"),AND(AC20="Baja",AE20="Moderado"),AND(AC20="Media",AE20="Leve"),AND(AC20="Media",AE20="Menor"),AND(AC20="Media",AE20="Moderado"),AND(AC20="Alta",AE20="Leve"),AND(AC20="Alta",AE20="Menor")),"Moderado",IF(OR(AND(AC20="Muy Baja",AE20="Mayor"),AND(AC20="Baja",AE20="Mayor"),AND(AC20="Media",AE20="Mayor"),AND(AC20="Alta",AE20="Moderado"),AND(AC20="Alta",AE20="Mayor"),AND(AC20="Muy Alta",AE20="Leve"),AND(AC20="Muy Alta",AE20="Menor"),AND(AC20="Muy Alta",AE20="Moderado"),AND(AC20="Muy Alta",AE20="Mayor")),"Alto",IF(OR(AND(AC20="Muy Baja",AE20="Catastrófico"),AND(AC20="Baja",AE20="Catastrófico"),AND(AC20="Media",AE20="Catastrófico"),AND(AC20="Alta",AE20="Catastrófico"),AND(AC20="Muy Alta",AE20="Catastrófico")),"Extremo","")))),"") -> Alto | AH20: Reducir (mitigar) | AJ20: Dirección de Interventoría | AK20: Enero 2021 - Diciembre 2021 | AL20: Quincenal | AN20: En curso | AT20: X | AU20: X
S21: 3 | T21: Los profesionales adelantan seguimiento a los diferentes proyectos que se debe realizar reformulaciones para mayor alcance y operacionalizad. | U21: Impacto | V21: Correctivo | W21: Manual | X21: =IF(AND(V21="Preventivo",W21="Automático"),"50%",IF(AND(V21="Preventivo",W21="Manual"),"40%",IF(AND(V21="Detectivo",W21="Automático"),"40%",IF(AND(V21="Detectivo",W21="Manual"),"30%",IF(AND(V21="Correctivo",W21="Automático"),"35%",IF(AND(V21="Correctivo",W21="Manual"),"25%","")))))) -> 25% | Y21: Documentado | Z21: Aleatoria | AA21: Con Registro | AB21: =IFERROR(IF(U21="Probabilidad",(AB20-(+AB20*X21)),IF(U21="Impacto",AB20,"")),"") -> 0.36 | AC21: =IFERROR(IF(AB21="","",IF(AB21<=0.2,"Muy Baja",IF(AB21<=0.4,"Baja",IF(AB21<=0.6,"Media",IF(AB21<=0.8,"Alta","Muy Alta"))))),"") -> Baja | AD21: =+AB21 -> 0.36 | AE21: =IFERROR(IF(AF21="","",IF(AF21<=0.2,"Leve",IF(AF21<=0.4,"Menor",IF(AF21<=0.6,"Moderado",IF(AF21<=0.8,"Mayor","Catastrófico"))))),"") -> Moderado | AF21: =IFERROR(IF(U21="Impacto",(AF20-(+AF20*X21)),IF(U21="Probabilidad",AF20,"")),"") -> 0.5625 | AG21: =IFERROR(IF(OR(AND(AC21="Muy Baja",AE21="Leve"),AND(AC21="Muy Baja",AE21="Menor"),AND(AC21="Baja",AE21="Leve")),"Bajo",IF(OR(AND(AC21="Muy baja",AE21="Moderado"),AND(AC21="Baja",AE21="Menor"),AND(AC21="Baja",AE21="Moderado"),AND(AC21="Media",AE21="Leve"),AND(AC21="Media",AE21="Menor"),AND(AC21="Media",AE21="Moderado"),AND(AC21="Alta",AE21="Leve"),AND(AC21="Alta",AE21="Menor")),"Moderado",IF(OR(AND(AC21="Muy Baja",AE21="Mayor"),AND(AC21="Baja",AE21="Mayor"),AND(AC21="Media",AE21="Mayor"),AND(AC21="Alta",AE21="Moderado"),AND(AC21="Alta",AE21="Mayor"),AND(AC21="Muy Alta",AE21="Leve"),AND(AC21="Muy Alta",AE21="Menor"),AND(AC21="Muy Alta",AE21="Moderado"),AND(AC21="Muy Alta",AE21="Mayor")),"Alto",IF(OR(AND(AC21="Muy Baja",AE21="Catastrófico"),AND(AC21="Baja",AE21="Catastrófico"),AND(AC21="Media",AE21="Catastrófico"),AND(AC21="Alta",AE21="Catastrófico"),AND(AC21="Muy Alta",AE21="Catastrófico")),"Extremo","")))),"") -> Moderado | AH21: Reducir (mitigar) | AJ21: Dirección de Interventoría | AK21: Enero 2021 - Diciembre 2021 | AL21: Quincenal | AN21: En curso | AT21: X | AU21: X
E22: 2 | F22: Reputacional | G22: Demandas y quejas por parte de los contratistas o proveedores. | H22: Debido ha demoras en el tramite y pago de cuentas por parte del Supervisor y/o Profesional de Apoyo a la Supervisión de EPC. | I22: Posibilidad de afectación reputacional y económica por demandas y quejas por parte de los contratistas o proveedores debido ha demoras en el tramite y pago de cuentas. | J22: Ejecución y Administración de procesos | K22: 350 | L22: =IF(K22<=0,"",IF(K22<=2,"Muy Baja",IF(K22<=24,"Baja",IF(K22<=500,"Media",IF(K22<=5000,"Alta","Muy Alta"))))) -> Media | N22: Mayor a 500 SMLMV | O22: =IF(NOT(ISERROR(MATCH(N22,_xlfn.ANCHORARRAY(I22),0))),M22&"Por favor no seleccionar los criterios de impacto",N22) -> Mayor a 500 SMLMV | P22: =IF(OR(O22='Tabla Impacto'!$C$4,O22='Tabla Impacto'!$D$4),"Leve",IF(OR(O22='Tabla Impacto'!$C$5,O22='Tabla Impacto'!$D$5),"Menor",IF(OR(O22='Tabla Impacto'!$C$6,O22='Tabla Impacto'!$D$6),"Moderado",IF(OR(O22='Tabla Impacto'!$C$7,O22='Tabla Impacto'!$D$7),"Mayor",IF(OR(O22='Tabla Impacto'!$C$8,O22='Tabla Impacto'!$D$8),"Catastrófico",""))))) -> Catastrófico | Q22: =IF(P22="","",IF(P22="Leve",0.2,IF(P22="Menor",0.4,IF(P22="Moderado",0.6,IF(P22="Mayor",0.8,IF(P22="Catastrófico",1,)))))) -> 1 | R22: =IF(OR(AND(L22="Muy Baja",P22="Leve"),AND(L22="Muy Baja",P22="Menor"),AND(L22="Baja",P22="Leve")),"Bajo",IF(OR(AND(L22="Muy baja",P22="Moderado"),AND(L22="Baja",P22="Menor"),AND(L22="Baja",P22="Moderado"),AND(L22="Media",P22="Leve"),AND(L22="Media",P22="Menor"),AND(L22="Media",P22="Moderado"),AND(L22="Alta",P22="Leve"),AND(L22="Alta",P22="Menor")),"Moderado",IF(OR(AND(L22="Muy Baja",P22="Mayor"),AND(L22="Baja",P22="Mayor"),AND(L22="Media",P22="Mayor"),AND(L22="Alta",P22="Moderado"),AND(L22="Alta",P22="Mayor"),AND(L22="Muy Alta",P22="Leve"),AND(L22="Muy Alta",P22="Menor"),AND(L22="Muy Alta",P22="Moderado"),AND(L22="Muy Alta",P22="Mayor")),"Alto",IF(OR(AND(L22="Muy Baja",P22="Catastrófico"),AND(L22="Baja",P22="Catastrófico"),AND(L22="Media",P22="Catastrófico"),AND(L22="Alta",P22="Catastrófico"),AND(L22="Muy Alta",P22="Catastrófico")),"Extremo","")))) -> Extremo
E23: 3 | F23: Económico y Reputacional | G23: Aplicación de investigación o sanción por parte del ente regulador | H23: Un mal seguimiento y supervisión a la ejecución de la obra por parte de la Interventoría. | I23: Posibilidad de afectación reputacional y económica por investigaciones y sanciones por parte del ente regulador debido ha la mala supervisión a la ejecución de obra por parte de las interventorías. | J23: Usuarios, productos y practicas , organizacionales | K23: 66 | L23: =IF(K23<=0,"",IF(K19<=2,"Muy Baja",IF(K19<=24,"Baja",IF(K19<=500,"Media",IF(K19<=5000,"Alta","Muy Alta"))))) -> Media | M23: =IF(L23="","",IF(L19="Muy Baja",0.2,IF(L19="Baja",0.4,IF(L19="Media",0.6,IF(L19="Alta",0.8,IF(L19="Muy Alta",1,)))))) -> 0.6 | N23: Entre 50 y 100 SMLMV | O23: =IF(NOT(ISERROR(MATCH(N23,_xlfn.ANCHORARRAY(I34),0))),M36&"Por favor no seleccionar los criterios de impacto",N23) -> Entre 50 y 100 SMLMV | P23: =IF(OR(O23='[2]Tabla Impacto'!$C$11,O23='[2]Tabla Impacto'!$D$11),"Leve",IF(OR(O23='[2]Tabla Impacto'!$C$12,O23='[2]Tabla Impacto'!$D$12),"Menor",IF(OR(O23='[2]Tabla Impacto'!$C$13,O23='[2]Tabla Impacto'!$D$13),"Moderado",IF(OR(O23='[2]Tabla Impacto'!$C$14,O23='[2]Tabla Impacto'!$D$14),"Mayor",IF(OR(O23='[2]Tabla Impacto'!$C$15,O23='[2]Tabla Impacto'!$D$15),"Catastrófico",""))))) -> Moderado | Q23: =IF(P23="","",IF(P19="Leve",0.2,IF(P19="Menor",0.4,IF(P19="Moderado",0.6,IF(P19="Mayor",0.8,IF(P19="Catastrófico",1,)))))) -> 1 | R23: =IF(OR(AND(L23="Muy Baja",P23="Leve"),AND(L23="Muy Baja",P23="Menor"),AND(L23="Baja",P23="Leve")),"Bajo",IF(OR(AND(L23="Muy baja",P23="Moderado"),AND(L23="Baja",P23="Menor"),AND(L23="Baja",P23="Moderado"),AND(L23="Media",P23="Leve"),AND(L23="Media",P23="Menor"),AND(L23="Media",P23="Moderado"),AND(L23="Alta",P23="Leve"),AND(L23="Alta",P23="Menor")),"Moderado",IF(OR(AND(L19="Muy Baja",P23="Mayor"),AND(L23="Baja",P23="Mayor"),AND(L23="Media",P19="Mayor"),AND(L23="Alta",P19="Moderado"),AND(L19="Alta",P19="Mayor"),AND(L19="Muy Alta",P19="Leve"),AND(L19="Muy Alta",P19="Menor"),AND(L19="Muy Alta",P19="Moderado"),AND(L19="Muy Alta",P19="Mayor")),"Alto",IF(OR(AND(L19="Muy Baja",P19="Catastrófico"),AND(L19="Baja",P19="Catastrófico"),AND(L19="Media",P19="Catastrófico"),AND(L19="Alta",P19="Catastrófico"),AND(L19="Muy Alta",P19="Catastrófico")),"Extremo","")))) -> Moderado | S23: 6 | T23: Los profesionales adelantan seguimiento a los diferentes contrataciones de interventoría revisando de que se de cumplimiento a cada uno de sus actividades. | U23: =IF(OR(V23="Preventivo",V23="Detectivo"),"Probabilidad",IF(V23="Correctivo","Impacto","")) -> Impacto | V23: Correctivo | W23: Manual | X23: =IF(AND(V23="Preventivo",W23="Automático"),"50%",IF(AND(V23="Preventivo",W23="Manual"),"40%",IF(AND(V23="Detectivo",W23="Automático"),"40%",IF(AND(V23="Detectivo",W23="Manual"),"30%",IF(AND(V23="Correctivo",W23="Automático"),"35%",IF(AND(V23="Correctivo",W23="Manual"),"25%","")))))) -> 25% | Y23: Documentado | Z23: Aleatoria | AA23: Con Registro | AB23: =IFERROR(IF(U23="Probabilidad",(AB20-(+AB20*X23)),IF(U21="Impacto",AB20,"")),"") -> 0.36 | AC23: =IFERROR(IF(AB23="","",IF(AB23<=0.2,"Muy Baja",IF(AB23<=0.4,"Baja",IF(AB23<=0.6,"Media",IF(AB23<=0.8,"Alta","Muy Alta"))))),"") -> Baja | AD23: =+AB23 -> 0.36 | AE23: =IFERROR(IF(AF23="","",IF(AF23<=0.2,"Leve",IF(AF23<=0.4,"Menor",IF(AF23<=0.6,"Moderado",IF(AF23<=0.8,"Mayor","Catastrófico"))))),"") -> Moderado | AF23: =IFERROR(IF(U23="Impacto",(AF21-(+AF21*X23)),IF(U23="Probabilidad",AF21,"")),"") -> 0.421875 | AG23: =IFERROR(IF(OR(AND(AC23="Muy Baja",AE23="Leve"),AND(AC23="Muy Baja",AE23="Menor"),AND(AC23="Baja",AE23="Leve")),"Bajo",IF(OR(AND(AC23="Muy baja",AE23="Moderado"),AND(AC23="Baja",AE23="Menor"),AND(AC23="Baja",AE23="Moderado"),AND(AC23="Media",AE23="Leve"),AND(AC23="Media",AE23="Menor"),AND(AC23="Media",AE23="Moderado"),AND(AC23="Alta",AE23="Leve"),AND(AC23="Alta",AE23="Menor")),"Moderado",IF(OR(AND(AC23="Muy Baja",AE23="Mayor"),AND(AC23="Baja",AE23="Mayor"),AND(AC23="Media",AE23="Mayor"),AND(AC23="Alta",AE23="Moderado"),AND(AC23="Alta",AE23="Mayor"),AND(AC23="Muy Alta",AE23="Leve"),AND(AC23="Muy Alta",AE23="Menor"),AND(AC23="Muy Alta",AE23="Moderado"),AND(AC23="Muy Alta",AE23="Mayor")),"Alto",IF(OR(AND(AC23="Muy Baja",AE23="Catastrófico"),AND(AC23="Baja",AE23="Catastrófico"),AND(AC23="Media",AE23="Catastrófico"),AND(AC23="Alta",AE23="Catastrófico"),AND(AC23="Muy Alta",AE23="Catastrófico")),"Extremo","")))),"") -> Moderado | AH23: Reducir (mitigar) | AI23: Acta de reunión informes de supervisión | AJ23: Dirección de Interventoría | AK23: Enero 2021 - Diciembre 2021 | AL23: Quincenal | AN23: En curso | AT23: x | AU23: x
D24: Estructuración de proyectos | E24: 1 | F24: Reputacional | G24: Dependencia excesiva de la actuación sobre los productos (entiéndanse como entradas en la caracterización de los procesos) de otras dependencias, cuando los proyectos requieren ajustes por parte de los consultores y se presumían terminados. | H24: Proyectos deficientes por no cumplimiento de requisitos técnicos, económicos, legales y administrativos. | I24: Posibilidad de no viabilizarían de proyectos incumpliendo las metas del plan de desarrollo | J24: Ejecución y Administración de Procesos | K24: 15 | L24: =IF(K24<=0,"",IF(K24<=2,"Muy Baja",IF(K24<=24,"Baja",IF(K24<=500,"Media",IF(K24<=5000,"Alta","Muy Alta"))))) -> Baja | M24: =IF(L24="","",IF(L24="Muy Baja",0.2,IF(L24="Baja",0.4,IF(L24="Media",0.6,IF(L24="Alta",0.8,IF(L24="Muy Alta",1,)))))) -> 0.4 | N24: El riesgo afecta la imagen de la entidad con algunos usuarios de relevancia frente al logro de los objetivos | O24: =IF(NOT(ISERROR(MATCH(N24,_xlfn.ANCHORARRAY(I24),0))),M24&"Por favor no seleccionar los criterios de impacto",N24) -> El riesgo afecta la imagen de la entidad con algunos usuarios de relevancia frente al logro de los objetivos | P24: =IF(OR(O24='[1]Tabla Impacto'!$C$11,O24='[1]Tabla Impacto'!$D$11),"Leve",IF(OR(O24='[1]Tabla Impacto'!$C$12,O24='[1]Tabla Impacto'!$D$12),"Menor",IF(OR(O24='[1]Tabla Impacto'!$C$13,O24='[1]Tabla Impacto'!$D$13),"Moderado",IF(OR(O24='[1]Tabla Impacto'!$C$14,O24='[1]Tabla Impacto'!$D$14),"Mayor",IF(OR(O24='[1]Tabla Impacto'!$C$15,O24='[1]Tabla Impacto'!$D$15),"Catastrófico",""))))) -> Moderado | Q24: =IF(P24="","",IF(P24="Leve",0.2,IF(P24="Menor",0.4,IF(P24="Moderado",0.6,IF(P24="Mayor",0.8,IF(P24="Catastrófico",1,)))))) -> 0.6 | R24: =IF(OR(AND(L24="Muy Baja",P24="Leve"),AND(L24="Muy Baja",P24="Menor"),AND(L24="Baja",P24="Leve")),"Bajo",IF(OR(AND(L24="Muy baja",P24="Moderado"),AND(L24="Baja",P24="Menor"),AND(L24="Baja",P24="Moderado"),AND(L24="Media",P24="Leve"),AND(L24="Media",P24="Menor"),AND(L24="Media",P24="Moderado"),AND(L24="Alta",P24="Leve"),AND(L24="Alta",P24="Menor")),"Moderado",IF(OR(AND(L24="Muy Baja",P24="Mayor"),AND(L24="Baja",P24="Mayor"),AND(L24="Media",P24="Mayor"),AND(L24="Alta",P24="Moderado"),AND(L24="Alta",P24="Mayor"),AND(L24="Muy Alta",P24="Leve"),AND(L24="Muy Alta",P24="Menor"),AND(L24="Muy Alta",P24="Moderado"),AND(L24="Muy Alta",P24="Mayor")),"Alto",IF(OR(AND(L24="Muy Baja",P24="Catastrófico"),AND(L24="Baja",P24="Catastrófico"),AND(L24="Media",P24="Catastrófico"),AND(L24="Alta",P24="Catastrófico"),AND(L24="Muy Alta",P24="Catastrófico")),"Extremo","")))) -> Moderado | S24: 1 | T24: El profesional encargado de la Dirección de Estructuración de proyectos, realiza mesas de trabajo con las Direcciones de Operativa y Proyectos Especiales e Interventoría, con el fin de mirar a detalle cada uno de los componentes en compañía de los especialistas para que no queden temas pendientes o mal estructurados | U24: Probabilidad | V24: Preventivo | W24: Manual | X24: =IF(AND(V24="Preventivo",W24="Automático"),"50%",IF(AND(V24="Preventivo",W24="Manual"),"40%",IF(AND(V24="Detectivo",W24="Automático"),"40%",IF(AND(V24="Detectivo",W24="Manual"),"30%",IF(AND(V24="Correctivo",W24="Automático"),"35%",IF(AND(V24="Correctivo",W24="Manual"),"25%","")))))) -> 40% | Y24: Documentado | Z24: Continua | AA24: Con Registro | AB24: =IFERROR(IF(U24="Probabilidad",(M24-(+M24*X24)),IF(U24="Impacto",M24,"")),"") -> 0.24 | AC24: =IFERROR(IF(AB24="","",IF(AB24<=0.2,"Muy Baja",IF(AB24<=0.4,"Baja",IF(AB24<=0.6,"Media",IF(AB24<=0.8,"Alta","Muy Alta"))))),"") -> Baja | AD24: =+AB24 -> 0.24 | AE24: =IFERROR(IF(AF24="","",IF(AF24<=0.2,"Leve",IF(AF24<=0.4,"Menor",IF(AF24<=0.6,"Moderado",IF(AF24<=0.8,"Mayor","Catastrófico"))))),"") -> Moderado | AF24: =IFERROR(IF(U24="Impacto",(Q24-(+Q24*X24)),IF(U24="Probabilidad",Q24,"")),"") -> 0.6 | AG24: =IFERROR(IF(OR(AND(AC24="Muy Baja",AE24="Leve"),AND(AC24="Muy Baja",AE24="Menor"),AND(AC24="Baja",AE24="Leve")),"Bajo",IF(OR(AND(AC24="Muy baja",AE24="Moderado"),AND(AC24="Baja",AE24="Menor"),AND(AC24="Baja",AE24="Moderado"),AND(AC24="Media",AE24="Leve"),AND(AC24="Media",AE24="Menor"),AND(AC24="Media",AE24="Moderado"),AND(AC24="Alta",AE24="Leve"),AND(AC24="Alta",AE24="Menor")),"Moderado",IF(OR(AND(AC24="Muy Baja",AE24="Mayor"),AND(AC24="Baja",AE24="Mayor"),AND(AC24="Media",AE24="Mayor"),AND(AC24="Alta",AE24="Moderado"),AND(AC24="Alta",AE24="Mayor"),AND(AC24="Muy Alta",AE24="Leve"),AND(AC24="Muy Alta",AE24="Menor"),AND(AC24="Muy Alta",AE24="Moderado"),AND(AC24="Muy Alta",AE24="Mayor")),"Alto",IF(OR(AND(AC24="Muy Baja",AE24="Catastrófico"),AND(AC24="Baja",AE24="Catastrófico"),AND(AC24="Media",AE24="Catastrófico"),AND(AC24="Alta",AE24="Catastrófico"),AND(AC24="Muy Alta",AE24="Catastrófico")),"Extremo","")))),"") -> Moderado | AH24: Reducir (mitigar) | AI24: Fortalecer las acciones de inspección, vigilancia y control en las etapas para el alistamiento, estructuración y viabilidad de los proyectos, a través de mesas de trabajo de la dirección así como la interacción con las demás direcciones que contribuyen al logro del objetivo del proceso | AJ24: Dirección de Estructuración de Proyectos | AK24: Enero-Diciembre | AL24: Enero-Diciembre | AN24: En curso | AT24: X | AU24: X
S25: 2 | T25: El profesional encargado de la Dirección de Estructuración de proyectos realiza visitas a los Municipios con el fin de verificar el estado de los requisitos técnicos, ambientales, prediales, sociales y demás requeridos para el desarrollo del proyecto y de esta manera determinar la pertinencia de continuidad. | U25: Probabilidad | V25: Preventivo | W25: Manual | X25: =IF(AND(V25="Preventivo",W25="Automático"),"50%",IF(AND(V25="Preventivo",W25="Manual"),"40%",IF(AND(V25="Detectivo",W25="Automático"),"40%",IF(AND(V25="Detectivo",W25="Manual"),"30%",IF(AND(V25="Correctivo",W25="Automático"),"35%",IF(AND(V25="Correctivo",W25="Manual"),"25%","")))))) -> 40% | Y25: Documentado | Z25: Continua | AA25: Con Registro | AB25: =IFERROR(IF(U25="Probabilidad",(AB24-(+AB24*X25)),IF(U25="Impacto",AB24,"")),"") -> 0.144 | AC25: =IFERROR(IF(AB25="","",IF(AB25<=0.2,"Muy Baja",IF(AB25<=0.4,"Baja",IF(AB25<=0.6,"Media",IF(AB25<=0.8,"Alta","Muy Alta"))))),"") -> Muy Baja | AD25: =+AB25 -> 0.144 | AE25: =IFERROR(IF(AF25="","",IF(AF25<=0.2,"Leve",IF(AF25<=0.4,"Menor",IF(AF25<=0.6,"Moderado",IF(AF25<=0.8,"Mayor","Catastrófico"))))),"") -> Moderado | AF25: =IFERROR(IF(U25="Impacto",(Q24-(+Q24*X25)),IF(U25="Probabilidad",Q24,"")),"") -> 0.6 | AG25: =IFERROR(IF(OR(AND(AC25="Muy Baja",AE25="Leve"),AND(AC25="Muy Baja",AE25="Menor"),AND(AC25="Baja",AE25="Leve")),"Bajo",IF(OR(AND(AC25="Muy baja",AE25="Moderado"),AND(AC25="Baja",AE25="Menor"),AND(AC25="Baja",AE25="Moderado"),AND(AC25="Media",AE25="Leve"),AND(AC25="Media",AE25="Menor"),AND(AC25="Media",AE25="Moderado"),AND(AC25="Alta",AE25="Leve"),AND(AC25="Alta",AE25="Menor")),"Moderado",IF(OR(AND(AC25="Muy Baja",AE25="Mayor"),AND(AC25="Baja",AE25="Mayor"),AND(AC25="Media",AE25="Mayor"),AND(AC25="Alta",AE25="Moderado"),AND(AC25="Alta",AE25="Mayor"),AND(AC25="Muy Alta",AE25="Leve"),AND(AC25="Muy Alta",AE25="Menor"),AND(AC25="Muy Alta",AE25="Moderado"),AND(AC25="Muy Alta",AE25="Mayor")),"Alto",IF(OR(AND(AC25="Muy Baja",AE25="Catastrófico"),AND(AC25="Baja",AE25="Catastrófico"),AND(AC25="Media",AE25="Catastrófico"),AND(AC25="Alta",AE25="Catastrófico"),AND(AC25="Muy Alta",AE25="Catastrófico")),"Extremo","")))),"") -> Moderado | AH25: Reducir (mitigar) | AJ25: Dirección de Estructuración de Proyectos | AK25: Enero-Diciembre | AL25: Enero-Diciembre | AN25: En curso | AT25: X | AU25: X
S26: 3 | T26: El profesional encargado de la Dirección de Estructuración de proyectos realiza mesas de trabajo entre el Municipio, Consultor y DOPE , en las cuales se realiza la revisión de la lista de chequeo para que alleguen la información faltante, de acuerdo a cada uno de los componentes, así mismo con los ajustes realizados por el consultor y/o municipio | U26: Probabilidad | V26: Preventivo | W26: Manual | X26: =IF(AND(V26="Preventivo",W26="Automático"),"50%",IF(AND(V26="Preventivo",W26="Manual"),"40%",IF(AND(V26="Detectivo",W26="Automático"),"40%",IF(AND(V26="Detectivo",W26="Manual"),"30%",IF(AND(V26="Correctivo",W26="Automático"),"35%",IF(AND(V26="Correctivo",W26="Manual"),"25%","")))))) -> 40% | Y26: Documentado | Z26: Continua | AA26: Con Registro | AB26: =IFERROR(IF(U26="Probabilidad",(AB25-(+AB25*X26)),IF(U26="Impacto",AB25,"")),"") -> 0.0864 | AC26: =IFERROR(IF(AB26="","",IF(AB26<=0.2,"Muy Baja",IF(AB26<=0.4,"Baja",IF(AB26<=0.6,"Media",IF(AB26<=0.8,"Alta","Muy Alta"))))),"") -> Muy Baja | AD26: =+AB26 -> 0.0864 | AE26: =IFERROR(IF(AF26="","",IF(AF26<=0.2,"Leve",IF(AF26<=0.4,"Menor",IF(AF26<=0.6,"Moderado",IF(AF26<=0.8,"Mayor","Catastrófico"))))),"") -> Leve | AF26: =IFERROR(IF(U26="Impacto",(Q25-(+Q25*X26)),IF(U26="Probabilidad",Q25,"")),"") -> 0 | AG26: =IFERROR(IF(OR(AND(AC26="Muy Baja",AE26="Leve"),AND(AC26="Muy Baja",AE26="Menor"),AND(AC26="Baja",AE26="Leve")),"Bajo",IF(OR(AND(AC26="Muy baja",AE26="Moderado"),AND(AC26="Baja",AE26="Menor"),AND(AC26="Baja",AE26="Moderado"),AND(AC26="Media",AE26="Leve"),AND(AC26="Media",AE26="Menor"),AND(AC26="Media",AE26="Moderado"),AND(AC26="Alta",AE26="Leve"),AND(AC26="Alta",AE26="Menor")),"Moderado",IF(OR(AND(AC26="Muy Baja",AE26="Mayor"),AND(AC26="Baja",AE26="Mayor"),AND(AC26="Media",AE26="Mayor"),AND(AC26="Alta",AE26="Moderado"),AND(AC26="Alta",AE26="Mayor"),AND(AC26="Muy Alta",AE26="Leve"),AND(AC26="Muy Alta",AE26="Menor"),AND(AC26="Muy Alta",AE26="Moderado"),AND(AC26="Muy Alta",AE26="Mayor")),"Alto",IF(OR(AND(AC26="Muy Baja",AE26="Catastrófico"),AND(AC26="Baja",AE26="Catastrófico"),AND(AC26="Media",AE26="Catastrófico"),AND(AC26="Alta",AE26="Catastrófico"),AND(AC26="Muy Alta",AE26="Catastrófico")),"Extremo","")))),"") -> Bajo | AH26: Reducir (mitigar) | AJ26: Dirección de Estructuración de Proyectos | AK26: Enero-Diciembre | AL26: Enero-Diciembre | AN26: En curso | AT26: X | AU26: X
D27: Operativa y Proyectos Especiales | E27: 1 | F27: Reputacional | G27: Aplicación de investigación o sanción por parte del ente regulador | H27: Debido a falencias en la supervisión de las diferentes etapas de un proyecto de pre-inversión | I27: Posibilidad de afectación reputacional y económica por investigaciones o sanciones por parte del ente regulador, debido a falencias en la supervisión de las diferentes etapas de un proyecto de pre-inversión | J27: Usuarios, Productos y Prácticas | K27: 350 | L27: =IF(K27<=0,"",IF(K27<=2,"Muy Baja",IF(K27<=24,"Baja",IF(K27<=500,"Media",IF(K27<=5000,"Alta","Muy Alta"))))) -> Media | M27: =IF(L27="","",IF(L27="Muy Baja",0.2,IF(L27="Baja",0.4,IF(L27="Media",0.6,IF(L27="Alta",0.8,IF(L27="Muy Alta",1,)))))) -> 0.6 | N27: ='Tabla Impacto'!D7 -> El riesgo afecta la imagen de de la entidad con efecto publicitario sostenido a nivel de sector administrativo, nivel departamental o municipal | O27: =IF(NOT(ISERROR(MATCH(N27,'[3]Tabla Impacto'!$B$221:$B$223,0))),'[3]Tabla Impacto'!$F$223&"Por favor no seleccionar los criterios de impacto(Afectación Económica o presupuestal y Pérdida Reputacional)",N27) -> El riesgo afecta la imagen de de la entidad con efecto publicitario sostenido a nivel de sector administrativo, nivel departamental o municipal | P27: =IF(OR(O27='Tabla Impacto'!$C$4,O27='Tabla Impacto'!$D$4),"Leve",IF(OR(O27='Tabla Impacto'!$C$5,O27='Tabla Impacto'!$D$5),"Menor",IF(OR(O27='Tabla Impacto'!$C$6,O27='Tabla Impacto'!$D$6),"Moderado",IF(OR(O27='Tabla Impacto'!$C$7,O27='Tabla Impacto'!$D$7),"Mayor",IF(OR(O27='Tabla Impacto'!$C$8,O27='Tabla Impacto'!$D$8),"Catastrófico",""))))) -> Mayor | Q27: =IF(P27="","",IF(P27="Leve",0.2,IF(P27="Menor",0.4,IF(P27="Moderado",0.6,IF(P27="Mayor",0.8,IF(P27="Catastrófico",1,)))))) -> 0.8 | R27: =IF(OR(AND(L27="Muy Baja",P27="Leve"),AND(L27="Muy Baja",P27="Menor"),AND(L27="Baja",P27="Leve")),"Bajo",IF(OR(AND(L27="Muy baja",P27="Moderado"),AND(L27="Baja",P27="Menor"),AND(L27="Baja",P27="Moderado"),AND(L27="Media",P27="Leve"),AND(L27="Media",P27="Menor"),AND(L27="Media",P27="Moderado"),AND(L27="Alta",P27="Leve"),AND(L27="Alta",P27="Menor")),"Moderado",IF(OR(AND(L27="Muy Baja",P27="Mayor"),AND(L27="Baja",P27="Mayor"),AND(L27="Media",P27="Mayor"),AND(L27="Alta",P27="Moderado"),AND(L27="Alta",P27="Mayor"),AND(L27="Muy Alta",P27="Leve"),AND(L27="Muy Alta",P27="Menor"),AND(L27="Muy Alta",P27="Moderado"),AND(L27="Muy Alta",P27="Mayor")),"Alto",IF(OR(AND(L27="Muy Baja",P27="Catastrófico"),AND(L27="Baja",P27="Catastrófico"),AND(L27="Media",P27="Catastrófico"),AND(L27="Alta",P27="Catastrófico"),AND(L27="Muy Alta",P27="Catastrófico")),"Extremo","")))) -> Alto | S27: 1 | T27: El profesional de Operativa y de Proyectos Especiales, realiza el seguimiento a los proyectos, que se encuentren en la Dirección a través de la base de datos, generando alertas de las situaciones administrativas de los contratos. | U27: =IF(OR(V27="Preventivo",V27="Detectivo"),"Probabilidad",IF(V27="Correctivo","Impacto","")) -> Probabilidad | V27: Preventivo | W27: Manual | X27: =IF(AND(V27="Preventivo",W27="Automático"),"50%",IF(AND(V27="Preventivo",W27="Manual"),"40%",IF(AND(V27="Detectivo",W27="Automático"),"40%",IF(AND(V27="Detectivo",W27="Manual"),"30%",IF(AND(V27="Correctivo",W27="Automático"),"35%",IF(AND(V27="Correctivo",W27="Manual"),"25%","")))))) -> 40% | Y27: Documentado | Z27: Continua | AA27: Con Registro | AB27: =IFERROR(IF(U27="Probabilidad",(M27-(+M27*X27)),IF(U27="Impacto",M27,"")),"") -> 0.36 | AC27: =IFERROR(IF(AB27="","",IF(AB27<=0.2,"Muy Baja",IF(AB27<=0.4,"Baja",IF(AB27<=0.6,"Media",IF(AB27<=0.8,"Alta","Muy Alta"))))),"") -> Baja | AD27: =+AB27 -> 0.36 | AE27: =IFERROR(IF(AF27="","",IF(AF27<=0.2,"Leve",IF(AF27<=0.4,"Menor",IF(AF27<=0.6,"Moderado",IF(AF27<=0.8,"Mayor","Catastrófico"))))),"") -> Mayor | AF27: =IFERROR(IF(U27="Impacto",(Q27-(+Q27*X27)),IF(U27="Probabilidad",Q27,"")),"") -> 0.8 | AG27: =IFERROR(IF(OR(AND(AC27="Muy Baja",AE27="Leve"),AND(AC27="Muy Baja",AE27="Menor"),AND(AC27="Baja",AE27="Leve")),"Bajo",IF(OR(AND(AC27="Muy baja",AE27="Moderado"),AND(AC27="Baja",AE27="Menor"),AND(AC27="Baja",AE27="Moderado"),AND(AC27="Media",AE27="Leve"),AND(AC27="Media",AE27="Menor"),AND(AC27="Media",AE27="Moderado"),AND(AC27="Alta",AE27="Leve"),AND(AC27="Alta",AE27="Menor")),"Moderado",IF(OR(AND(AC27="Muy Baja",AE27="Mayor"),AND(AC27="Baja",AE27="Mayor"),AND(AC27="Media",AE27="Mayor"),AND(AC27="Alta",AE27="Moderado"),AND(AC27="Alta",AE27="Mayor"),AND(AC27="Muy Alta",AE27="Leve"),AND(AC27="Muy Alta",AE27="Menor"),AND(AC27="Muy Alta",AE27="Moderado"),AND(AC27="Muy Alta",AE27="Mayor")),"Alto",IF(OR(AND(AC27="Muy Baja",AE27="Catastrófico"),AND(AC27="Baja",AE27="Catastrófico"),AND(AC27="Media",AE27="Catastrófico"),AND(AC27="Alta",AE27="Catastrófico"),AND(AC27="Muy Alta",AE27="Catastrófico")),"Extremo","")))),"") -> Alto | AH27: Reducir (mitigar) | AI27: Actualización de la base de proyectos de la Dirección Operativa y de Proyectos Especiales y generación de lista de contratos en riesgo de vencerse los términos para iniciar, terminar o liquida. | AJ27: Dirección Operativa y de Proyectos Especiales | AK27: Diciembre 2021 - enero 2022 | AL27: Mensualmente | AM27: Se le ha solicitado al profesional encargado de la base, informes periódicos del estado contractual de los proyectos | AN27: En curso | AT27: X | AU27: X
S28: 2 | T28: El profesional de Operativa y de Proyectos Especiales de temas jurídicos realiza el asesoramiento y acompañamiento a cada uno de los proyectos que tienen alguna dificultad en el desarrollo del proyecto, buscando una conciliación con las partes. | U28: Impacto | V28: Correctivo | W28: Manual | X28: =IF(AND(V28="Preventivo",W28="Automático"),"50%",IF(AND(V28="Preventivo",W28="Manual"),"40%",IF(AND(V28="Detectivo",W28="Automático"),"40%",IF(AND(V28="Detectivo",W28="Manual"),"30%",IF(AND(V28="Correctivo",W28="Automático"),"35%",IF(AND(V28="Correctivo",W28="Manual"),"25%","")))))) -> 25% | Y28: Documentado | Z28: Continua | AA28: Con Registro | AB28: =IFERROR(IF(U28="Probabilidad",(AB27-(+AB27*X28)),IF(U28="Impacto",AB27,"")),"") -> 0.36 | AC28: =IFERROR(IF(AB28="","",IF(AB28<=0.2,"Muy Baja",IF(AB28<=0.4,"Baja",IF(AB28<=0.6,"Media",IF(AB28<=0.8,"Alta","Muy Alta"))))),"") -> Baja | AD28: =+AB28 -> 0.36 | AE28: =IFERROR(IF(AF28="","",IF(AF28<=0.2,"Leve",IF(AF28<=0.4,"Menor",IF(AF28<=0.6,"Moderado",IF(AF28<=0.8,"Mayor","Catastrófico"))))),"") -> Moderado | AF28: =IFERROR(IF(U28="Impacto",(Q27-(+Q27*X28)),IF(U28="Probabilidad",Q27,"")),"") -> 0.6 | AG28: =IFERROR(IF(OR(AND(AC28="Muy Baja",AE28="Leve"),AND(AC28="Muy Baja",AE28="Menor"),AND(AC28="Baja",AE28="Leve")),"Bajo",IF(OR(AND(AC28="Muy baja",AE28="Moderado"),AND(AC28="Baja",AE28="Menor"),AND(AC28="Baja",AE28="Moderado"),AND(AC28="Media",AE28="Leve"),AND(AC28="Media",AE28="Menor"),AND(AC28="Media",AE28="Moderado"),AND(AC28="Alta",AE28="Leve"),AND(AC28="Alta",AE28="Menor")),"Moderado",IF(OR(AND(AC28="Muy Baja",AE28="Mayor"),AND(AC28="Baja",AE28="Mayor"),AND(AC28="Media",AE28="Mayor"),AND(AC28="Alta",AE28="Moderado"),AND(AC28="Alta",AE28="Mayor"),AND(AC28="Muy Alta",AE28="Leve"),AND(AC28="Muy Alta",AE28="Menor"),AND(AC28="Muy Alta",AE28="Moderado"),AND(AC28="Muy Alta",AE28="Mayor")),"Alto",IF(OR(AND(AC28="Muy Baja",AE28="Catastrófico"),AND(AC28="Baja",AE28="Catastrófico"),AND(AC28="Media",AE28="Catastrófico"),AND(AC28="Alta",AE28="Catastrófico"),AND(AC28="Muy Alta",AE28="Catastrófico")),"Extremo","")))),"") -> Moderado | AH28: Reducir (mitigar) | AJ28: Dirección Operativa y de Proyectos Especiales | AK28: Diciembre 2021 - enero 2022 | AL28: Mensualmente | AM28: Se ha realizado acompañamiento jurídico desde la profesional en derecho de la Dirección Operativa y de Proyectos Especiales para buscar justificación para realizar suspensiones o prorrogas que extiendan el plazo de los contratos | AN28: En curso | AT28: x | AU28: x
A29: Seguimiento y Control | B29: Realizar las actividades de evaluación independiente, asesoría y seguimiento a la gestión de la entidad, con el fin de detectar oportunamente incumplimientos para establecer planes de mejoramiento, contribuyendo así al cumplimiento de los objetivos de la entidad dentro del marco normativo aplicable para la empresa | C29: Involucra la estructuración del plan de acción del proceso de Seguimiento y Control establecido en la séptima dimensión del MIPG promoviendo el mejoramiento continuo de la EPC | D29: Dirección de Control Interno | E29: 1 | F29: Reputacional-Económico | G29: Sanciones por parte de los entes de control | H29: Debido al incumpliendo con los términos y la integridad de la información reportada a los entes de control y demás instituciones que los solicitan. | I29: Posibilidad de afectación reputacional y económica por sanciones por parte de los entes de control, debido al incumpliendo con los términos y la integridad de la información reportada a los entes de control y demás instituciones que los solicitan. | J29: Ejecución y Administración de Procesos | K29: 126 | L29: =IF(K29<=0,"",IF(K29<=2,"Muy Baja",IF(K29<=24,"Baja",IF(K29<=500,"Media",IF(K29<=5000,"Alta","Muy Alta"))))) -> Media | M29: =IF(L29="","",IF(L29="Muy Baja",0.2,IF(L29="Baja",0.4,IF(L29="Media",0.6,IF(L29="Alta",0.8,IF(L29="Muy Alta",1,)))))) -> 0.6 | N29: ='Tabla Impacto'!D7 -> El riesgo afecta la imagen de de la entidad con efecto publicitario sostenido a nivel de sector administrativo, nivel departamental o municipal | O29: =IF(NOT(ISERROR(MATCH(N29,_xlfn.ANCHORARRAY(I29),0))),M29&"Por favor no seleccionar los criterios de impacto",N29) -> El riesgo afecta la imagen de de la entidad con efecto publicitario sostenido a nivel de sector administrativo, nivel departamental o municipal | P29: =IF(OR(O29='Tabla Impacto'!$C$4,O29='Tabla Impacto'!$D$4),"Leve",IF(OR(O29='Tabla Impacto'!$C$5,O29='Tabla Impacto'!$D$5),"Menor",IF(OR(O29='Tabla Impacto'!$C$6,O29='Tabla Impacto'!$D$6),"Moderado",IF(OR(O29='Tabla Impacto'!$C$7,O29='Tabla Impacto'!$D$7),"Mayor",IF(OR(O29='Tabla Impacto'!$C$8,O29='Tabla Impacto'!$D$8),"Catastrófico",""))))) -> Mayor | Q29: =IF(P29="","",IF(P29="Leve",0.2,IF(P29="Menor",0.4,IF(P29="Moderado",0.6,IF(P29="Mayor",0.8,IF(P29="Catastrófico",1,)))))) -> 0.8 | R29: =IF(OR(AND(L29="Muy Baja",P29="Leve"),AND(L29="Muy Baja",P29="Menor"),AND(L29="Baja",P29="Leve")),"Bajo",IF(OR(AND(L29="Muy baja",P29="Moderado"),AND(L29="Baja",P29="Menor"),AND(L29="Baja",P29="Moderado"),AND(L29="Media",P29="Leve"),AND(L29="Media",P29="Menor"),AND(L29="Media",P29="Moderado"),AND(L29="Alta",P29="Leve"),AND(L29="Alta",P29="Menor")),"Moderado",IF(OR(AND(L29="Muy Baja",P29="Mayor"),AND(L29="Baja",P29="Mayor"),AND(L29="Media",P29="Mayor"),AND(L29="Alta",P29="Moderado"),AND(L29="Alta",P29="Mayor"),AND(L29="Muy Alta",P29="Leve"),AND(L29="Muy Alta",P29="Menor"),AND(L29="Muy Alta",P29="Moderado"),AND(L29="Muy Alta",P29="Mayor")),"Alto",IF(OR(AND(L29="Muy Baja",P29="Catastrófico"),AND(L29="Baja",P29="Catastrófico"),AND(L29="Media",P29="Catastrófico"),AND(L29="Alta",P29="Catastrófico"),AND(L29="Muy Alta",P29="Catastrófico")),"Extremo","")))) -> Alto | S29: 1 | T29: El director de la oficina de control interno, verifica las fechas de vencimiento de los diferentes informes presentados a Entes de Control y demás entidades que requieran información, de acuerdo a cronogramas establecidos y a normatividad vigente. | U29: Probabilidad | V29: Preventivo | W29: Manual | X29: =IF(AND(V29="Preventivo",W29="Automático"),"50%",IF(AND(V29="Preventivo",W29="Manual"),"40%",IF(AND(V29="Detectivo",W29="Automático"),"40%",IF(AND(V29="Detectivo",W29="Manual"),"30%",IF(AND(V29="Correctivo",W29="Automático"),"35%",IF(AND(V29="Correctivo",W29="Manual"),"25%","")))))) -> 40% | Y29: Documentado | Z29: Continua | AA29: Con Registro | AB29: =IFERROR(IF(U29="Probabilidad",(M29-(+M29*X29)),IF(U29="Impacto",M29,"")),"") -> 0.36 | AC29: =IFERROR(IF(AB29="","",IF(AB29<=0.2,"Muy Baja",IF(AB29<=0.4,"Baja",IF(AB29<=0.6,"Media",IF(AB29<=0.8,"Alta","Muy Alta"))))),"") -> Baja | AD29: =+AB29 -> 0.36 | AE29: =IFERROR(IF(AF29="","",IF(AF29<=0.2,"Leve",IF(AF29<=0.4,"Menor",IF(AF29<=0.6,"Moderado",IF(AF29<=0.8,"Mayor","Catastrófico"))))),"") -> Mayor | AF29: =IFERROR(IF(U29="Impacto",(Q29-(+Q29*X29)),IF(U29="Probabilidad",Q29,"")),"") -> 0.8 | AG29: =IFERROR(IF(OR(AND(AC29="Muy Baja",AE29="Leve"),AND(AC29="Muy Baja",AE29="Menor"),AND(AC29="Baja",AE29="Leve")),"Bajo",IF(OR(AND(AC29="Muy baja",AE29="Moderado"),AND(AC29="Baja",AE29="Menor"),AND(AC29="Baja",AE29="Moderado"),AND(AC29="Media",AE29="Leve"),AND(AC29="Media",AE29="Menor"),AND(AC29="Media",AE29="Moderado"),AND(AC29="Alta",AE29="Leve"),AND(AC29="Alta",AE29="Menor")),"Moderado",IF(OR(AND(AC29="Muy Baja",AE29="Mayor"),AND(AC29="Baja",AE29="Mayor"),AND(AC29="Media",AE29="Mayor"),AND(AC29="Alta",AE29="Moderado"),AND(AC29="Alta",AE29="Mayor"),AND(AC29="Muy Alta",AE29="Leve"),AND(AC29="Muy Alta",AE29="Menor"),AND(AC29="Muy Alta",AE29="Moderado"),AND(AC29="Muy Alta",AE29="Mayor")),"Alto",IF(OR(AND(AC29="Muy Baja",AE29="Catastrófico"),AND(AC29="Baja",AE29="Catastrófico"),AND(AC29="Media",AE29="Catastrófico"),AND(AC29="Alta",AE29="Catastrófico"),AND(AC29="Muy Alta",AE29="Catastrófico")),"Extremo","")))),"") -> Alto | AH29: Reducir (mitigar) | AJ29: Dirección de Control Interno | AK29: Enero 2021-Diciembre 2021 | AL29: Mensual | AN29: En curso | AT29: X | AU29: X | BQ29: Dirección de Control Interno
E30: 2 | F30: Reputacional | G30: Planes de mejoramiento internos | H30: Debido a que se desarrollen informes y seguimientos con el desconocimiento de la norma | I30: Posibilidad de afectación reputacional debido a planes de mejoramiento internos sobre el desarrollo de informes y seguimientos con el desconocimiento de la norma | J30: Usuarios, Productos y Prácticas | K30: 17 | L30: =IF(K30<=0,"",IF(K30<=2,"Muy Baja",IF(K30<=24,"Baja",IF(K30<=500,"Media",IF(K30<=5000,"Alta","Muy Alta"))))) -> Baja | M30: =IF(L30="","",IF(L30="Muy Baja",0.2,IF(L30="Baja",0.4,IF(L30="Media",0.6,IF(L30="Alta",0.8,IF(L30="Muy Alta",1,)))))) -> 0.4 | N30: El riesgo afecta la imagen de la entidad con algunos usuarios de relevancia frente al logro de los objetivos | O30: =IF(NOT(ISERROR(MATCH(N30,_xlfn.ANCHORARRAY(I37),0))),M39&"Por favor no seleccionar los criterios de impacto",N30) -> El riesgo afecta la imagen de la entidad con algunos usuarios de relevancia frente al logro de los objetivos | P30: =IF(OR(O30='[1]Tabla Impacto'!$C$11,O30='[1]Tabla Impacto'!$D$11),"Leve",IF(OR(O30='[1]Tabla Impacto'!$C$12,O30='[1]Tabla Impacto'!$D$12),"Menor",IF(OR(O30='[1]Tabla Impacto'!$C$13,O30='[1]Tabla Impacto'!$D$13),"Moderado",IF(OR(O30='[1]Tabla Impacto'!$C$14,O30='[1]Tabla Impacto'!$D$14),"Mayor",IF(OR(O30='[1]Tabla Impacto'!$C$15,O30='[1]Tabla Impacto'!$D$15),"Catastrófico",""))))) -> Moderado | Q30: =IF(P30="","",IF(P30="Leve",0.2,IF(P30="Menor",0.4,IF(P30="Moderado",0.6,IF(P30="Mayor",0.8,IF(P30="Catastrófico",1,)))))) -> 0.6 | R30: =IF(OR(AND(L30="Muy Baja",P30="Leve"),AND(L30="Muy Baja",P30="Menor"),AND(L30="Baja",P30="Leve")),"Bajo",IF(OR(AND(L30="Muy baja",P30="Moderado"),AND(L30="Baja",P30="Menor"),AND(L30="Baja",P30="Moderado"),AND(L30="Media",P30="Leve"),AND(L30="Media",P30="Menor"),AND(L30="Media",P30="Moderado"),AND(L30="Alta",P30="Leve"),AND(L30="Alta",P30="Menor")),"Moderado",IF(OR(AND(L30="Muy Baja",P30="Mayor"),AND(L30="Baja",P30="Mayor"),AND(L30="Media",P30="Mayor"),AND(L30="Alta",P30="Moderado"),AND(L30="Alta",P30="Mayor"),AND(L30="Muy Alta",P30="Leve"),AND(L30="Muy Alta",P30="Menor"),AND(L30="Muy Alta",P30="Moderado"),AND(L30="Muy Alta",P30="Mayor")),"Alto",IF(OR(AND(L30="Muy Baja",P30="Catastrófico"),AND(L30="Baja",P30="Catastrófico"),AND(L30="Media",P30="Catastrófico"),AND(L30="Alta",P30="Catastrófico"),AND(L30="Muy Alta",P30="Catastrófico")),"Extremo","")))) -> Moderado | T30: El director de la oficina de control interno revisa los informes realizados por su equipo de trabajo, verificando las técnicas de auditoria aplicadas y las normas asociadas a cada una de áreas auditadas, posteriormente se envía el pre-informe al área auditada para su evaluación y controversia | U30: Probabilidad | V30: Detectivo | W30: Manual | X30: =IF(AND(V30="Preventivo",W30="Automático"),"50%",IF(AND(V30="Preventivo",W30="Manual"),"40%",IF(AND(V30="Detectivo",W30="Automático"),"40%",IF(AND(V30="Detectivo",W30="Manual"),"30%",IF(AND(V30="Correctivo",W30="Automático"),"35%",IF(AND(V30="Correctivo",W30="Manual"),"25%","")))))) -> 30% | Y30: Documentado | Z30: Continua | AA30: Con Registro | AB30: =IFERROR(IF(U30="Probabilidad",(M30-(+M30*X30)),IF(U30="Impacto",M30,"")),"") -> 0.28 | AC30: =IFERROR(IF(AB30="","",IF(AB30<=0.2,"Muy Baja",IF(AB30<=0.4,"Baja",IF(AB30<=0.6,"Media",IF(AB30<=0.8,"Alta","Muy Alta"))))),"") -> Baja | AD30: =+AB30 -> 0.28 | AE30: =IFERROR(IF(AF30="","",IF(AF30<=0.2,"Leve",IF(AF30<=0.4,"Menor",IF(AF30<=0.6,"Moderado",IF(AF30<=0.8,"Mayor","Catastrófico"))))),"") -> Moderado | AF30: =IFERROR(IF(U30="Impacto",(Q30-(+Q30*X30)),IF(U30="Probabilidad",Q30,"")),"") -> 0.6 | AG30: =IFERROR(IF(OR(AND(AC30="Muy Baja",AE30="Leve"),AND(AC30="Muy Baja",AE30="Menor"),AND(AC30="Baja",AE30="Leve")),"Bajo",IF(OR(AND(AC30="Muy baja",AE30="Moderado"),AND(AC30="Baja",AE30="Menor"),AND(AC30="Baja",AE30="Moderado"),AND(AC30="Media",AE30="Leve"),AND(AC30="Media",AE30="Menor"),AND(AC30="Media",AE30="Moderado"),AND(AC30="Alta",AE30="Leve"),AND(AC30="Alta",AE30="Menor")),"Moderado",IF(OR(AND(AC30="Muy Baja",AE30="Mayor"),AND(AC30="Baja",AE30="Mayor"),AND(AC30="Media",AE30="Mayor"),AND(AC30="Alta",AE30="Moderado"),AND(AC30="Alta",AE30="Mayor"),AND(AC30="Muy Alta",AE30="Leve"),AND(AC30="Muy Alta",AE30="Menor"),AND(AC30="Muy Alta",AE30="Moderado"),AND(AC30="Muy Alta",AE30="Mayor")),"Alto",IF(OR(AND(AC30="Muy Baja",AE30="Catastrófico"),AND(AC30="Baja",AE30="Catastrófico"),AND(AC30="Media",AE30="Catastrófico"),AND(AC30="Alta",AE30="Catastrófico"),AND(AC30="Muy Alta",AE30="Catastrófico")),"Extremo","")))),"") -> Moderado | AH30: Reducir (mitigar) | AI30: Solicitud de capacitaciones para auditorías | AJ30: Dirección de Control Interno | AK30: Enero 2021-Diciembre 2021 | AL30: Mensual | AN30: En curso | AR30: X | AT30: X | AU30: X | BQ30: Dirección de Nuevos Negocios
A31: Planeación y Direccionamiento Estratégico | B31: Establecer y hacer seguimiento a los objetivos estratégicos de la Empresa, liderar el mantenimiento y mejora continua de los sistemas de gestión empresarial y adoptar principios de buen gobierno | C31: Adopción de políticas, objetivos, valores, metas, planes, programas estratégicos y sistemas de gestión. | D31: Dirección de Planeación | E31: 1 | F31: Reputacional | G31: Aplicación de investigación o sanción por parte del ente regulador | H31: Debido a los retrasos en la definición de metas por parte de las direcciones | I31: Posibilidad de afectación reputacional por investigaciones o sanciones por parte del ente regulador, debido a el establecimiento inoportuno del plan de acción de la vigencia | J31: Ejecución y Administración de Procesos | K31: 1 | L31: =IF(K31<=0,"",IF(K31<=2,"Muy Baja",IF(K31<=24,"Baja",IF(K31<=500,"Media",IF(K31<=5000,"Alta","Muy Alta"))))) -> Muy Baja | M31: =IF(L31="","",IF(L31="Muy Baja",0.2,IF(L31="Baja",0.4,IF(L31="Media",0.6,IF(L31="Alta",0.8,IF(L31="Muy Alta",1,)))))) -> 0.2 | N31: El riesgo afecta la imagen de la entidad con algunos usuarios de relevancia frente al logro de los objetivos | O31: =IF(NOT(ISERROR(MATCH(N31,'[4]Tabla Impacto'!$B$221:$B$223,0))),'[4]Tabla Impacto'!$F$223&"Por favor no seleccionar los criterios de impacto(Afectación Económica o presupuestal y Pérdida Reputacional)",N31) -> El riesgo afecta la imagen de la entidad con algunos usuarios de relevancia frente al logro de los objetivos | P31: =IF(OR(O31='[4]Tabla Impacto'!$C$11,O31='[4]Tabla Impacto'!$D$11),"Leve",IF(OR(O31='[4]Tabla Impacto'!$C$12,O31='[4]Tabla Impacto'!$D$12),"Menor",IF(OR(O31='[4]Tabla Impacto'!$C$13,O31='[4]Tabla Impacto'!$D$13),"Moderado",IF(OR(O31='[4]Tabla Impacto'!$C$14,O31='[4]Tabla Impacto'!$D$14),"Mayor",IF(OR(O31='[4]Tabla Impacto'!$C$15,O31='[4]Tabla Impacto'!$D$15),"Catastrófico",""))))) -> Moderado | Q31: =IF(P31="","",IF(P31="Leve",0.2,IF(P31="Menor",0.4,IF(P31="Moderado",0.6,IF(P31="Mayor",0.8,IF(P31="Catastrófico",1,)))))) -> 0.6 | R31: =IF(OR(AND(L31="Muy Baja",P31="Leve"),AND(L31="Muy Baja",P31="Menor"),AND(L31="Baja",P31="Leve")),"Bajo",IF(OR(AND(L31="Muy baja",P31="Moderado"),AND(L31="Baja",P31="Menor"),AND(L31="Baja",P31="Moderado"),AND(L31="Media",P31="Leve"),AND(L31="Media",P31="Menor"),AND(L31="Media",P31="Moderado"),AND(L31="Alta",P31="Leve"),AND(L31="Alta",P31="Menor")),"Moderado",IF(OR(AND(L31="Muy Baja",P31="Mayor"),AND(L31="Baja",P31="Mayor"),AND(L31="Media",P31="Mayor"),AND(L31="Alta",P31="Moderado"),AND(L31="Alta",P31="Mayor"),AND(L31="Muy Alta",P31="Leve"),AND(L31="Muy Alta",P31="Menor"),AND(L31="Muy Alta",P31="Moderado"),AND(L31="Muy Alta",P31="Mayor")),"Alto",IF(OR(AND(L31="Muy Baja",P31="Catastrófico"),AND(L31="Baja",P31="Catastrófico"),AND(L31="Media",P31="Catastrófico"),AND(L31="Alta",P31="Catastrófico"),AND(L31="Muy Alta",P31="Catastrófico")),"Extremo","")))) -> Moderado | S31: 1 | T31: El profesional de planeación, realiza un acompañamiento a cada una de las direcciones para la formulación adecuada de las metas, líneas de acción e indicadores. | U31: =IF(OR(V31="Preventivo",V31="Detectivo"),"Probabilidad",IF(V31="Correctivo","Impacto","")) -> Probabilidad | V31: Preventivo | W31: Manual | X31: =IF(AND(V31="Preventivo",W31="Automático"),"50%",IF(AND(V31="Preventivo",W31="Manual"),"40%",IF(AND(V31="Detectivo",W31="Automático"),"40%",IF(AND(V31="Detectivo",W31="Manual"),"30%",IF(AND(V31="Correctivo",W31="Automático"),"35%",IF(AND(V31="Correctivo",W31="Manual"),"25%","")))))) -> 40% | Y31: Documentado | Z31: Continua | AA31: Con Registro | AB31: =IFERROR(IF(U31="Probabilidad",(M31-(+M31*X31)),IF(U31="Impacto",M31,"")),"") -> 0.12 | AC31: =IFERROR(IF(AB31="","",IF(AB31<=0.2,"Muy Baja",IF(AB31<=0.4,"Baja",IF(AB31<=0.6,"Media",IF(AB31<=0.8,"Alta","Muy Alta"))))),"") -> Muy Baja | AD31: =+AB31 -> 0.12 | AE31: =IFERROR(IF(AF31="","",IF(AF31<=0.2,"Leve",IF(AF31<=0.4,"Menor",IF(AF31<=0.6,"Moderado",IF(AF31<=0.8,"Mayor","Catastrófico"))))),"") -> Moderado | AF31: =IFERROR(IF(U31="Impacto",(Q31-(+Q31*X31)),IF(U31="Probabilidad",Q31,"")),"") -> 0.6 | AG31: =IFERROR(IF(OR(AND(AC31="Muy Baja",AE31="Leve"),AND(AC31="Muy Baja",AE31="Menor"),AND(AC31="Baja",AE31="Leve")),"Bajo",IF(OR(AND(AC31="Muy baja",AE31="Moderado"),AND(AC31="Baja",AE31="Menor"),AND(AC31="Baja",AE31="Moderado"),AND(AC31="Media",AE31="Leve"),AND(AC31="Media",AE31="Menor"),AND(AC31="Media",AE31="Moderado"),AND(AC31="Alta",AE31="Leve"),AND(AC31="Alta",AE31="Menor")),"Moderado",IF(OR(AND(AC31="Muy Baja",AE31="Mayor"),AND(AC31="Baja",AE31="Mayor"),AND(AC31="Media",AE31="Mayor"),AND(AC31="Alta",AE31="Moderado"),AND(AC31="Alta",AE31="Mayor"),AND(AC31="Muy Alta",AE31="Leve"),AND(AC31="Muy Alta",AE31="Menor"),AND(AC31="Muy Alta",AE31="Moderado"),AND(AC31="Muy Alta",AE31="Mayor")),"Alto",IF(OR(AND(AC31="Muy Baja",AE31="Catastrófico"),AND(AC31="Baja",AE31="Catastrófico"),AND(AC31="Media",AE31="Catastrófico"),AND(AC31="Alta",AE31="Catastrófico"),AND(AC31="Muy Alta",AE31="Catastrófico")),"Extremo","")))),"") -> Moderado | AH31: Reducir (mitigar) | AI31: Establecer en el procedimiento que anualmente se debe realizar un cronograma de acompañamiento para la formulación de metas del plan de acción | AJ31: Dirección de planeación | AK31: Diciembre 2021 - enero 2022 | AL31: 44562 | AT31: X | AU31: X
S32: 2 | T32: El profesional debe realizar un cronograma para el cumplimiento de las fechas de publicación de los planes institucionales (plan estratégico y plan de acción) con base en el cual realiza la verificación al cumplimiento de las fechas establecidas | U32: =IF(OR(V32="Preventivo",V32="Detectivo"),"Probabilidad",IF(V32="Correctivo","Impacto","")) -> Probabilidad | V32: Preventivo | W32: Manual | X32: =IF(AND(V32="Preventivo",W32="Automático"),"50%",IF(AND(V32="Preventivo",W32="Manual"),"40%",IF(AND(V32="Detectivo",W32="Automático"),"40%",IF(AND(V32="Detectivo",W32="Manual"),"30%",IF(AND(V32="Correctivo",W32="Automático"),"35%",IF(AND(V32="Correctivo",W32="Manual"),"25%","")))))) -> 40% | Y32: Documentado | Z32: Continua | AA32: Con Registro | AB32: =IFERROR(IF(U32="Probabilidad",(AB31-(+AB31*X32)),IF(U32="Impacto",M31,"")),"") -> 0.072 | AC32: =IFERROR(IF(AB32="","",IF(AB32<=0.2,"Muy Baja",IF(AB32<=0.4,"Baja",IF(AB32<=0.6,"Media",IF(AB32<=0.8,"Alta","Muy Alta"))))),"") -> Muy Baja | AD32: =+AB32 -> 0.072 | AE32: =IFERROR(IF(AF32="","",IF(AF32<=0.2,"Leve",IF(AF32<=0.4,"Menor",IF(AF32<=0.6,"Moderado",IF(AF32<=0.8,"Mayor","Catastrófico"))))),"") -> Moderado | AF32: =IFERROR(IF(U32="Impacto",(Q31-(+Q31*X32)),IF(U32="Probabilidad",Q31,"")),"") -> 0.6 | AG32: =IFERROR(IF(OR(AND(AC32="Muy Baja",AE32="Leve"),AND(AC32="Muy Baja",AE32="Menor"),AND(AC32="Baja",AE32="Leve")),"Bajo",IF(OR(AND(AC32="Muy baja",AE32="Moderado"),AND(AC32="Baja",AE32="Menor"),AND(AC32="Baja",AE32="Moderado"),AND(AC32="Media",AE32="Leve"),AND(AC32="Media",AE32="Menor"),AND(AC32="Media",AE32="Moderado"),AND(AC32="Alta",AE32="Leve"),AND(AC32="Alta",AE32="Menor")),"Moderado",IF(OR(AND(AC32="Muy Baja",AE32="Mayor"),AND(AC32="Baja",AE32="Mayor"),AND(AC32="Media",AE32="Mayor"),AND(AC32="Alta",AE32="Moderado"),AND(AC32="Alta",AE32="Mayor"),AND(AC32="Muy Alta",AE32="Leve"),AND(AC32="Muy Alta",AE32="Menor"),AND(AC32="Muy Alta",AE32="Moderado"),AND(AC32="Muy Alta",AE32="Mayor")),"Alto",IF(OR(AND(AC32="Muy Baja",AE32="Catastrófico"),AND(AC32="Baja",AE32="Catastrófico"),AND(AC32="Media",AE32="Catastrófico"),AND(AC32="Alta",AE32="Catastrófico"),AND(AC32="Muy Alta",AE32="Catastrófico")),"Extremo","")))),"") -> Moderado | AH32: Reducir (mitigar) | AJ32: Dirección de planeación | AK32: Diciembre 2021 - enero 2022 | AL32: 44562 | AU32: X
E33: 2 | F33: Reputacional | G33: Aplicación de investigación o sanción por parte del ente regulador | H33: Debido a la falta de compromiso y conocimiento por parte de los responsables de cada política | I33: Posibilidad de afectación reputacional por investigaciones o sanciones por parte del ente regulador, debido al inadecuado mantenimiento del Modelo Integrado de Planeación y Gestión MIPG- en sus dimensiones y políticas de operación | J33: Ejecución y Administración de Procesos | K33: 216 | L33: =IF(K33<=0,"",IF(K33<=2,"Muy Baja",IF(K33<=24,"Baja",IF(K33<=500,"Media",IF(K33<=5000,"Alta","Muy Alta"))))) -> Media | M33: =IF(L33="","",IF(L33="Muy Baja",0.2,IF(L33="Baja",0.4,IF(L33="Media",0.6,IF(L33="Alta",0.8,IF(L33="Muy Alta",1,)))))) -> 0.6 | N33: ='Tabla Impacto'!D7 -> El riesgo afecta la imagen de de la entidad con efecto publicitario sostenido a nivel de sector administrativo, nivel departamental o municipal | O33: =IF(NOT(ISERROR(MATCH(N33,_xlfn.ANCHORARRAY(I47),0))),M49&"Por favor no seleccionar los criterios de impacto",N33) -> El riesgo afecta la imagen de de la entidad con efecto publicitario sostenido a nivel de sector administrativo, nivel departamental o municipal | P33: =IF(OR(O33='Tabla Impacto'!$C$4,O33='Tabla Impacto'!$D$4),"Leve",IF(OR(O33='Tabla Impacto'!$C$5,O33='Tabla Impacto'!$D$5),"Menor",IF(OR(O33='Tabla Impacto'!$C$6,O33='Tabla Impacto'!$D$6),"Moderado",IF(OR(O33='Tabla Impacto'!$C$7,O33='Tabla Impacto'!$D$7),"Mayor",IF(OR(O33='Tabla Impacto'!$C$8,O33='Tabla Impacto'!$D$8),"Catastrófico",""))))) -> Mayor | Q33: =IF(P33="","",IF(P33="Leve",0.2,IF(P33="Menor",0.4,IF(P33="Moderado",0.6,IF(P33="Mayor",0.8,IF(P33="Catastrófico",1,)))))) -> 0.8 | R33: =IF(OR(AND(L33="Muy Baja",P33="Leve"),AND(L33="Muy Baja",P33="Menor"),AND(L33="Baja",P33="Leve")),"Bajo",IF(OR(AND(L33="Muy baja",P33="Moderado"),AND(L33="Baja",P33="Menor"),AND(L33="Baja",P33="Moderado"),AND(L33="Media",P33="Leve"),AND(L33="Media",P33="Menor"),AND(L33="Media",P33="Moderado"),AND(L33="Alta",P33="Leve"),AND(L33="Alta",P33="Menor")),"Moderado",IF(OR(AND(L33="Muy Baja",P33="Mayor"),AND(L33="Baja",P33="Mayor"),AND(L33="Media",P33="Mayor"),AND(L33="Alta",P33="Moderado"),AND(L33="Alta",P33="Mayor"),AND(L33="Muy Alta",P33="Leve"),AND(L33="Muy Alta",P33="Menor"),AND(L33="Muy Alta",P33="Moderado"),AND(L33="Muy Alta",P33="Mayor")),"Alto",IF(OR(AND(L33="Muy Baja",P33="Catastrófico"),AND(L33="Baja",P33="Catastrófico"),AND(L33="Media",P33="Catastrófico"),AND(L33="Alta",P33="Catastrófico"),AND(L33="Muy Alta",P33="Catastrófico")),"Extremo","")))) -> Alto | S33: 1 | T33: El profesional de planeación del modelo integrado de planeación y gestión MIPG y el sistema de gestión de calidad, realizan capacitaciones a todos los servidores en conocimiento, implementación y mantenimiento del modelo, adicionalmente se gestionan capacitaciones con los lideres de cada política de operación y los responsables internos para su adecuada implementación | U33: Probabilidad | V33: Preventivo | W33: Manual | X33: =IF(AND(V33="Preventivo",W33="Automático"),"50%",IF(AND(V33="Preventivo",W33="Manual"),"40%",IF(AND(V33="Detectivo",W33="Automático"),"40%",IF(AND(V33="Detectivo",W33="Manual"),"30%",IF(AND(V33="Correctivo",W33="Automático"),"35%",IF(AND(V33="Correctivo",W33="Manual"),"25%","")))))) -> 40% | Y33: Documentado | Z33: Continua | AA33: Con Registro | AB33: =IFERROR(IF(U33="Probabilidad",(M33-(+M33*X33)),IF(U33="Impacto",M33,"")),"") -> 0.36 | AC33: =IFERROR(IF(AB33="","",IF(AB33<=0.2,"Muy Baja",IF(AB33<=0.4,"Baja",IF(AB33<=0.6,"Media",IF(AB33<=0.8,"Alta","Muy Alta"))))),"") -> Baja | AD33: =+AB33 -> 0.36 | AE33: =IFERROR(IF(AF33="","",IF(AF33<=0.2,"Leve",IF(AF33<=0.4,"Menor",IF(AF33<=0.6,"Moderado",IF(AF33<=0.8,"Mayor","Catastrófico"))))),"") -> Mayor | AF33: =IFERROR(IF(U33="Impacto",(Q33-(+Q33*X33)),IF(U33="Probabilidad",Q33,"")),"") -> 0.8 | AG33: =IFERROR(IF(OR(AND(AC33="Muy Baja",AE33="Leve"),AND(AC33="Muy Baja",AE33="Menor"),AND(AC33="Baja",AE33="Leve")),"Bajo",IF(OR(AND(AC33="Muy baja",AE33="Moderado"),AND(AC33="Baja",AE33="Menor"),AND(AC33="Baja",AE33="Moderado"),AND(AC33="Media",AE33="Leve"),AND(AC33="Media",AE33="Menor"),AND(AC33="Media",AE33="Moderado"),AND(AC33="Alta",AE33="Leve"),AND(AC33="Alta",AE33="Menor")),"Moderado",IF(OR(AND(AC33="Muy Baja",AE33="Mayor"),AND(AC33="Baja",AE33="Mayor"),AND(AC33="Media",AE33="Mayor"),AND(AC33="Alta",AE33="Moderado"),AND(AC33="Alta",AE33="Mayor"),AND(AC33="Muy Alta",AE33="Leve"),AND(AC33="Muy Alta",AE33="Menor"),AND(AC33="Muy Alta",AE33="Moderado"),AND(AC33="Muy Alta",AE33="Mayor")),"Alto",IF(OR(AND(AC33="Muy Baja",AE33="Catastrófico"),AND(AC33="Baja",AE33="Catastrófico"),AND(AC33="Media",AE33="Catastrófico"),AND(AC33="Alta",AE33="Catastrófico"),AND(AC33="Muy Alta",AE33="Catastrófico")),"Extremo","")))),"") -> Alto | AH33: Reducir (mitigar) | AI33: Establecer y ejecutar el programa de mantenimiento del modelo integrado de planeación y gestión | AJ33: Dirección de planeación | AK33: Enero 2021 - Diciembre 2021 | AL33: I semestre del 2021 | AN33: En curso | AU33: X
S34: 2 | T34: Los profesionales de planeación del modelo integrado de planeación y gestión MIPG y el sistema de gestión de calidad, establecen un plan de trabajo para la implementación de cada una de las políticas posterior a la respectiva capacitación, teniendo en cuenta resultados de FURAG, autodiagnósticos y recomendaciones | U34: Probabilidad | V34: Detectivo | W34: Manual | X34: =IF(AND(V34="Preventivo",W34="Automático"),"50%",IF(AND(V34="Preventivo",W34="Manual"),"40%",IF(AND(V34="Detectivo",W34="Automático"),"40%",IF(AND(V34="Detectivo",W34="Manual"),"30%",IF(AND(V34="Correctivo",W34="Automático"),"35%",IF(AND(V34="Correctivo",W34="Manual"),"25%","")))))) -> 30% | Y34: Documentado | Z34: Continua | AA34: Con Registro | AB34: =IFERROR(IF(U34="Probabilidad",(AB33-(+AB33*X34)),IF(U34="Impacto",AB33,"")),"") -> 0.252 | AC34: =IFERROR(IF(AB34="","",IF(AB34<=0.2,"Muy Baja",IF(AB34<=0.4,"Baja",IF(AB34<=0.6,"Media",IF(AB34<=0.8,"Alta","Muy Alta"))))),"") -> Baja | AD34: =+AB34 -> 0.252 | AE34: =IFERROR(IF(AF34="","",IF(AF34<=0.2,"Leve",IF(AF34<=0.4,"Menor",IF(AF34<=0.6,"Moderado",IF(AF34<=0.8,"Mayor","Catastrófico"))))),"") -> Mayor | AF34: =IFERROR(IF(U34="Impacto",(Q33-(+Q33*X34)),IF(U34="Probabilidad",Q33,"")),"") -> 0.8 | AG34: =IFERROR(IF(OR(AND(AC34="Muy Baja",AE34="Leve"),AND(AC34="Muy Baja",AE34="Menor"),AND(AC34="Baja",AE34="Leve")),"Bajo",IF(OR(AND(AC34="Muy baja",AE34="Moderado"),AND(AC34="Baja",AE34="Menor"),AND(AC34="Baja",AE34="Moderado"),AND(AC34="Media",AE34="Leve"),AND(AC34="Media",AE34="Menor"),AND(AC34="Media",AE34="Moderado"),AND(AC34="Alta",AE34="Leve"),AND(AC34="Alta",AE34="Menor")),"Moderado",IF(OR(AND(AC34="Muy Baja",AE34="Mayor"),AND(AC34="Baja",AE34="Mayor"),AND(AC34="Media",AE34="Mayor"),AND(AC34="Alta",AE34="Moderado"),AND(AC34="Alta",AE34="Mayor"),AND(AC34="Muy Alta",AE34="Leve"),AND(AC34="Muy Alta",AE34="Menor"),AND(AC34="Muy Alta",AE34="Moderado"),AND(AC34="Muy Alta",AE34="Mayor")),"Alto",IF(OR(AND(AC34="Muy Baja",AE34="Catastrófico"),AND(AC34="Baja",AE34="Catastrófico"),AND(AC34="Media",AE34="Catastrófico"),AND(AC34="Alta",AE34="Catastrófico"),AND(AC34="Muy Alta",AE34="Catastrófico")),"Extremo","")))),"") -> Alto | AH34: Reducir (mitigar) | AJ34: Dirección de planeación | AK34: Enero 2021 - Diciembre 2021 | AL34: Trimestralmente | AN34: En curso | AU34: X
E35: 3 | F35: Reputacional | G35: Aplicación de investigación o sanción por parte del ente regulador | H35: Debido a la falta de seguimiento y cumplimiento a las metas establecidas en el plan de acción de la vigencia | I35: Posibilidad de afectación reputacional por investigaciones o sanciones por parte del ente regulador, debido a la falta de seguimiento y cumplimiento a las metas establecidas en el plan de acción de la vigencia | J35: Ejecución y Administración de Procesos | K35: 12 | L35: =IF(K35<=0,"",IF(K35<=2,"Muy Baja",IF(K35<=24,"Baja",IF(K35<=500,"Media",IF(K35<=5000,"Alta","Muy Alta"))))) -> Baja | M35: =IF(L35="","",IF(L35="Muy Baja",0.2,IF(L35="Baja",0.4,IF(L35="Media",0.6,IF(L35="Alta",0.8,IF(L35="Muy Alta",1,)))))) -> 0.4 | N35: El riesgo afecta la imagen de la entidad con algunos usuarios de relevancia frente al logro de los objetivos | O35: =IF(NOT(ISERROR(MATCH(N35,_xlfn.ANCHORARRAY(I77),0))),M79&"Por favor no seleccionar los criterios de impacto",N35) -> El riesgo afecta la imagen de la entidad con algunos usuarios de relevancia frente al logro de los objetivos | P35: =IF(OR(O35='[4]Tabla Impacto'!$C$11,O35='[4]Tabla Impacto'!$D$11),"Leve",IF(OR(O35='[4]Tabla Impacto'!$C$12,O35='[4]Tabla Impacto'!$D$12),"Menor",IF(OR(O35='[4]Tabla Impacto'!$C$13,O35='[4]Tabla Impacto'!$D$13),"Moderado",IF(OR(O35='[4]Tabla Impacto'!$C$14,O35='[4]Tabla Impacto'!$D$14),"Mayor",IF(OR(O35='[4]Tabla Impacto'!$C$15,O35='[4]Tabla Impacto'!$D$15),"Catastrófico",""))))) -> Moderado | Q35: =IF(P35="","",IF(P35="Leve",0.2,IF(P35="Menor",0.4,IF(P35="Moderado",0.6,IF(P35="Mayor",0.8,IF(P35="Catastrófico",1,)))))) -> 0.6 | R35: =IF(OR(AND(L35="Muy Baja",P35="Leve"),AND(L35="Muy Baja",P35="Menor"),AND(L35="Baja",P35="Leve")),"Bajo",IF(OR(AND(L35="Muy baja",P35="Moderado"),AND(L35="Baja",P35="Menor"),AND(L35="Baja",P35="Moderado"),AND(L35="Media",P35="Leve"),AND(L35="Media",P35="Menor"),AND(L35="Media",P35="Moderado"),AND(L35="Alta",P35="Leve"),AND(L35="Alta",P35="Menor")),"Moderado",IF(OR(AND(L35="Muy Baja",P35="Mayor"),AND(L35="Baja",P35="Mayor"),AND(L35="Media",P35="Mayor"),AND(L35="Alta",P35="Moderado"),AND(L35="Alta",P35="Mayor"),AND(L35="Muy Alta",P35="Leve"),AND(L35="Muy Alta",P35="Menor"),AND(L35="Muy Alta",P35="Moderado"),AND(L35="Muy Alta",P35="Mayor")),"Alto",IF(OR(AND(L35="Muy Baja",P35="Catastrófico"),AND(L35="Baja",P35="Catastrófico"),AND(L35="Media",P35="Catastrófico"),AND(L35="Alta",P35="Catastrófico"),AND(L35="Muy Alta",P35="Catastrófico")),"Extremo","")))) -> Moderado | S35: 1 | T35: El profesional de planeación mensualmente informa el estado de cumplimiento de las metas PDD a través del seguimiento de la planeación institucional, y se documenta cualquier desviación mediante el tablero de control del aplicativo de la gobernación de Cundinamarca, de igual manera trimestralmente presenta un avance de todas las metas del plan de acción | U35: Probabilidad | V35: Preventivo | W35: Manual | X35: =IF(AND(V35="Preventivo",W35="Automático"),"50%",IF(AND(V35="Preventivo",W35="Manual"),"40%",IF(AND(V35="Detectivo",W35="Automático"),"40%",IF(AND(V35="Detectivo",W35="Manual"),"30%",IF(AND(V35="Correctivo",W35="Automático"),"35%",IF(AND(V35="Correctivo",W35="Manual"),"25%","")))))) -> 40% | Y35: Documentado | Z35: Continua | AA35: Con Registro | AB35: =IFERROR(IF(U35="Probabilidad",(M35-(+M35*X35)),IF(U35="Impacto",M35,"")),"") -> 0.24 | AC35: =IFERROR(IF(AB35="","",IF(AB35<=0.2,"Muy Baja",IF(AB35<=0.4,"Baja",IF(AB35<=0.6,"Media",IF(AB35<=0.8,"Alta","Muy Alta"))))),"") -> Baja | AD35: =+AB35 -> 0.24 | AE35: =IFERROR(IF(AF35="","",IF(AF35<=0.2,"Leve",IF(AF35<=0.4,"Menor",IF(AF35<=0.6,"Moderado",IF(AF35<=0.8,"Mayor","Catastrófico"))))),"") -> Moderado | AF35: =IFERROR(IF(U35="Impacto",(Q35-(+Q35*X35)),IF(U35="Probabilidad",Q35,"")),"") -> 0.6 | AG35: =IFERROR(IF(OR(AND(AC35="Muy Baja",AE35="Leve"),AND(AC35="Muy Baja",AE35="Menor"),AND(AC35="Baja",AE35="Leve")),"Bajo",IF(OR(AND(AC35="Muy baja",AE35="Moderado"),AND(AC35="Baja",AE35="Menor"),AND(AC35="Baja",AE35="Moderado"),AND(AC35="Media",AE35="Leve"),AND(AC35="Media",AE35="Menor"),AND(AC35="Media",AE35="Moderado"),AND(AC35="Alta",AE35="Leve"),AND(AC35="Alta",AE35="Menor")),"Moderado",IF(OR(AND(AC35="Muy Baja",AE35="Mayor"),AND(AC35="Baja",AE35="Mayor"),AND(AC35="Media",AE35="Mayor"),AND(AC35="Alta",AE35="Moderado"),AND(AC35="Alta",AE35="Mayor"),AND(AC35="Muy Alta",AE35="Leve"),AND(AC35="Muy Alta",AE35="Menor"),AND(AC35="Muy Alta",AE35="Moderado"),AND(AC35="Muy Alta",AE35="Mayor")),"Alto",IF(OR(AND(AC35="Muy Baja",AE35="Catastrófico"),AND(AC35="Baja",AE35="Catastrófico"),AND(AC35="Media",AE35="Catastrófico"),AND(AC35="Alta",AE35="Catastrófico"),AND(AC35="Muy Alta",AE35="Catastrófico")),"Extremo","")))),"") -> Moderado | AH35: Reducir (mitigar) | AI35: - | AJ35: Dirección de planeación | AK35: Enero 2021 - Diciembre 2021 | AL35: Mensualmente | AU35: X
S36: 2 | T36: El profesional de planeación cuando detecte desviaciones significativas en el cumplimiento de las metas por parte de los responsables, solicitara elaboración de plan choque para el respectivo cumplimiento al cual deberá realizar seguimiento | U36: Impacto | V36: Detectivo | W36: Manual | X36: =IF(AND(V36="Preventivo",W36="Automático"),"50%",IF(AND(V36="Preventivo",W36="Manual"),"40%",IF(AND(V36="Detectivo",W36="Automático"),"40%",IF(AND(V36="Detectivo",W36="Manual"),"30%",IF(AND(V36="Correctivo",W36="Automático"),"35%",IF(AND(V36="Correctivo",W36="Manual"),"25%","")))))) -> 30% | Y36: Documentado | Z36: Continua | AA36: Con Registro | AB36: =IFERROR(IF(U36="Probabilidad",(AB35-(+AB35*X36)),IF(U36="Impacto",AB35,"")),"") -> 0.24 | AC36: =IFERROR(IF(AB36="","",IF(AB36<=0.2,"Muy Baja",IF(AB36<=0.4,"Baja",IF(AB36<=0.6,"Media",IF(AB36<=0.8,"Alta","Muy Alta"))))),"") -> Baja | AD36: =+AB36 -> 0.24 | AE36: =IFERROR(IF(AF36="","",IF(AF36<=0.2,"Leve",IF(AF36<=0.4,"Menor",IF(AF36<=0.6,"Moderado",IF(AF36<=0.8,"Mayor","Catastrófico"))))),"") -> Moderado | AF36: =IFERROR(IF(U36="Impacto",(Q35-(+Q35*X36)),IF(U36="Probabilidad",Q35,"")),"") -> 0.42 | AG36: =IFERROR(IF(OR(AND(AC36="Muy Baja",AE36="Leve"),AND(AC36="Muy Baja",AE36="Menor"),AND(AC36="Baja",AE36="Leve")),"Bajo",IF(OR(AND(AC36="Muy baja",AE36="Moderado"),AND(AC36="Baja",AE36="Menor"),AND(AC36="Baja",AE36="Moderado"),AND(AC36="Media",AE36="Leve"),AND(AC36="Media",AE36="Menor"),AND(AC36="Media",AE36="Moderado"),AND(AC36="Alta",AE36="Leve"),AND(AC36="Alta",AE36="Menor")),"Moderado",IF(OR(AND(AC36="Muy Baja",AE36="Mayor"),AND(AC36="Baja",AE36="Mayor"),AND(AC36="Media",AE36="Mayor"),AND(AC36="Alta",AE36="Moderado"),AND(AC36="Alta",AE36="Mayor"),AND(AC36="Muy Alta",AE36="Leve"),AND(AC36="Muy Alta",AE36="Menor"),AND(AC36="Muy Alta",AE36="Moderado"),AND(AC36="Muy Alta",AE36="Mayor")),"Alto",IF(OR(AND(AC36="Muy Baja",AE36="Catastrófico"),AND(AC36="Baja",AE36="Catastrófico"),AND(AC36="Media",AE36="Catastrófico"),AND(AC36="Alta",AE36="Catastrófico"),AND(AC36="Muy Alta",AE36="Catastrófico")),"Extremo","")))),"") -> Moderado | AH36: Reducir (mitigar) | AJ36: Dirección de planeación | AK36: Enero 2021 - Diciembre 2021 | AL36: Mensualmente | AU36: X
A37: Aseguramiento de la Prestación del Servicio | B37: Fortalecer la operación y la gestión de los prestadores de servicios públicos domiciliarios | C37: Inicia con la validación y priorización de necesidades y finaliza con la entrega a satisfacción de los proyectos diseñados y ejecutados. | D37: Dirección de Aseguramiento de la Prestación | E37: 1 | F37: Reputacional | G37: Aplicación de investigación o sanción por parte del ente regulador | H37: Debido a no realizar el fortalecimiento operacional, institucional y técnico a los prestadores de servicios públicos domiciliarios | I37: Posibilidad de afectación reputacional por investigaciones o sanciones por parte del ente regulador, debido a no realizar el fortalecimiento operacional, institucional y técnico a los prestadores de servicios públicos domiciliarios | J37: Usuarios, Productos y Prácticas | K37: 300 | L37: =IF(K37<=0,"",IF(K37<=2,"Muy Baja",IF(K37<=24,"Baja",IF(K37<=500,"Media",IF(K37<=5000,"Alta","Muy Alta"))))) -> Media | M37: =IF(L37="","",IF(L37="Muy Baja",0.2,IF(L37="Baja",0.4,IF(L37="Media",0.6,IF(L37="Alta",0.8,IF(L37="Muy Alta",1,)))))) -> 0.6 | N37: ='Tabla Impacto'!D7 -> El riesgo afecta la imagen de de la entidad con efecto publicitario sostenido a nivel de sector administrativo, nivel departamental o municipal | O37: =IF(NOT(ISERROR(MATCH(N37,_xlfn.ANCHORARRAY(I37),0))),M37&"Por favor no seleccionar los criterios de impacto",N37) -> El riesgo afecta la imagen de de la entidad con efecto publicitario sostenido a nivel de sector administrativo, nivel departamental o municipal | P37: =IF(OR(O37='Tabla Impacto'!$C$4,O37='Tabla Impacto'!$D$4),"Leve",IF(OR(O37='Tabla Impacto'!$C$5,O37='Tabla Impacto'!$D$5),"Menor",IF(OR(O37='Tabla Impacto'!$C$6,O37='Tabla Impacto'!$D$6),"Moderado",IF(OR(O37='Tabla Impacto'!$C$7,O37='Tabla Impacto'!$D$7),"Mayor",IF(OR(O37='Tabla Impacto'!$C$8,O37='Tabla Impacto'!$D$8),"Catastrófico",""))))) -> Mayor | Q37: =IF(P37="","",IF(P37="Leve",0.2,IF(P37="Menor",0.4,IF(P37="Moderado",0.6,IF(P37="Mayor",0.8,IF(P37="Catastrófico",1,)))))) -> 0.8 | R37: =IF(OR(AND(L37="Muy Baja",P37="Leve"),AND(L37="Muy Baja",P37="Menor"),AND(L37="Baja",P37="Leve")),"Bajo",IF(OR(AND(L37="Muy baja",P37="Moderado"),AND(L37="Baja",P37="Menor"),AND(L37="Baja",P37="Moderado"),AND(L37="Media",P37="Leve"),AND(L37="Media",P37="Menor"),AND(L37="Media",P37="Moderado"),AND(L37="Alta",P37="Leve"),AND(L37="Alta",P37="Menor")),"Moderado",IF(OR(AND(L37="Muy Baja",P37="Mayor"),AND(L37="Baja",P37="Mayor"),AND(L37="Media",P37="Mayor"),AND(L37="Alta",P37="Moderado"),AND(L37="Alta",P37="Mayor"),AND(L37="Muy Alta",P37="Leve"),AND(L37="Muy Alta",P37="Menor"),AND(L37="Muy Alta",P37="Moderado"),AND(L37="Muy Alta",P37="Mayor")),"Alto",IF(OR(AND(L37="Muy Baja",P37="Catastrófico"),AND(L37="Baja",P37="Catastrófico"),AND(L37="Media",P37="Catastrófico"),AND(L37="Alta",P37="Catastrófico"),AND(L37="Muy Alta",P37="Catastrófico")),"Extremo","")))) -> Alto | S37: 1 | T37: De acuerdo a las solicitudes, el profesional de Aseguramiento de la prestación del servicio, establece un cronograma de actividades, conforme a los procedimientos del área para realizar los fortalecimientos. | U37: Probabilidad | V37: Preventivo | W37: Manual | X37: =IF(AND(V37="Preventivo",W37="Automático"),"50%",IF(AND(V37="Preventivo",W37="Manual"),"40%",IF(AND(V37="Detectivo",W37="Automático"),"40%",IF(AND(V37="Detectivo",W37="Manual"),"30%",IF(AND(V37="Correctivo",W37="Automático"),"35%",IF(AND(V37="Correctivo",W37="Manual"),"25%","")))))) -> 40% | Y37: Documentado | Z37: Continua | AA37: Con Registro | AB37: =IFERROR(IF(U37="Probabilidad",(M37-(+M37*X37)),IF(U37="Impacto",M37,"")),"") -> 0.36 | AC37: =IFERROR(IF(AB37="","",IF(AB37<=0.2,"Muy Baja",IF(AB37<=0.4,"Baja",IF(AB37<=0.6,"Media",IF(AB37<=0.8,"Alta","Muy Alta"))))),"") -> Baja | AD37: =+AB37 -> 0.36 | AE37: =IFERROR(IF(AF37="","",IF(AF37<=0.2,"Leve",IF(AF37<=0.4,"Menor",IF(AF37<=0.6,"Moderado",IF(AF37<=0.8,"Mayor","Catastrófico"))))),"") -> Mayor | AF37: =IFERROR(IF(U37="Impacto",(Q37-(+Q37*X37)),IF(U37="Probabilidad",Q37,"")),"") -> 0.8 | AG37: =IFERROR(IF(OR(AND(AC37="Muy Baja",AE37="Leve"),AND(AC37="Muy Baja",AE37="Menor"),AND(AC37="Baja",AE37="Leve")),"Bajo",IF(OR(AND(AC37="Muy baja",AE37="Moderado"),AND(AC37="Baja",AE37="Menor"),AND(AC37="Baja",AE37="Moderado"),AND(AC37="Media",AE37="Leve"),AND(AC37="Media",AE37="Menor"),AND(AC37="Media",AE37="Moderado"),AND(AC37="Alta",AE37="Leve"),AND(AC37="Alta",AE37="Menor")),"Moderado",IF(OR(AND(AC37="Muy Baja",AE37="Mayor"),AND(AC37="Baja",AE37="Mayor"),AND(AC37="Media",AE37="Mayor"),AND(AC37="Alta",AE37="Moderado"),AND(AC37="Alta",AE37="Mayor"),AND(AC37="Muy Alta",AE37="Leve"),AND(AC37="Muy Alta",AE37="Menor"),AND(AC37="Muy Alta",AE37="Moderado"),AND(AC37="Muy Alta",AE37="Mayor")),"Alto",IF(OR(AND(AC37="Muy Baja",AE37="Catastrófico"),AND(AC37="Baja",AE37="Catastrófico"),AND(AC37="Media",AE37="Catastrófico"),AND(AC37="Alta",AE37="Catastrófico"),AND(AC37="Muy Alta",AE37="Catastrófico")),"Extremo","")))),"") -> Alto | AH37: Reducir (mitigar) | AI37: N/A | AJ37: Dirección de Aseguramiento | AK37: Mayo 2021 - enero 2022 | AL37: Mensualmente | AN37: En curso | AT37: X | AU37: X
S38: 2 | T38: El profesional de Aseguramiento, realizará las actividades plasmadas en los procedimientos de acuerdo a la solicitud del prestador. | U38: Probabilidad | V38: Preventivo | W38: Manual | X38: =IF(AND(V38="Preventivo",W38="Automático"),"50%",IF(AND(V38="Preventivo",W38="Manual"),"40%",IF(AND(V38="Detectivo",W38="Automático"),"40%",IF(AND(V38="Detectivo",W38="Manual"),"30%",IF(AND(V38="Correctivo",W38="Automático"),"35%",IF(AND(V38="Correctivo",W38="Manual"),"25%","")))))) -> 40% | Y38: Documentado | Z38: Continua | AA38: Con Registro | AB38: =IFERROR(IF(U38="Probabilidad",(AB37-(+AB37*X38)),IF(U38="Impacto",AB37,"")),"") -> 0.216 | AC38: =IFERROR(IF(AB38="","",IF(AB38<=0.2,"Muy Baja",IF(AB38<=0.4,"Baja",IF(AB38<=0.6,"Media",IF(AB38<=0.8,"Alta","Muy Alta"))))),"") -> Baja | AD38: =+AB38 -> 0.216 | AE38: =IFERROR(IF(AF38="","",IF(AF38<=0.2,"Leve",IF(AF38<=0.4,"Menor",IF(AF38<=0.6,"Moderado",IF(AF38<=0.8,"Mayor","Catastrófico"))))),"") -> Mayor | AF38: =IFERROR(IF(U38="Impacto",(Q37-(+Q37*X38)),IF(U38="Probabilidad",Q37,"")),"") -> 0.8 | AG38: =IFERROR(IF(OR(AND(AC38="Muy Baja",AE38="Leve"),AND(AC38="Muy Baja",AE38="Menor"),AND(AC38="Baja",AE38="Leve")),"Bajo",IF(OR(AND(AC38="Muy baja",AE38="Moderado"),AND(AC38="Baja",AE38="Menor"),AND(AC38="Baja",AE38="Moderado"),AND(AC38="Media",AE38="Leve"),AND(AC38="Media",AE38="Menor"),AND(AC38="Media",AE38="Moderado"),AND(AC38="Alta",AE38="Leve"),AND(AC38="Alta",AE38="Menor")),"Moderado",IF(OR(AND(AC38="Muy Baja",AE38="Mayor"),AND(AC38="Baja",AE38="Mayor"),AND(AC38="Media",AE38="Mayor"),AND(AC38="Alta",AE38="Moderado"),AND(AC38="Alta",AE38="Mayor"),AND(AC38="Muy Alta",AE38="Leve"),AND(AC38="Muy Alta",AE38="Menor"),AND(AC38="Muy Alta",AE38="Moderado"),AND(AC38="Muy Alta",AE38="Mayor")),"Alto",IF(OR(AND(AC38="Muy Baja",AE38="Catastrófico"),AND(AC38="Baja",AE38="Catastrófico"),AND(AC38="Media",AE38="Catastrófico"),AND(AC38="Alta",AE38="Catastrófico"),AND(AC38="Muy Alta",AE38="Catastrófico")),"Extremo","")))),"") -> Alto | AH38: Reducir (mitigar) | AJ38: Dirección de Aseguramiento | AK38: Mayo 2021 - enero 2022 | AL38: Mensualmente | AN38: En curso | AT38: X | AU38: X
A39: Gestión Financiera | B39: Administrar los recursos financieros que permitan la toma de decisiones para el cumplimiento de las metas del Plan Estratégico por vigencia suministrando información oportuna, veraz y confiable para la toma de decisiones. Gestionar durante cada vigencia fiscal los recursos financieros necesarios para el cumplimiento | C39: Desde la planeación presupuestal, contable y financiera para cada vigencia fiscal hasta la ejecución de los recursos y la presentación de informes y estados financieros de la vigencia. Inicia con la planeación presupuestal, contable, financiera y culmina con la ejecución de los recursos y la presentación de informes financieros y contables de la vigencia fiscal. | D39: Dirección de Finanzas y Presupuesto | E39: 1 | F39: Económico y Reputacional | G39: Investigación, hallazgo o aplicación de sanciones por parte de entidades de control y vigilancia. | H39: Debido a la omisión de valores en la cuantía requerida. | I39: Posibilidad de afectación económica y reputacional por investigaciones o sanciones por parte de los entes de control y vigilancia, debido a la omisión de valores en la cuantía requerida para cumplir una obligación. | J39: Usuarios, Productos y Prácticas | K39: =20*12 -> 240 | L39: =IF(K39<=0,"",IF(K39<=2,"Muy Baja",IF(K39<=24,"Baja",IF(K39<=500,"Media",IF(K39<=5000,"Alta","Muy Alta"))))) -> Media | M39: =IF(L39="","",IF(L39="Muy Baja",0.2,IF(L39="Baja",0.4,IF(L39="Media",0.6,IF(L39="Alta",0.8,IF(L39="Muy Alta",1,)))))) -> 0.6 | N39: El riesgo afecta la imagen de la entidad con algunos usuarios de relevancia frente al logro de los objetivos | O39: =IF(NOT(ISERROR(MATCH(N39,'[5]Tabla Impacto'!$B$221:$B$223,0))),'[5]Tabla Impacto'!$F$223&"Por favor no seleccionar los criterios de impacto(Afectación Económica o presupuestal y Pérdida Reputacional)",N39) -> El riesgo afecta la imagen de la entidad con algunos usuarios de relevancia frente al logro de los objetivos | P39: =IF(OR(O39='[5]Tabla Impacto'!$C$11,O39='[5]Tabla Impacto'!$D$11),"Leve",IF(OR(O39='[5]Tabla Impacto'!$C$12,O39='[5]Tabla Impacto'!$D$12),"Menor",IF(OR(O39='[5]Tabla Impacto'!$C$13,O39='[5]Tabla Impacto'!$D$13),"Moderado",IF(OR(O39='[5]Tabla Impacto'!$C$14,O39='[5]Tabla Impacto'!$D$14),"Mayor",IF(OR(O39='[5]Tabla Impacto'!$C$15,O39='[5]Tabla Impacto'!$D$15),"Catastrófico",""))))) -> Moderado | Q39: =IF(P39="","",IF(P39="Leve",0.2,IF(P39="Menor",0.4,IF(P39="Moderado",0.6,IF(P39="Mayor",0.8,IF(P39="Catastrófico",1,)))))) -> 0.6 | R39: =IF(OR(AND(L39="Muy Baja",P39="Leve"),AND(L39="Muy Baja",P39="Menor"),AND(L39="Baja",P39="Leve")),"Bajo",IF(OR(AND(L39="Muy baja",P39="Moderado"),AND(L39="Baja",P39="Menor"),AND(L39="Baja",P39="Moderado"),AND(L39="Media",P39="Leve"),AND(L39="Media",P39="Menor"),AND(L39="Media",P39="Moderado"),AND(L39="Alta",P39="Leve"),AND(L39="Alta",P39="Menor")),"Moderado",IF(OR(AND(L39="Muy Baja",P39="Mayor"),AND(L39="Baja",P39="Mayor"),AND(L39="Media",P39="Mayor"),AND(L39="Alta",P39="Moderado"),AND(L39="Alta",P39="Mayor"),AND(L39="Muy Alta",P39="Leve"),AND(L39="Muy Alta",P39="Menor"),AND(L39="Muy Alta",P39="Moderado"),AND(L39="Muy Alta",P39="Mayor")),"Alto",IF(OR(AND(L39="Muy Baja",P39="Catastrófico"),AND(L39="Baja",P39="Catastrófico"),AND(L39="Media",P39="Catastrófico"),AND(L39="Alta",P39="Catastrófico"),AND(L39="Muy Alta",P39="Catastrófico")),"Extremo","")))) -> Moderado | S39: 1 | T39: El profesional de planta de la Dirección de Finanzas y Presupuesto realiza revisión al presupuesto con el fin de identificar que se cuenta con los recursos en los rubros adecuados para el cumplimiento de las obligaciones financieras adquiridas por la entidad. | U39: Probabilidad | V39: Preventivo | W39: Automático | X39: =IF(AND(V39="Preventivo",W39="Automático"),"50%",IF(AND(V39="Preventivo",W39="Manual"),"40%",IF(AND(V39="Detectivo",W39="Automático"),"40%",IF(AND(V39="Detectivo",W39="Manual"),"30%",IF(AND(V39="Correctivo",W39="Automático"),"35%",IF(AND(V39="Correctivo",W39="Manual"),"25%","")))))) -> 50% | Y39: Documentado | Z39: Continua | AA39: Con Registro | AB39: =IFERROR(IF(U39="Probabilidad",(M39-(+M39*X39)),IF(U39="Impacto",M39,"")),"") -> 0.3 | AC39: =IFERROR(IF(AB39="","",IF(AB39<=0.2,"Muy Baja",IF(AB39<=0.4,"Baja",IF(AB39<=0.6,"Media",IF(AB39<=0.8,"Alta","Muy Alta"))))),"") -> Baja | AD39: =+AB39 -> 0.3 | AE39: =IFERROR(IF(AF39="","",IF(AF39<=0.2,"Leve",IF(AF39<=0.4,"Menor",IF(AF39<=0.6,"Moderado",IF(AF39<=0.8,"Mayor","Catastrófico"))))),"") -> Moderado | AF39: =IFERROR(IF(U39="Impacto",(Q39-(+Q39*X39)),IF(U39="Probabilidad",Q39,"")),"") -> 0.6 | AG39: =IFERROR(IF(OR(AND(AC39="Muy Baja",AE39="Leve"),AND(AC39="Muy Baja",AE39="Menor"),AND(AC39="Baja",AE39="Leve")),"Bajo",IF(OR(AND(AC39="Muy baja",AE39="Moderado"),AND(AC39="Baja",AE39="Menor"),AND(AC39="Baja",AE39="Moderado"),AND(AC39="Media",AE39="Leve"),AND(AC39="Media",AE39="Menor"),AND(AC39="Media",AE39="Moderado"),AND(AC39="Alta",AE39="Leve"),AND(AC39="Alta",AE39="Menor")),"Moderado",IF(OR(AND(AC39="Muy Baja",AE39="Mayor"),AND(AC39="Baja",AE39="Mayor"),AND(AC39="Media",AE39="Mayor"),AND(AC39="Alta",AE39="Moderado"),AND(AC39="Alta",AE39="Mayor"),AND(AC39="Muy Alta",AE39="Leve"),AND(AC39="Muy Alta",AE39="Menor"),AND(AC39="Muy Alta",AE39="Moderado"),AND(AC39="Muy Alta",AE39="Mayor")),"Alto",IF(OR(AND(AC39="Muy Baja",AE39="Catastrófico"),AND(AC39="Baja",AE39="Catastrófico"),AND(AC39="Media",AE39="Catastrófico"),AND(AC39="Alta",AE39="Catastrófico"),AND(AC39="Muy Alta",AE39="Catastrófico")),"Extremo","")))),"") -> Moderado | AH39: Evitar | AI39: *Desarrollo del procedimiento GF-Pc010 Elaboración y Aprobación de Presupuesto. *Desarrollo del procedimiento GF-Pc018 Modificación y Traslados Presupuestales. | AJ39: Dirección de Finanzas y Presupuesto | AK39: Noviembre 2022 a Noviembre 2023 | AL39: Mensual | AN39: En curso | AR39: X | AT39: X | AU39: X | AV39: X
S40: 2 | T40: El profesional de planta de la Dirección de Finanzas y Presupuesto realiza seguimiento a la ejecución presupuestal de los ingresos, gastos y líneas de negocio, con periodicidad mensual para el control en la apropiación de recursos realizadas en el software. | U40: Probabilidad | V40: Preventivo | W40: Automático | X40: =IF(AND(V40="Preventivo",W40="Automático"),"50%",IF(AND(V40="Preventivo",W40="Manual"),"40%",IF(AND(V40="Detectivo",W40="Automático"),"40%",IF(AND(V40="Detectivo",W40="Manual"),"30%",IF(AND(V40="Correctivo",W40="Automático"),"35%",IF(AND(V40="Correctivo",W40="Manual"),"25%","")))))) -> 50% | Y40: Documentado | Z40: Continua | AA40: Con Registro | AB40: =IFERROR(IF(U40="Probabilidad",(AB39-(+AB39*X40)),IF(U40="Impacto",M39,"")),"") -> 0.15 | AC40: =IFERROR(IF(AB40="","",IF(AB40<=0.2,"Muy Baja",IF(AB40<=0.4,"Baja",IF(AB40<=0.6,"Media",IF(AB40<=0.8,"Alta","Muy Alta"))))),"") -> Muy Baja | AD40: =+AB40 -> 0.15 | AE40: =IFERROR(IF(AF40="","",IF(AF40<=0.2,"Leve",IF(AF40<=0.4,"Menor",IF(AF40<=0.6,"Moderado",IF(AF40<=0.8,"Mayor","Catastrófico"))))),"") -> Moderado | AF40: =IFERROR(IF(U40="Impacto",(Q39-(+Q39*X40)),IF(U40="Probabilidad",Q39,"")),"") -> 0.6 | AG40: =IFERROR(IF(OR(AND(AC40="Muy Baja",AE40="Leve"),AND(AC40="Muy Baja",AE40="Menor"),AND(AC40="Baja",AE40="Leve")),"Bajo",IF(OR(AND(AC40="Muy baja",AE40="Moderado"),AND(AC40="Baja",AE40="Menor"),AND(AC40="Baja",AE40="Moderado"),AND(AC40="Media",AE40="Leve"),AND(AC40="Media",AE40="Menor"),AND(AC40="Media",AE40="Moderado"),AND(AC40="Alta",AE40="Leve"),AND(AC40="Alta",AE40="Menor")),"Moderado",IF(OR(AND(AC40="Muy Baja",AE40="Mayor"),AND(AC40="Baja",AE40="Mayor"),AND(AC40="Media",AE40="Mayor"),AND(AC40="Alta",AE40="Moderado"),AND(AC40="Alta",AE40="Mayor"),AND(AC40="Muy Alta",AE40="Leve"),AND(AC40="Muy Alta",AE40="Menor"),AND(AC40="Muy Alta",AE40="Moderado"),AND(AC40="Muy Alta",AE40="Mayor")),"Alto",IF(OR(AND(AC40="Muy Baja",AE40="Catastrófico"),AND(AC40="Baja",AE40="Catastrófico"),AND(AC40="Media",AE40="Catastrófico"),AND(AC40="Alta",AE40="Catastrófico"),AND(AC40="Muy Alta",AE40="Catastrófico")),"Extremo","")))),"") -> Moderado | AH40: Reducir (mitigar) | AJ40: Dirección de Finanzas y Presupuesto | AK40: Noviembre 2022 a Noviembre 2023 | AL40: Mensual | AN40: En curso | AR40: X | AT40: X | AU40: X | AV40: X
E41: 2 | F41: Reputacional | G41: Investigación, hallazgo o aplicación de sanciones por parte de entidades de control y vigilancia. | H41: Debido a no rendir o presentar las cuentas e informes exigidos ordinariamente, o no hacerlo en la forma y oportunidad establecidas. | I41: Posibilidad de afectación reputacional por investigaciones o sanciones por parte de los entes de control y vigilancia, debido a no rendir o presentar las cuentas e informes exigidos ordinariamente, o no hacerlo en la forma y oportunidad establecidas. | J41: Usuarios, Productos y Prácticas | K41: 12 | L41: =IF(K41<=0,"",IF(K41<=2,"Muy Baja",IF(K41<=24,"Baja",IF(K41<=500,"Media",IF(K41<=5000,"Alta","Muy Alta"))))) -> Baja | M41: =IF(L41="","",IF(L41="Muy Baja",0.2,IF(L41="Baja",0.4,IF(L41="Media",0.6,IF(L41="Alta",0.8,IF(L41="Muy Alta",1,)))))) -> 0.4 | N41: El riesgo afecta la imagen de la entidad con algunos usuarios de relevancia frente al logro de los objetivos | O41: =IF(NOT(ISERROR(MATCH(N41,'[5]Tabla Impacto'!$B$221:$B$223,0))),'[5]Tabla Impacto'!$F$223&"Por favor no seleccionar los criterios de impacto(Afectación Económica o presupuestal y Pérdida Reputacional)",N41) -> El riesgo afecta la imagen de la entidad con algunos usuarios de relevancia frente al logro de los objetivos | P41: =IF(OR(O41='[5]Tabla Impacto'!$C$11,O41='[5]Tabla Impacto'!$D$11),"Leve",IF(OR(O41='[5]Tabla Impacto'!$C$12,O41='[5]Tabla Impacto'!$D$12),"Menor",IF(OR(O41='[5]Tabla Impacto'!$C$13,O41='[5]Tabla Impacto'!$D$13),"Moderado",IF(OR(O41='[5]Tabla Impacto'!$C$14,O41='[5]Tabla Impacto'!$D$14),"Mayor",IF(OR(O41='[5]Tabla Impacto'!$C$15,O41='[5]Tabla Impacto'!$D$15),"Catastrófico",""))))) -> Moderado | Q41: =IF(P41="","",IF(P41="Leve",0.2,IF(P41="Menor",0.4,IF(P41="Moderado",0.6,IF(P41="Mayor",0.8,IF(P41="Catastrófico",1,)))))) -> 0.6 | R41: =IF(OR(AND(L41="Muy Baja",P41="Leve"),AND(L41="Muy Baja",P41="Menor"),AND(L41="Baja",P41="Leve")),"Bajo",IF(OR(AND(L41="Muy baja",P41="Moderado"),AND(L41="Baja",P41="Menor"),AND(L41="Baja",P41="Moderado"),AND(L41="Media",P41="Leve"),AND(L41="Media",P41="Menor"),AND(L41="Media",P41="Moderado"),AND(L41="Alta",P41="Leve"),AND(L41="Alta",P41="Menor")),"Moderado",IF(OR(AND(L41="Muy Baja",P41="Mayor"),AND(L41="Baja",P41="Mayor"),AND(L41="Media",P41="Mayor"),AND(L41="Alta",P41="Moderado"),AND(L41="Alta",P41="Mayor"),AND(L41="Muy Alta",P41="Leve"),AND(L41="Muy Alta",P41="Menor"),AND(L41="Muy Alta",P41="Moderado"),AND(L41="Muy Alta",P41="Mayor")),"Alto",IF(OR(AND(L41="Muy Baja",P41="Catastrófico"),AND(L41="Baja",P41="Catastrófico"),AND(L41="Media",P41="Catastrófico"),AND(L41="Alta",P41="Catastrófico"),AND(L41="Muy Alta",P41="Catastrófico")),"Extremo","")))) -> Moderado | S41: 1 | T41: El profesional de la Dirección de Finanzas y Presupuesto realiza revisión de la información a reportar con el fin de identificar incoherencia o inexactitudes en los datos. | U41: =IF(OR(V41="Preventivo",V41="Detectivo"),"Probabilidad",IF(V41="Correctivo","Impacto","")) -> Probabilidad | V41: Detectivo | W41: Automático | X41: =IF(AND(V41="Preventivo",W41="Automático"),"50%",IF(AND(V41="Preventivo",W41="Manual"),"40%",IF(AND(V41="Detectivo",W41="Automático"),"40%",IF(AND(V41="Detectivo",W41="Manual"),"30%",IF(AND(V41="Correctivo",W41="Automático"),"35%",IF(AND(V41="Correctivo",W41="Manual"),"25%","")))))) -> 40% | Y41: Documentado | Z41: Continua | AA41: Con Registro | AB41: =IFERROR(IF(U41="Probabilidad",(M41-(+M41*X41)),IF(U41="Impacto",M41,"")),"") -> 0.24 | AC41: =IFERROR(IF(AB41="","",IF(AB41<=0.2,"Muy Baja",IF(AB41<=0.4,"Baja",IF(AB41<=0.6,"Media",IF(AB41<=0.8,"Alta","Muy Alta"))))),"") -> Baja | AD41: =+AB41 -> 0.24 | AE41: =IFERROR(IF(AF41="","",IF(AF41<=0.2,"Leve",IF(AF41<=0.4,"Menor",IF(AF41<=0.6,"Moderado",IF(AF41<=0.8,"Mayor","Catastrófico"))))),"") -> Moderado | AF41: =IFERROR(IF(U41="Impacto",(Q41-(+Q41*X41)),IF(U41="Probabilidad",Q41,"")),"") -> 0.6 | AG41: =IFERROR(IF(OR(AND(AC41="Muy Baja",AE41="Leve"),AND(AC41="Muy Baja",AE41="Menor"),AND(AC41="Baja",AE41="Leve")),"Bajo",IF(OR(AND(AC41="Muy baja",AE41="Moderado"),AND(AC41="Baja",AE41="Menor"),AND(AC41="Baja",AE41="Moderado"),AND(AC41="Media",AE41="Leve"),AND(AC41="Media",AE41="Menor"),AND(AC41="Media",AE41="Moderado"),AND(AC41="Alta",AE41="Leve"),AND(AC41="Alta",AE41="Menor")),"Moderado",IF(OR(AND(AC41="Muy Baja",AE41="Mayor"),AND(AC41="Baja",AE41="Mayor"),AND(AC41="Media",AE41="Mayor"),AND(AC41="Alta",AE41="Moderado"),AND(AC41="Alta",AE41="Mayor"),AND(AC41="Muy Alta",AE41="Leve"),AND(AC41="Muy Alta",AE41="Menor"),AND(AC41="Muy Alta",AE41="Moderado"),AND(AC41="Muy Alta",AE41="Mayor")),"Alto",IF(OR(AND(AC41="Muy Baja",AE41="Catastrófico"),AND(AC41="Baja",AE41="Catastrófico"),AND(AC41="Media",AE41="Catastrófico"),AND(AC41="Alta",AE41="Catastrófico"),AND(AC41="Muy Alta",AE41="Catastrófico")),"Extremo","")))),"") -> Moderado | AH41: Evitar | AI41: *Actualización constante de la normatividad que rige la presentación de los informes a rendir. *Desarrollo del procedimiento GF-Pc008 Rendición de Informes Externos. *Desarrollo del procedimiento GF-F128 Cronograma de Rendición de Informes. | AJ41: Dirección de Finanzas y Presupuesto | AK41: Noviembre 2022 a Noviembre 2023 | AL41: Mensual | AN41: En curso | AR41: X | AT41: X | AU41: X | AV41: X
S42: 2 | T42: El profesional de la Dirección de Finanzas y Presupuesto realiza seguimiento al reporte oportuno de los informes asignados a la dirección. | U42: =IF(OR(V42="Preventivo",V42="Detectivo"),"Probabilidad",IF(V42="Correctivo","Impacto","")) -> Probabilidad | V42: Preventivo | W42: Manual | X42: =IF(AND(V42="Preventivo",W42="Automático"),"50%",IF(AND(V42="Preventivo",W42="Manual"),"40%",IF(AND(V42="Detectivo",W42="Automático"),"40%",IF(AND(V42="Detectivo",W42="Manual"),"30%",IF(AND(V42="Correctivo",W42="Automático"),"35%",IF(AND(V42="Correctivo",W42="Manual"),"25%","")))))) -> 40% | Y42: Documentado | Z42: Continua | AA42: Con Registro | AB42: =IFERROR(IF(U42="Probabilidad",(AB41-(+AB41*X42)),IF(U42="Impacto",M41,"")),"") -> 0.144 | AC42: =IFERROR(IF(AB42="","",IF(AB42<=0.2,"Muy Baja",IF(AB42<=0.4,"Baja",IF(AB42<=0.6,"Media",IF(AB42<=0.8,"Alta","Muy Alta"))))),"") -> Muy Baja | AD42: =+AB42 -> 0.144 | AE42: =IFERROR(IF(AF42="","",IF(AF42<=0.2,"Leve",IF(AF42<=0.4,"Menor",IF(AF42<=0.6,"Moderado",IF(AF42<=0.8,"Mayor","Catastrófico"))))),"") -> Moderado | AF42: =IFERROR(IF(U42="Impacto",(Q41-(+Q41*X42)),IF(U42="Probabilidad",Q41,"")),"") -> 0.6 | AG42: =IFERROR(IF(OR(AND(AC42="Muy Baja",AE42="Leve"),AND(AC42="Muy Baja",AE42="Menor"),AND(AC42="Baja",AE42="Leve")),"Bajo",IF(OR(AND(AC42="Muy baja",AE42="Moderado"),AND(AC42="Baja",AE42="Menor"),AND(AC42="Baja",AE42="Moderado"),AND(AC42="Media",AE42="Leve"),AND(AC42="Media",AE42="Menor"),AND(AC42="Media",AE42="Moderado"),AND(AC42="Alta",AE42="Leve"),AND(AC42="Alta",AE42="Menor")),"Moderado",IF(OR(AND(AC42="Muy Baja",AE42="Mayor"),AND(AC42="Baja",AE42="Mayor"),AND(AC42="Media",AE42="Mayor"),AND(AC42="Alta",AE42="Moderado"),AND(AC42="Alta",AE42="Mayor"),AND(AC42="Muy Alta",AE42="Leve"),AND(AC42="Muy Alta",AE42="Menor"),AND(AC42="Muy Alta",AE42="Moderado"),AND(AC42="Muy Alta",AE42="Mayor")),"Alto",IF(OR(AND(AC42="Muy Baja",AE42="Catastrófico"),AND(AC42="Baja",AE42="Catastrófico"),AND(AC42="Media",AE42="Catastrófico"),AND(AC42="Alta",AE42="Catastrófico"),AND(AC42="Muy Alta",AE42="Catastrófico")),"Extremo","")))),"") -> Moderado | AH42: Evitar | AJ42: Dirección de Finanzas y Presupuesto | AK42: Noviembre 2022 a Noviembre 2023 | AL42: Mensual | AN42: En curso | AR42: X | AT42: X | AU42: X | AV42: X
E43: 3 | F43: Reputacional | G43: Demandas y quejas por parte de los contratistas o proveedores. | H43: Debido ha demoras en el tramite y pago de cuentas. | I43: Posibilidad de afectación reputacional y económica por demandas y quejas por parte de los contratistas o proveedores debido ha demoras en el tramite y pago de cuentas. | J43: Ejecución y Administración de procesos | K43: 350 | L43: =IF(K43<=0,"",IF(K43<=2,"Muy Baja",IF(K43<=24,"Baja",IF(K43<=500,"Media",IF(K43<=5000,"Alta","Muy Alta"))))) -> Media | M43: =IF(L43="","",IF(L43="Muy Baja",0.2,IF(L43="Baja",0.4,IF(L43="Media",0.6,IF(L43="Alta",0.8,IF(L43="Muy Alta",1,)))))) -> 0.6 | N43: Entre 10 y 50 SMLMV | O43: =IF(NOT(ISERROR(MATCH(N43,'[5]Tabla Impacto'!$B$221:$B$223,0))),'[5]Tabla Impacto'!$F$223&"Por favor no seleccionar los criterios de impacto(Afectación Económica o presupuestal y Pérdida Reputacional)",N43) -> Entre 10 y 50 SMLMV | P43: Moderado | Q43: =IF(P43="","",IF(P43="Leve",0.2,IF(P43="Menor",0.4,IF(P43="Moderado",0.6,IF(P43="Mayor",0.8,IF(P43="Catastrófico",1,)))))) -> 0.6 | R43: =IF(OR(AND(L43="Muy Baja",P43="Leve"),AND(L43="Muy Baja",P43="Menor"),AND(L43="Baja",P43="Leve")),"Bajo",IF(OR(AND(L43="Muy baja",P43="Moderado"),AND(L43="Baja",P43="Menor"),AND(L43="Baja",P43="Moderado"),AND(L43="Media",P43="Leve"),AND(L43="Media",P43="Menor"),AND(L43="Media",P43="Moderado"),AND(L43="Alta",P43="Leve"),AND(L43="Alta",P43="Menor")),"Moderado",IF(OR(AND(L43="Muy Baja",P43="Mayor"),AND(L43="Baja",P43="Mayor"),AND(L43="Media",P43="Mayor"),AND(L43="Alta",P43="Moderado"),AND(L43="Alta",P43="Mayor"),AND(L43="Muy Alta",P43="Leve"),AND(L43="Muy Alta",P43="Menor"),AND(L43="Muy Alta",P43="Moderado"),AND(L43="Muy Alta",P43="Mayor")),"Alto",IF(OR(AND(L43="Muy Baja",P43="Catastrófico"),AND(L43="Baja",P43="Catastrófico"),AND(L43="Media",P43="Catastrófico"),AND(L43="Alta",P43="Catastrófico"),AND(L43="Muy Alta",P43="Catastrófico")),"Extremo","")))) -> Moderado | S43: 1 | T43: El profesional de la Dirección de Finanzas y Presupuesto realiza revisión de la información adjunta con las facturas y cuentas de cobro para corroborar que cumpla con los requisitos para su tramite. | U43: Probabilidad | V43: Preventivo | W43: Manual | X43: =IF(AND(V43="Preventivo",W43="Automático"),"50%",IF(AND(V43="Preventivo",W43="Manual"),"40%",IF(AND(V43="Detectivo",W43="Automático"),"40%",IF(AND(V43="Detectivo",W43="Manual"),"30%",IF(AND(V43="Correctivo",W43="Automático"),"35%",IF(AND(V43="Correctivo",W43="Manual"),"25%","")))))) -> 40% | Y43: Documentado | Z43: Continua | AA43: Con Registro | AB43: =IFERROR(IF(U43="Probabilidad",(M43-(+M43*X43)),IF(U43="Impacto",M43,"")),"") -> 0.36 | AC43: =IFERROR(IF(AB43="","",IF(AB43<=0.2,"Muy Baja",IF(AB43<=0.4,"Baja",IF(AB43<=0.6,"Media",IF(AB43<=0.8,"Alta","Muy Alta"))))),"") -> Baja | AD43: =+AB43 -> 0.36 | AE43: =IFERROR(IF(AF43="","",IF(AF43<=0.2,"Leve",IF(AF43<=0.4,"Menor",IF(AF43<=0.6,"Moderado",IF(AF43<=0.8,"Mayor","Catastrófico"))))),"") -> Moderado | AF43: =IFERROR(IF(U43="Impacto",(Q43-(+Q43*X43)),IF(U43="Probabilidad",Q43,"")),"") -> 0.6 | AG43: =IFERROR(IF(OR(AND(AC43="Muy Baja",AE43="Leve"),AND(AC43="Muy Baja",AE43="Menor"),AND(AC43="Baja",AE43="Leve")),"Bajo",IF(OR(AND(AC43="Muy baja",AE43="Moderado"),AND(AC43="Baja",AE43="Menor"),AND(AC43="Baja",AE43="Moderado"),AND(AC43="Media",AE43="Leve"),AND(AC43="Media",AE43="Menor"),AND(AC43="Media",AE43="Moderado"),AND(AC43="Alta",AE43="Leve"),AND(AC43="Alta",AE43="Menor")),"Moderado",IF(OR(AND(AC43="Muy Baja",AE43="Mayor"),AND(AC43="Baja",AE43="Mayor"),AND(AC43="Media",AE43="Mayor"),AND(AC43="Alta",AE43="Moderado"),AND(AC43="Alta",AE43="Mayor"),AND(AC43="Muy Alta",AE43="Leve"),AND(AC43="Muy Alta",AE43="Menor"),AND(AC43="Muy Alta",AE43="Moderado"),AND(AC43="Muy Alta",AE43="Mayor")),"Alto",IF(OR(AND(AC43="Muy Baja",AE43="Catastrófico"),AND(AC43="Baja",AE43="Catastrófico"),AND(AC43="Media",AE43="Catastrófico"),AND(AC43="Alta",AE43="Catastrófico"),AND(AC43="Muy Alta",AE43="Catastrófico")),"Extremo","")))),"") -> Moderado | AH43: Evitar | AI43: *Desarrollo del procedimiento GF-F127 Lista de Chequeo Cuentas de Cobro recursos FIA-PDA. *Actualización constante de la información tributaria de los Municipios del departamento. *Desarrollo del procedimiento GF-Pc042 Autorización De Pago De Cuentas Con Recursos PDA. | AJ43: Dirección de Finanzas y Presupuesto | AK43: Noviembre 2022 a Noviembre 2023 | AL43: Diario | AN43: En curso | AR43: X | AT43: X | AV43: X
S44: 2 | T44: El profesional de la Dirección de Finanzas y Presupuesto realiza solicitudes de actualización de la información tributaria vigente en los Municipios del departamento. | U44: Probabilidad | V44: Preventivo | W44: Manual | X44: =IF(AND(V44="Preventivo",W44="Automático"),"50%",IF(AND(V44="Preventivo",W44="Manual"),"40%",IF(AND(V44="Detectivo",W44="Automático"),"40%",IF(AND(V44="Detectivo",W44="Manual"),"30%",IF(AND(V44="Correctivo",W44="Automático"),"35%",IF(AND(V44="Correctivo",W44="Manual"),"25%","")))))) -> 40% | Y44: Documentado | Z44: Continua | AA44: Con Registro | AB44: =IFERROR(IF(U44="Probabilidad",(AB43-(+AB43*X44)),IF(U44="Impacto",M43,"")),"") -> 0.216 | AC44: =IFERROR(IF(AB44="","",IF(AB44<=0.2,"Muy Baja",IF(AB44<=0.4,"Baja",IF(AB44<=0.6,"Media",IF(AB44<=0.8,"Alta","Muy Alta"))))),"") -> Baja | AD44: =+AB44 -> 0.216 | AE44: =IFERROR(IF(AF44="","",IF(AF44<=0.2,"Leve",IF(AF44<=0.4,"Menor",IF(AF44<=0.6,"Moderado",IF(AF44<=0.8,"Mayor","Catastrófico"))))),"") -> Moderado | AF44: =IFERROR(IF(U44="Impacto",(Q43-(+Q43*X44)),IF(U44="Probabilidad",Q43,"")),"") -> 0.6 | AG44: =IFERROR(IF(OR(AND(AC44="Muy Baja",AE44="Leve"),AND(AC44="Muy Baja",AE44="Menor"),AND(AC44="Baja",AE44="Leve")),"Bajo",IF(OR(AND(AC44="Muy baja",AE44="Moderado"),AND(AC44="Baja",AE44="Menor"),AND(AC44="Baja",AE44="Moderado"),AND(AC44="Media",AE44="Leve"),AND(AC44="Media",AE44="Menor"),AND(AC44="Media",AE44="Moderado"),AND(AC44="Alta",AE44="Leve"),AND(AC44="Alta",AE44="Menor")),"Moderado",IF(OR(AND(AC44="Muy Baja",AE44="Mayor"),AND(AC44="Baja",AE44="Mayor"),AND(AC44="Media",AE44="Mayor"),AND(AC44="Alta",AE44="Moderado"),AND(AC44="Alta",AE44="Mayor"),AND(AC44="Muy Alta",AE44="Leve"),AND(AC44="Muy Alta",AE44="Menor"),AND(AC44="Muy Alta",AE44="Moderado"),AND(AC44="Muy Alta",AE44="Mayor")),"Alto",IF(OR(AND(AC44="Muy Baja",AE44="Catastrófico"),AND(AC44="Baja",AE44="Catastrófico"),AND(AC44="Media",AE44="Catastrófico"),AND(AC44="Alta",AE44="Catastrófico"),AND(AC44="Muy Alta",AE44="Catastrófico")),"Extremo","")))),"") -> Moderado | AH44: Reducir (mitigar) | AJ44: Dirección de Finanzas y Presupuesto | AK44: Noviembre 2022 a Noviembre 2023 | AL44: Mensual | AN44: En curso | AR44: X | AT44: X | AV44: X
S45: 3 | T45: El profesional de la Dirección de Finanzas y Presupuesto realiza reporte al beneficiario del pago de observaciones realizadas por las fiducias sobre el pago a ejecutar. | U45: Probabilidad | V45: Detectivo | W45: Manual | X45: =IF(AND(V45="Preventivo",W45="Automático"),"50%",IF(AND(V45="Preventivo",W45="Manual"),"40%",IF(AND(V45="Detectivo",W45="Automático"),"40%",IF(AND(V45="Detectivo",W45="Manual"),"30%",IF(AND(V45="Correctivo",W45="Automático"),"35%",IF(AND(V45="Correctivo",W45="Manual"),"25%","")))))) -> 30% | Y45: Documentado | Z45: Continua | AA45: Con Registro | AB45: =IFERROR(IF(U45="Probabilidad",(AB44-(+AB44*X45)),IF(U45="Impacto",M44,"")),"") -> 0.1512 | AC45: =IFERROR(IF(AB45="","",IF(AB45<=0.2,"Muy Baja",IF(AB45<=0.4,"Baja",IF(AB45<=0.6,"Media",IF(AB45<=0.8,"Alta","Muy Alta"))))),"") -> Muy Baja | AD45: =+AB45 -> 0.1512 | AE45: =IFERROR(IF(AF45="","",IF(AF45<=0.2,"Leve",IF(AF45<=0.4,"Menor",IF(AF45<=0.6,"Moderado",IF(AF45<=0.8,"Mayor","Catastrófico"))))),"") -> Moderado | AF45: =IFERROR(IF(U45="Impacto",(Q43-(+Q43*X45)),IF(U45="Probabilidad",Q43,"")),"") -> 0.6 | AG45: =IFERROR(IF(OR(AND(AC45="Muy Baja",AE45="Leve"),AND(AC45="Muy Baja",AE45="Menor"),AND(AC45="Baja",AE45="Leve")),"Bajo",IF(OR(AND(AC45="Muy baja",AE45="Moderado"),AND(AC45="Baja",AE45="Menor"),AND(AC45="Baja",AE45="Moderado"),AND(AC45="Media",AE45="Leve"),AND(AC45="Media",AE45="Menor"),AND(AC45="Media",AE45="Moderado"),AND(AC45="Alta",AE45="Leve"),AND(AC45="Alta",AE45="Menor")),"Moderado",IF(OR(AND(AC45="Muy Baja",AE45="Mayor"),AND(AC45="Baja",AE45="Mayor"),AND(AC45="Media",AE45="Mayor"),AND(AC45="Alta",AE45="Moderado"),AND(AC45="Alta",AE45="Mayor"),AND(AC45="Muy Alta",AE45="Leve"),AND(AC45="Muy Alta",AE45="Menor"),AND(AC45="Muy Alta",AE45="Moderado"),AND(AC45="Muy Alta",AE45="Mayor")),"Alto",IF(OR(AND(AC45="Muy Baja",AE45="Catastrófico"),AND(AC45="Baja",AE45="Catastrófico"),AND(AC45="Media",AE45="Catastrófico"),AND(AC45="Alta",AE45="Catastrófico"),AND(AC45="Muy Alta",AE45="Catastrófico")),"Extremo","")))),"") -> Moderado | AH45: Reducir (mitigar) | AJ45: Dirección de Finanzas y Presupuesto | AK45: Noviembre 2022 a Noviembre 2023 | AL45: Diario | AN45: En curso | AR45: X | AT45: X | AV45: X
E46: 4 | F46: Económico y Reputacional | G46: Investigación, hallazgo o aplicación de sanciones por parte de entidades de control y vigilancia o demandas de terceros por posibles afectaciones económicas. | H46: Debido a la realización de ordenes de pago inexactas con recursos PDA. | I46: Posibilidad de afectación económica y reputacional por investigación o sanción por parte de los entes de control y vigilancia o demanda de terceros, debido a errores de digitación, información desactualizada, desconocimiento normativo tributario en la orden de pago. | J46: Usuarios, Productos y Prácticas | K46: =20*12 -> 240 | L46: =IF(K46<=0,"",IF(K46<=2,"Muy Baja",IF(K46<=24,"Baja",IF(K46<=500,"Media",IF(K46<=5000,"Alta","Muy Alta"))))) -> Media | M46: =IF(L46="","",IF(L46="Muy Baja",0.2,IF(L46="Baja",0.4,IF(L46="Media",0.6,IF(L46="Alta",0.8,IF(L46="Muy Alta",1,)))))) -> 0.6 | N46: El riesgo afecta la imagen de la entidad internamente, de conocimiento general, nivel interno, de junta directiva y accionistas y/o de proveedores | O46: =IF(NOT(ISERROR(MATCH(N46,'[5]Tabla Impacto'!$B$221:$B$223,0))),'[5]Tabla Impacto'!$F$223&"Por favor no seleccionar los criterios de impacto(Afectación Económica o presupuestal y Pérdida Reputacional)",N46) -> El riesgo afecta la imagen de la entidad internamente, de conocimiento general, nivel interno, de junta directiva y accionistas y/o de proveedores | P46: Moderado | Q46: =IF(P46="","",IF(P46="Leve",0.2,IF(P46="Menor",0.4,IF(P46="Moderado",0.6,IF(P46="Mayor",0.8,IF(P46="Catastrófico",1,)))))) -> 0.6 | R46: =IF(OR(AND(L46="Muy Baja",P46="Leve"),AND(L46="Muy Baja",P46="Menor"),AND(L46="Baja",P46="Leve")),"Bajo",IF(OR(AND(L46="Muy baja",P46="Moderado"),AND(L46="Baja",P46="Menor"),AND(L46="Baja",P46="Moderado"),AND(L46="Media",P46="Leve"),AND(L46="Media",P46="Menor"),AND(L46="Media",P46="Moderado"),AND(L46="Alta",P46="Leve"),AND(L46="Alta",P46="Menor")),"Moderado",IF(OR(AND(L46="Muy Baja",P46="Mayor"),AND(L46="Baja",P46="Mayor"),AND(L46="Media",P46="Mayor"),AND(L46="Alta",P46="Moderado"),AND(L46="Alta",P46="Mayor"),AND(L46="Muy Alta",P46="Leve"),AND(L46="Muy Alta",P46="Menor"),AND(L46="Muy Alta",P46="Moderado"),AND(L46="Muy Alta",P46="Mayor")),"Alto",IF(OR(AND(L46="Muy Baja",P46="Catastrófico"),AND(L46="Baja",P46="Catastrófico"),AND(L46="Media",P46="Catastrófico"),AND(L46="Alta",P46="Catastrófico"),AND(L46="Muy Alta",P46="Catastrófico")),"Extremo","")))) -> Moderado | S46: 1 | T46: El profesional de la Dirección de Finanzas y Presupuesto realiza revisión de la información adjunta con las facturas y cuentas de cobro para corroborar que cumpla con los requisitos para su tramite. | U46: Probabilidad | V46: Preventivo | W46: Manual | X46: =IF(AND(V46="Preventivo",W46="Automático"),"50%",IF(AND(V46="Preventivo",W46="Manual"),"40%",IF(AND(V46="Detectivo",W46="Automático"),"40%",IF(AND(V46="Detectivo",W46="Manual"),"30%",IF(AND(V46="Correctivo",W46="Automático"),"35%",IF(AND(V46="Correctivo",W46="Manual"),"25%","")))))) -> 40% | Y46: Documentado | Z46: Continua | AA46: Con Registro | AB46: =IFERROR(IF(U46="Probabilidad",(M46-(+M46*X46)),IF(U46="Impacto",M46,"")),"") -> 0.36 | AC46: =IFERROR(IF(AB46="","",IF(AB46<=0.2,"Muy Baja",IF(AB46<=0.4,"Baja",IF(AB46<=0.6,"Media",IF(AB46<=0.8,"Alta","Muy Alta"))))),"") -> Baja | AD46: =+AB46 -> 0.36 | AE46: =IFERROR(IF(AF46="","",IF(AF46<=0.2,"Leve",IF(AF46<=0.4,"Menor",IF(AF46<=0.6,"Moderado",IF(AF46<=0.8,"Mayor","Catastrófico"))))),"") -> Moderado | AF46: =IFERROR(IF(U46="Impacto",(Q46-(+Q46*X46)),IF(U46="Probabilidad",Q46,"")),"") -> 0.6 | AG46: =IFERROR(IF(OR(AND(AC46="Muy Baja",AE46="Leve"),AND(AC46="Muy Baja",AE46="Menor"),AND(AC46="Baja",AE46="Leve")),"Bajo",IF(OR(AND(AC46="Muy baja",AE46="Moderado"),AND(AC46="Baja",AE46="Menor"),AND(AC46="Baja",AE46="Moderado"),AND(AC46="Media",AE46="Leve"),AND(AC46="Media",AE46="Menor"),AND(AC46="Media",AE46="Moderado"),AND(AC46="Alta",AE46="Leve"),AND(AC46="Alta",AE46="Menor")),"Moderado",IF(OR(AND(AC46="Muy Baja",AE46="Mayor"),AND(AC46="Baja",AE46="Mayor"),AND(AC46="Media",AE46="Mayor"),AND(AC46="Alta",AE46="Moderado"),AND(AC46="Alta",AE46="Mayor"),AND(AC46="Muy Alta",AE46="Leve"),AND(AC46="Muy Alta",AE46="Menor"),AND(AC46="Muy Alta",AE46="Moderado"),AND(AC46="Muy Alta",AE46="Mayor")),"Alto",IF(OR(AND(AC46="Muy Baja",AE46="Catastrófico"),AND(AC46="Baja",AE46="Catastrófico"),AND(AC46="Media",AE46="Catastrófico"),AND(AC46="Alta",AE46="Catastrófico"),AND(AC46="Muy Alta",AE46="Catastrófico")),"Extremo","")))),"") -> Moderado | AH46: Evitar | AI46: *Desarrollo del procedimiento GF-F127 Lista de Chequeo Cuentas de Cobro recursos FIA-PDA. *Actualización constante de la información tributaria de los Municipios del departamento. *Desarrollo del procedimiento GF-Pc042 Autorización De Pago De Cuentas Con Recursos PDA. | AJ46: Dirección de Finanzas y Presupuesto | AK46: Noviembre 2022 a Noviembre 2023 | AL46: Diario | AN46: En curso | AR46: X | AT46: X | AV46: X
S47: 2 | T47: El profesional de la Dirección de Finanzas y Presupuesto realiza solicitudes de actualización de la información tributaria vigente en los Municipios del departamento. | U47: Probabilidad | V47: Preventivo | W47: Manual | X47: =IF(AND(V47="Preventivo",W47="Automático"),"50%",IF(AND(V47="Preventivo",W47="Manual"),"40%",IF(AND(V47="Detectivo",W47="Automático"),"40%",IF(AND(V47="Detectivo",W47="Manual"),"30%",IF(AND(V47="Correctivo",W47="Automático"),"35%",IF(AND(V47="Correctivo",W47="Manual"),"25%","")))))) -> 40% | Y47: Documentado | Z47: Continua | AA47: Con Registro | AB47: =IFERROR(IF(U47="Probabilidad",(AB46-(+AB46*X47)),IF(U47="Impacto",M46,"")),"") -> 0.216 | AC47: =IFERROR(IF(AB47="","",IF(AB47<=0.2,"Muy Baja",IF(AB47<=0.4,"Baja",IF(AB47<=0.6,"Media",IF(AB47<=0.8,"Alta","Muy Alta"))))),"") -> Baja | AD47: =+AB47 -> 0.216 | AE47: =IFERROR(IF(AF47="","",IF(AF47<=0.2,"Leve",IF(AF47<=0.4,"Menor",IF(AF47<=0.6,"Moderado",IF(AF47<=0.8,"Mayor","Catastrófico"))))),"") -> Moderado | AF47: =IFERROR(IF(U47="Impacto",(Q46-(+Q46*X47)),IF(U47="Probabilidad",Q46,"")),"") -> 0.6 | AG47: =IFERROR(IF(OR(AND(AC47="Muy Baja",AE47="Leve"),AND(AC47="Muy Baja",AE47="Menor"),AND(AC47="Baja",AE47="Leve")),"Bajo",IF(OR(AND(AC47="Muy baja",AE47="Moderado"),AND(AC47="Baja",AE47="Menor"),AND(AC47="Baja",AE47="Moderado"),AND(AC47="Media",AE47="Leve"),AND(AC47="Media",AE47="Menor"),AND(AC47="Media",AE47="Moderado"),AND(AC47="Alta",AE47="Leve"),AND(AC47="Alta",AE47="Menor")),"Moderado",IF(OR(AND(AC47="Muy Baja",AE47="Mayor"),AND(AC47="Baja",AE47="Mayor"),AND(AC47="Media",AE47="Mayor"),AND(AC47="Alta",AE47="Moderado"),AND(AC47="Alta",AE47="Mayor"),AND(AC47="Muy Alta",AE47="Leve"),AND(AC47="Muy Alta",AE47="Menor"),AND(AC47="Muy Alta",AE47="Moderado"),AND(AC47="Muy Alta",AE47="Mayor")),"Alto",IF(OR(AND(AC47="Muy Baja",AE47="Catastrófico"),AND(AC47="Baja",AE47="Catastrófico"),AND(AC47="Media",AE47="Catastrófico"),AND(AC47="Alta",AE47="Catastrófico"),AND(AC47="Muy Alta",AE47="Catastrófico")),"Extremo","")))),"") -> Moderado | AH47: Reducir (mitigar) | AJ47: Dirección de Finanzas y Presupuesto | AK47: Noviembre 2022 a Noviembre 2023 | AL47: Mensual | AN47: En curso | AR47: X | AT47: X | AV47: X
S48: 3 | T48: El profesional de la Dirección de Finanzas y Presupuesto realiza reporte al beneficiario del pago de observaciones realizadas por las fiducias sobre el pago a ejecutar. | U48: Probabilidad | V48: Detectivo | W48: Manual | X48: =IF(AND(V48="Preventivo",W48="Automático"),"50%",IF(AND(V48="Preventivo",W48="Manual"),"40%",IF(AND(V48="Detectivo",W48="Automático"),"40%",IF(AND(V48="Detectivo",W48="Manual"),"30%",IF(AND(V48="Correctivo",W48="Automático"),"35%",IF(AND(V48="Correctivo",W48="Manual"),"25%","")))))) -> 30% | Y48: Documentado | Z48: Continua | AA48: Con Registro | AB48: =IFERROR(IF(U48="Probabilidad",(AB47-(+AB47*X48)),IF(U48="Impacto",M47,"")),"") -> 0.1512 | AC48: =IFERROR(IF(AB48="","",IF(AB48<=0.2,"Muy Baja",IF(AB48<=0.4,"Baja",IF(AB48<=0.6,"Media",IF(AB48<=0.8,"Alta","Muy Alta"))))),"") -> Muy Baja | AD48: =+AB48 -> 0.1512 | AE48: =IFERROR(IF(AF48="","",IF(AF48<=0.2,"Leve",IF(AF48<=0.4,"Menor",IF(AF48<=0.6,"Moderado",IF(AF48<=0.8,"Mayor","Catastrófico"))))),"") -> Moderado | AF48: =IFERROR(IF(U48="Impacto",(Q46-(+Q46*X48)),IF(U48="Probabilidad",Q46,"")),"") -> 0.6 | AG48: =IFERROR(IF(OR(AND(AC48="Muy Baja",AE48="Leve"),AND(AC48="Muy Baja",AE48="Menor"),AND(AC48="Baja",AE48="Leve")),"Bajo",IF(OR(AND(AC48="Muy baja",AE48="Moderado"),AND(AC48="Baja",AE48="Menor"),AND(AC48="Baja",AE48="Moderado"),AND(AC48="Media",AE48="Leve"),AND(AC48="Media",AE48="Menor"),AND(AC48="Media",AE48="Moderado"),AND(AC48="Alta",AE48="Leve"),AND(AC48="Alta",AE48="Menor")),"Moderado",IF(OR(AND(AC48="Muy Baja",AE48="Mayor"),AND(AC48="Baja",AE48="Mayor"),AND(AC48="Media",AE48="Mayor"),AND(AC48="Alta",AE48="Moderado"),AND(AC48="Alta",AE48="Mayor"),AND(AC48="Muy Alta",AE48="Leve"),AND(AC48="Muy Alta",AE48="Menor"),AND(AC48="Muy Alta",AE48="Moderado"),AND(AC48="Muy Alta",AE48="Mayor")),"Alto",IF(OR(AND(AC48="Muy Baja",AE48="Catastrófico"),AND(AC48="Baja",AE48="Catastrófico"),AND(AC48="Media",AE48="Catastrófico"),AND(AC48="Alta",AE48="Catastrófico"),AND(AC48="Muy Alta",AE48="Catastrófico")),"Extremo","")))),"") -> Moderado | AH48: Reducir (mitigar) | AJ48: Dirección de Finanzas y Presupuesto | AK48: Noviembre 2022 a Noviembre 2023 | AL48: Diario | AN48: En curso | AR48: X | AT48: X | AV48: X
A49: Gestión Financiera | B49: Administrar los recursos financieros que permitan la toma de decisiones para el cumplimiento de las metas del Plan Estratégico por vigencia suministrando información oportuna, veraz y confiable para la toma de decisiones. Gestionar durante cada vigencia fiscal los recursos financieros necesarios para el cumplimiento | C49: Desde la planeación presupuestal, contable y financiera para cada vigencia fiscal hasta la ejecución de los recursos y la presentación de informes y estados financieros de la vigencia. Inicia con la planeación presupuestal, contable, financiera y culmina con la ejecución de los recursos y la presentación de informes financieros y contables de la vigencia fiscal. | D49: Dirección de Contabilidad | E49: 1 | F49: Económico | G49: Investigación, hallazgo o aplicación de sanciones por parte del entidades de inspección, control y vigilancia o autoridades tributarias | H49: 1. Debido a la inadecuada aplicación de políticas y procedimientos contables o resultado del manejo y reporte de información tributaria en base a al tratamiento establecido en los diferentes Estatutos de Rentas. | I49: Afectación económica por investigación, hallazgo o sanción por parte de las Entidades de inspección, vigilancia y control debido a la inadecuada aplicación de políticas y procedimientos contables o resultado del manejo y reporte de información tributaria en base a al tratamiento establecido en los diferentes Estatutos de Rentas | J49: Ejecución y Administración de Procesos | K49: 3360 | L49: =IF(K49<=0,"",IF(K49<=2,"Muy Baja",IF(K49<=24,"Baja",IF(K49<=500,"Media",IF(K49<=5000,"Alta","Muy Alta"))))) -> Alta | M49: =IF(L49="","",IF(L49="Muy Baja",0.2,IF(L49="Baja",0.4,IF(L49="Media",0.6,IF(L49="Alta",0.8,IF(L49="Muy Alta",1,)))))) -> 0.8 | N49: Entre 50 y 100 SMLMV | O49: =IF(NOT(ISERROR(MATCH(N49,_xlfn.ANCHORARRAY(I49),0))),M49&"Por favor no seleccionar los criterios de impacto",N49) -> Entre 50 y 100 SMLMV | P49: =IF(OR(O49='[1]Tabla Impacto'!$C$11,O49='[1]Tabla Impacto'!$D$11),"Leve",IF(OR(O49='[1]Tabla Impacto'!$C$12,O49='[1]Tabla Impacto'!$D$12),"Menor",IF(OR(O49='[1]Tabla Impacto'!$C$13,O49='[1]Tabla Impacto'!$D$13),"Moderado",IF(OR(O49='[1]Tabla Impacto'!$C$14,O49='[1]Tabla Impacto'!$D$14),"Mayor",IF(OR(O49='[1]Tabla Impacto'!$C$15,O49='[1]Tabla Impacto'!$D$15),"Catastrófico",""))))) -> Moderado | Q49: =IF(P49="","",IF(P49="Leve",0.2,IF(P49="Menor",0.4,IF(P49="Moderado",0.6,IF(P49="Mayor",0.8,IF(P49="Catastrófico",1,)))))) -> 0.6 | R49: =IF(OR(AND(L49="Muy Baja",P49="Leve"),AND(L49="Muy Baja",P49="Menor"),AND(L49="Baja",P49="Leve")),"Bajo",IF(OR(AND(L49="Muy baja",P49="Moderado"),AND(L49="Baja",P49="Menor"),AND(L49="Baja",P49="Moderado"),AND(L49="Media",P49="Leve"),AND(L49="Media",P49="Menor"),AND(L49="Media",P49="Moderado"),AND(L49="Alta",P49="Leve"),AND(L49="Alta",P49="Menor")),"Moderado",IF(OR(AND(L49="Muy Baja",P49="Mayor"),AND(L49="Baja",P49="Mayor"),AND(L49="Media",P49="Mayor"),AND(L49="Alta",P49="Moderado"),AND(L49="Alta",P49="Mayor"),AND(L49="Muy Alta",P49="Leve"),AND(L49="Muy Alta",P49="Menor"),AND(L49="Muy Alta",P49="Moderado"),AND(L49="Muy Alta",P49="Mayor")),"Alto",IF(OR(AND(L49="Muy Baja",P49="Catastrófico"),AND(L49="Baja",P49="Catastrófico"),AND(L49="Media",P49="Catastrófico"),AND(L49="Alta",P49="Catastrófico"),AND(L49="Muy Alta",P49="Catastrófico")),"Extremo","")))) -> Alto | S49: 1 | T49: El Profesional de apoyo de la Dir. de Contabilidad verifica que la información realizada por la dirección contenga los formatos internos vigentes y de cumplimiento las mismas conforme a las disposiciones legales; una vez ésta información sea revisada y depurada se incorpora al Sistema de Información Contable. | U49: Probabilidad | V49: Preventivo | W49: Manual | X49: =IF(AND(V49="Preventivo",W49="Automático"),"50%",IF(AND(V49="Preventivo",W49="Manual"),"40%",IF(AND(V49="Detectivo",W49="Automático"),"40%",IF(AND(V49="Detectivo",W49="Manual"),"30%",IF(AND(V49="Correctivo",W49="Automático"),"35%",IF(AND(V49="Correctivo",W49="Manual"),"25%","")))))) -> 40% | Y49: Documentado | Z49: Continua | AA49: Con Registro | AB49: =IFERROR(IF(U49="Probabilidad",(M49-(+M49*X49)),IF(U49="Impacto",M49,"")),"") -> 0.48 | AC49: =IFERROR(IF(AB49="","",IF(AB49<=0.2,"Muy Baja",IF(AB49<=0.4,"Baja",IF(AB49<=0.6,"Media",IF(AB49<=0.8,"Alta","Muy Alta"))))),"") -> Media | AD49: =+AB49 -> 0.48 | AE49: =IFERROR(IF(AF49="","",IF(AF49<=0.2,"Leve",IF(AF49<=0.4,"Menor",IF(AF49<=0.6,"Moderado",IF(AF49<=0.8,"Mayor","Catastrófico"))))),"") -> Moderado | AF49: =IFERROR(IF(U49="Impacto",(Q49-(+Q49*X49)),IF(U49="Probabilidad",Q49,"")),"") -> 0.6 | AG49: =IFERROR(IF(OR(AND(AC49="Muy Baja",AE49="Leve"),AND(AC49="Muy Baja",AE49="Menor"),AND(AC49="Baja",AE49="Leve")),"Bajo",IF(OR(AND(AC49="Muy baja",AE49="Moderado"),AND(AC49="Baja",AE49="Menor"),AND(AC49="Baja",AE49="Moderado"),AND(AC49="Media",AE49="Leve"),AND(AC49="Media",AE49="Menor"),AND(AC49="Media",AE49="Moderado"),AND(AC49="Alta",AE49="Leve"),AND(AC49="Alta",AE49="Menor")),"Moderado",IF(OR(AND(AC49="Muy Baja",AE49="Mayor"),AND(AC49="Baja",AE49="Mayor"),AND(AC49="Media",AE49="Mayor"),AND(AC49="Alta",AE49="Moderado"),AND(AC49="Alta",AE49="Mayor"),AND(AC49="Muy Alta",AE49="Leve"),AND(AC49="Muy Alta",AE49="Menor"),AND(AC49="Muy Alta",AE49="Moderado"),AND(AC49="Muy Alta",AE49="Mayor")),"Alto",IF(OR(AND(AC49="Muy Baja",AE49="Catastrófico"),AND(AC49="Baja",AE49="Catastrófico"),AND(AC49="Media",AE49="Catastrófico"),AND(AC49="Alta",AE49="Catastrófico"),AND(AC49="Muy Alta",AE49="Catastrófico")),"Extremo","")))),"") -> Moderado | AH49: Reducir (mitigar) | AI49: Reporte semanal de los documentos generados en Sistema de Información Contable | AJ49: Dirección de Contabilidad | AK49: Diario | AL49: Semanal | AM49: Se genera un archivo en Excel con la relación de los documentos elaborados | AN49: En curso | AR49: X | AT49: X | AU49: X | BQ49: Dirección de Control Interno
S50: 2 | T50: El Director del área verifica que la información se encuentre reflejada en el Sistema de Información Contable, valida la misma y genera visto bueno o firma en aprobación de los documentos; en caso de que se observe alguna inconsistencia, se devuelve la totalidad de la documentación al profesional de apoyo del área. | U50: Probabilidad | V50: Detectivo | W50: Manual | X50: =IF(AND(V50="Preventivo",W50="Automático"),"50%",IF(AND(V50="Preventivo",W50="Manual"),"40%",IF(AND(V50="Detectivo",W50="Automático"),"40%",IF(AND(V50="Detectivo",W50="Manual"),"30%",IF(AND(V50="Correctivo",W50="Automático"),"35%",IF(AND(V50="Correctivo",W50="Manual"),"25%","")))))) -> 30% | Y50: Documentado | Z50: Continua | AA50: Sin Registro | AB50: =IFERROR(IF(U50="Probabilidad",(AB49-(+AB49*X50)),IF(U50="Impacto",AB49,"")),"") -> 0.336 | AC50: =IFERROR(IF(AB50="","",IF(AB50<=0.2,"Muy Baja",IF(AB50<=0.4,"Baja",IF(AB50<=0.6,"Media",IF(AB50<=0.8,"Alta","Muy Alta"))))),"") -> Baja | AD50: =+AB50 -> 0.336 | AE50: =IFERROR(IF(AF50="","",IF(AF50<=0.2,"Leve",IF(AF50<=0.4,"Menor",IF(AF50<=0.6,"Moderado",IF(AF50<=0.8,"Mayor","Catastrófico"))))),"") -> Moderado | AF50: =IFERROR(IF(U50="Impacto",(Q49-(+Q49*X50)),IF(U50="Probabilidad",Q49,"")),"") -> 0.6 | AG50: =IFERROR(IF(OR(AND(AC50="Muy Baja",AE50="Leve"),AND(AC50="Muy Baja",AE50="Menor"),AND(AC50="Baja",AE50="Leve")),"Bajo",IF(OR(AND(AC50="Muy baja",AE50="Moderado"),AND(AC50="Baja",AE50="Menor"),AND(AC50="Baja",AE50="Moderado"),AND(AC50="Media",AE50="Leve"),AND(AC50="Media",AE50="Menor"),AND(AC50="Media",AE50="Moderado"),AND(AC50="Alta",AE50="Leve"),AND(AC50="Alta",AE50="Menor")),"Moderado",IF(OR(AND(AC50="Muy Baja",AE50="Mayor"),AND(AC50="Baja",AE50="Mayor"),AND(AC50="Media",AE50="Mayor"),AND(AC50="Alta",AE50="Moderado"),AND(AC50="Alta",AE50="Mayor"),AND(AC50="Muy Alta",AE50="Leve"),AND(AC50="Muy Alta",AE50="Menor"),AND(AC50="Muy Alta",AE50="Moderado"),AND(AC50="Muy Alta",AE50="Mayor")),"Alto",IF(OR(AND(AC50="Muy Baja",AE50="Catastrófico"),AND(AC50="Baja",AE50="Catastrófico"),AND(AC50="Media",AE50="Catastrófico"),AND(AC50="Alta",AE50="Catastrófico"),AND(AC50="Muy Alta",AE50="Catastrófico")),"Extremo","")))),"") -> Moderado | AH50: Reducir (mitigar) | AJ50: Dirección de Contabilidad | AK50: Diario | AL50: Semanal | AN50: En curso | AR50: X | AT50: X | AU50: X | BQ50: Dirección de Planeación
E51: 2 | F51: Económico | G51: Hallazgo, investigación o sanción por parte de Entidades de control, inspección y vigilancia. | H51: 1. Debido a información tributaria errada o pérdida de datos, daño del Sistema de Información Contable, pérdida de información almacenada en la red y falta de Back Up. | I51: Afectación económica por investigación o sanción por parte de las Entidades de inspección, vigilancia y control, debido a información tributaria errada o pérdida de datos, daño del Sistema de Información Contable, pérdida de información almacenada en la red y falta de Back Up.. | J51: Fallas Tecnológicas | K51: 14 | L51: =IF(K51<=0,"",IF(K51<=2,"Muy Baja",IF(K51<=24,"Baja",IF(K51<=500,"Media",IF(K51<=5000,"Alta","Muy Alta"))))) -> Baja | M51: =IF(L51="","",IF(L51="Muy Baja",0.2,IF(L51="Baja",0.4,IF(L51="Media",0.6,IF(L51="Alta",0.8,IF(L51="Muy Alta",1,)))))) -> 0.4 | N51: El riesgo afecta la imagen de la entidad con algunos usuarios de relevancia frente al logro de los objetivos | O51: =IF(NOT(ISERROR(MATCH(N51,_xlfn.ANCHORARRAY(I75),0))),M77&"Por favor no seleccionar los criterios de impacto",N51) -> El riesgo afecta la imagen de la entidad con algunos usuarios de relevancia frente al logro de los objetivos | P51: =IF(OR(O51='[1]Tabla Impacto'!$C$11,O51='[1]Tabla Impacto'!$D$11),"Leve",IF(OR(O51='[1]Tabla Impacto'!$C$12,O51='[1]Tabla Impacto'!$D$12),"Menor",IF(OR(O51='[1]Tabla Impacto'!$C$13,O51='[1]Tabla Impacto'!$D$13),"Moderado",IF(OR(O51='[1]Tabla Impacto'!$C$14,O51='[1]Tabla Impacto'!$D$14),"Mayor",IF(OR(O51='[1]Tabla Impacto'!$C$15,O51='[1]Tabla Impacto'!$D$15),"Catastrófico",""))))) -> Moderado | Q51: =IF(P51="","",IF(P51="Leve",0.2,IF(P51="Menor",0.4,IF(P51="Moderado",0.6,IF(P51="Mayor",0.8,IF(P51="Catastrófico",1,)))))) -> 0.6 | R51: =IF(OR(AND(L51="Muy Baja",P51="Leve"),AND(L51="Muy Baja",P51="Menor"),AND(L51="Baja",P51="Leve")),"Bajo",IF(OR(AND(L51="Muy baja",P51="Moderado"),AND(L51="Baja",P51="Menor"),AND(L51="Baja",P51="Moderado"),AND(L51="Media",P51="Leve"),AND(L51="Media",P51="Menor"),AND(L51="Media",P51="Moderado"),AND(L51="Alta",P51="Leve"),AND(L51="Alta",P51="Menor")),"Moderado",IF(OR(AND(L51="Muy Baja",P51="Mayor"),AND(L51="Baja",P51="Mayor"),AND(L51="Media",P51="Mayor"),AND(L51="Alta",P51="Moderado"),AND(L51="Alta",P51="Mayor"),AND(L51="Muy Alta",P51="Leve"),AND(L51="Muy Alta",P51="Menor"),AND(L51="Muy Alta",P51="Moderado"),AND(L51="Muy Alta",P51="Mayor")),"Alto",IF(OR(AND(L51="Muy Baja",P51="Catastrófico"),AND(L51="Baja",P51="Catastrófico"),AND(L51="Media",P51="Catastrófico"),AND(L51="Alta",P51="Catastrófico"),AND(L51="Muy Alta",P51="Catastrófico")),"Extremo","")))) -> Moderado | S51: 1 | T51: 2.1 El profesional de apoyo de la Dirección contable prepara la información tributaria dando cumplimiento a la normativa vigente y en los términos que la ley determina para su presentación | U51: Probabilidad | V51: Preventivo | W51: Manual | X51: =IF(AND(V51="Preventivo",W51="Automático"),"50%",IF(AND(V51="Preventivo",W51="Manual"),"40%",IF(AND(V51="Detectivo",W51="Automático"),"40%",IF(AND(V51="Detectivo",W51="Manual"),"30%",IF(AND(V51="Correctivo",W51="Automático"),"35%",IF(AND(V51="Correctivo",W51="Manual"),"25%","")))))) -> 40% | Y51: Documentado | Z51: Continua | AA51: Con Registro | AB51: =IFERROR(IF(U51="Probabilidad",(M51-(+M51*X51)),IF(U51="Impacto",M51,"")),"") -> 0.24 | AC51: =IFERROR(IF(AB51="","",IF(AB51<=0.2,"Muy Baja",IF(AB51<=0.4,"Baja",IF(AB51<=0.6,"Media",IF(AB51<=0.8,"Alta","Muy Alta"))))),"") -> Baja | AD51: =+AB51 -> 0.24 | AE51: =IFERROR(IF(AF51="","",IF(AF51<=0.2,"Leve",IF(AF51<=0.4,"Menor",IF(AF51<=0.6,"Moderado",IF(AF51<=0.8,"Mayor","Catastrófico"))))),"") -> Moderado | AF51: =IFERROR(IF(U51="Impacto",(Q51-(+Q51*X51)),IF(U51="Probabilidad",Q51,"")),"") -> 0.6 | AG51: =IFERROR(IF(OR(AND(AC51="Muy Baja",AE51="Leve"),AND(AC51="Muy Baja",AE51="Menor"),AND(AC51="Baja",AE51="Leve")),"Bajo",IF(OR(AND(AC51="Muy baja",AE51="Moderado"),AND(AC51="Baja",AE51="Menor"),AND(AC51="Baja",AE51="Moderado"),AND(AC51="Media",AE51="Leve"),AND(AC51="Media",AE51="Menor"),AND(AC51="Media",AE51="Moderado"),AND(AC51="Alta",AE51="Leve"),AND(AC51="Alta",AE51="Menor")),"Moderado",IF(OR(AND(AC51="Muy Baja",AE51="Mayor"),AND(AC51="Baja",AE51="Mayor"),AND(AC51="Media",AE51="Mayor"),AND(AC51="Alta",AE51="Moderado"),AND(AC51="Alta",AE51="Mayor"),AND(AC51="Muy Alta",AE51="Leve"),AND(AC51="Muy Alta",AE51="Menor"),AND(AC51="Muy Alta",AE51="Moderado"),AND(AC51="Muy Alta",AE51="Mayor")),"Alto",IF(OR(AND(AC51="Muy Baja",AE51="Catastrófico"),AND(AC51="Baja",AE51="Catastrófico"),AND(AC51="Media",AE51="Catastrófico"),AND(AC51="Alta",AE51="Catastrófico"),AND(AC51="Muy Alta",AE51="Catastrófico")),"Extremo","")))),"") -> Moderado | AH51: Reducir (mitigar) | AI51: - | AJ51: Dirección de Contabilidad | AK51: Diario | AL51: Diario | AM51: El proveedor del Sistema de Información Contable, genera un reporte de Back Up | AN51: En curso | AT51: X | AU51: X | BQ51: Dirección de Nuevos Negocios
S52: 2 | T52: 2.2 La información tributaria es remitida al director contable quien debe validar la información y generar aprobación de la misma para su posterior remisión a la revisoría fiscal. 2.3 La Revisoría fiscal realiza validación, aprobación y firma de la información tributaria para su remisión a la gerencia. 2.4 La Información es validada y firmada por la Gerencia para su respectiva transmisión, reporte y presentación ante la Autoridad Tributaria correspondiente. | U52: Probabilidad | V52: Detectivo | W52: Manual | X52: =IF(AND(V52="Preventivo",W52="Automático"),"50%",IF(AND(V52="Preventivo",W52="Manual"),"40%",IF(AND(V52="Detectivo",W52="Automático"),"40%",IF(AND(V52="Detectivo",W52="Manual"),"30%",IF(AND(V52="Correctivo",W52="Automático"),"35%",IF(AND(V52="Correctivo",W52="Manual"),"25%","")))))) -> 30% | Y52: Documentado | Z52: Continua | AA52: Con Registro | AB52: =IFERROR(IF(U52="Probabilidad",(AB51-(+AB51*X52)),IF(U52="Impacto",AB51,"")),"") -> 0.168 | AC52: =IFERROR(IF(AB52="","",IF(AB52<=0.2,"Muy Baja",IF(AB52<=0.4,"Baja",IF(AB52<=0.6,"Media",IF(AB52<=0.8,"Alta","Muy Alta"))))),"") -> Muy Baja | AD52: =+AB52 -> 0.168 | AE52: =IFERROR(IF(AF52="","",IF(AF52<=0.2,"Leve",IF(AF52<=0.4,"Menor",IF(AF52<=0.6,"Moderado",IF(AF52<=0.8,"Mayor","Catastrófico"))))),"") -> Moderado | AF52: =IFERROR(IF(U52="Impacto",(Q51-(+Q51*X52)),IF(U52="Probabilidad",Q51,"")),"") -> 0.6 | AG52: =IFERROR(IF(OR(AND(AC52="Muy Baja",AE52="Leve"),AND(AC52="Muy Baja",AE52="Menor"),AND(AC52="Baja",AE52="Leve")),"Bajo",IF(OR(AND(AC52="Muy baja",AE52="Moderado"),AND(AC52="Baja",AE52="Menor"),AND(AC52="Baja",AE52="Moderado"),AND(AC52="Media",AE52="Leve"),AND(AC52="Media",AE52="Menor"),AND(AC52="Media",AE52="Moderado"),AND(AC52="Alta",AE52="Leve"),AND(AC52="Alta",AE52="Menor")),"Moderado",IF(OR(AND(AC52="Muy Baja",AE52="Mayor"),AND(AC52="Baja",AE52="Mayor"),AND(AC52="Media",AE52="Mayor"),AND(AC52="Alta",AE52="Moderado"),AND(AC52="Alta",AE52="Mayor"),AND(AC52="Muy Alta",AE52="Leve"),AND(AC52="Muy Alta",AE52="Menor"),AND(AC52="Muy Alta",AE52="Moderado"),AND(AC52="Muy Alta",AE52="Mayor")),"Alto",IF(OR(AND(AC52="Muy Baja",AE52="Catastrófico"),AND(AC52="Baja",AE52="Catastrófico"),AND(AC52="Media",AE52="Catastrófico"),AND(AC52="Alta",AE52="Catastrófico"),AND(AC52="Muy Alta",AE52="Catastrófico")),"Extremo","")))),"") -> Moderado | AH52: Reducir (mitigar) | AJ52: Dirección de Contabilidad | AK52: Diario | AL52: Diario | AM52: El proveedor del Sistema de Información Contable, genera un reporte de Back Up | AN52: En curso | AT52: X | AU52: X
S53: 3 | T53: Los responsables de la información contable establecen continua comunicación con el proveedor del Sistema de Información Contable, con el fin de ir realizando mejoras y subsanando los posibles errores que presente el software. 1.2 El proveedor del Sistema de Información genera un back up automático de la información con el apoyo y acompañamiento de la oficina de sistemas con una frecuencia diaria. | U53: Probabilidad | V53: Preventivo | W53: Manual | X53: =IF(AND(V53="Preventivo",W53="Automático"),"50%",IF(AND(V53="Preventivo",W53="Manual"),"40%",IF(AND(V53="Detectivo",W53="Automático"),"40%",IF(AND(V53="Detectivo",W53="Manual"),"30%",IF(AND(V53="Correctivo",W53="Automático"),"35%",IF(AND(V53="Correctivo",W53="Manual"),"25%","")))))) -> 40% | Y53: Documentado | Z53: Continua | AA53: Con Registro | AB53: =IFERROR(IF(U53="Probabilidad",(AB52-(+AB52*X53)),IF(U53="Impacto",AB52,"")),"") -> 0.1008 | AC53: =IFERROR(IF(AB53="","",IF(AB53<=0.2,"Muy Baja",IF(AB53<=0.4,"Baja",IF(AB53<=0.6,"Media",IF(AB53<=0.8,"Alta","Muy Alta"))))),"") -> Muy Baja | AD53: =+AB53 -> 0.1008 | AE53: =IFERROR(IF(AF53="","",IF(AF53<=0.2,"Leve",IF(AF53<=0.4,"Menor",IF(AF53<=0.6,"Moderado",IF(AF53<=0.8,"Mayor","Catastrófico"))))),"") -> Moderado | AF53: =IFERROR(IF(U53="Impacto",(Q51-(+Q51*X53)),IF(U53="Probabilidad",Q51,"")),"") -> 0.6 | AG53: =IFERROR(IF(OR(AND(AC53="Muy Baja",AE53="Leve"),AND(AC53="Muy Baja",AE53="Menor"),AND(AC53="Baja",AE53="Leve")),"Bajo",IF(OR(AND(AC53="Muy baja",AE53="Moderado"),AND(AC53="Baja",AE53="Menor"),AND(AC53="Baja",AE53="Moderado"),AND(AC53="Media",AE53="Leve"),AND(AC53="Media",AE53="Menor"),AND(AC53="Media",AE53="Moderado"),AND(AC53="Alta",AE53="Leve"),AND(AC53="Alta",AE53="Menor")),"Moderado",IF(OR(AND(AC53="Muy Baja",AE53="Mayor"),AND(AC53="Baja",AE53="Mayor"),AND(AC53="Media",AE53="Mayor"),AND(AC53="Alta",AE53="Moderado"),AND(AC53="Alta",AE53="Mayor"),AND(AC53="Muy Alta",AE53="Leve"),AND(AC53="Muy Alta",AE53="Menor"),AND(AC53="Muy Alta",AE53="Moderado"),AND(AC53="Muy Alta",AE53="Mayor")),"Alto",IF(OR(AND(AC53="Muy Baja",AE53="Catastrófico"),AND(AC53="Baja",AE53="Catastrófico"),AND(AC53="Media",AE53="Catastrófico"),AND(AC53="Alta",AE53="Catastrófico"),AND(AC53="Muy Alta",AE53="Catastrófico")),"Extremo","")))),"") -> Moderado | AH53: Reducir (mitigar) | AJ53: Dirección de Contabilidad | AK53: Junio de 2021 Diciembre de 2021 | AL53: Semestral | AM53: Soporte del correo enviado | AN53: En curso | AT53: X | AU53: X
E54: 3 | F54: Económico y Reputacional | G54: Investigación o sanción por parte del ente regulador | H54: Debido a la presentación de información financiera a los entes de control de manera extemporánea o por preparación inadecuada de la información para la rendición de informes. | I54: Afectación económica y reputacional por investigación o sanción por parte del Ente de control debido a la presentación de información financiera a los entes de control de manera extemporánea o por preparación inadecuada de la información para la rendición de informes. | J54: Ejecución y Administración de Procesos | K54: 16 | L54: =IF(K54<=0,"",IF(K54<=2,"Muy Baja",IF(K54<=24,"Baja",IF(K54<=500,"Media",IF(K54<=5000,"Alta","Muy Alta"))))) -> Baja | M54: =IF(L54="","",IF(L54="Muy Baja",0.2,IF(L54="Baja",0.4,IF(L54="Media",0.6,IF(L54="Alta",0.8,IF(L54="Muy Alta",1,)))))) -> 0.4 | N54: ='Tabla Impacto'!D7 -> El riesgo afecta la imagen de de la entidad con efecto publicitario sostenido a nivel de sector administrativo, nivel departamental o municipal | O54: =IF(NOT(ISERROR(MATCH(N54,_xlfn.ANCHORARRAY(I75),0))),M91&"Por favor no seleccionar los criterios de impacto",N54) -> El riesgo afecta la imagen de de la entidad con efecto publicitario sostenido a nivel de sector administrativo, nivel departamental o municipal | P54: =IF(OR(O54='Tabla Impacto'!$C$4,O54='Tabla Impacto'!$D$4),"Leve",IF(OR(O54='Tabla Impacto'!$C$5,O54='Tabla Impacto'!$D$5),"Menor",IF(OR(O54='Tabla Impacto'!$C$6,O54='Tabla Impacto'!$D$6),"Moderado",IF(OR(O54='Tabla Impacto'!$C$7,O54='Tabla Impacto'!$D$7),"Mayor",IF(OR(O54='Tabla Impacto'!$C$8,O54='Tabla Impacto'!$D$8),"Catastrófico",""))))) -> Mayor | Q54: =IF(P54="","",IF(P54="Leve",0.2,IF(P54="Menor",0.4,IF(P54="Moderado",0.6,IF(P54="Mayor",0.8,IF(P54="Catastrófico",1,)))))) -> 0.8 | R54: =IF(OR(AND(L54="Muy Baja",P54="Leve"),AND(L54="Muy Baja",P54="Menor"),AND(L54="Baja",P54="Leve")),"Bajo",IF(OR(AND(L54="Muy baja",P54="Moderado"),AND(L54="Baja",P54="Menor"),AND(L54="Baja",P54="Moderado"),AND(L54="Media",P54="Leve"),AND(L54="Media",P54="Menor"),AND(L54="Media",P54="Moderado"),AND(L54="Alta",P54="Leve"),AND(L54="Alta",P54="Menor")),"Moderado",IF(OR(AND(L54="Muy Baja",P54="Mayor"),AND(L54="Baja",P54="Mayor"),AND(L54="Media",P54="Mayor"),AND(L54="Alta",P54="Moderado"),AND(L54="Alta",P54="Mayor"),AND(L54="Muy Alta",P54="Leve"),AND(L54="Muy Alta",P54="Menor"),AND(L54="Muy Alta",P54="Moderado"),AND(L54="Muy Alta",P54="Mayor")),"Alto",IF(OR(AND(L54="Muy Baja",P54="Catastrófico"),AND(L54="Baja",P54="Catastrófico"),AND(L54="Media",P54="Catastrófico"),AND(L54="Alta",P54="Catastrófico"),AND(L54="Muy Alta",P54="Catastrófico")),"Extremo","")))) -> Alto | S54: 1 | T54: El jefe de área junto con el profesional de apoyo, establecen un calendario con anterioridad en el que se relacionan las fechas y el tipo de presentación del informe a los Entes de Control, al igual que la rendición de informes internos. | U54: Probabilidad | V54: Preventivo | W54: Manual | X54: =IF(AND(V54="Preventivo",W54="Automático"),"50%",IF(AND(V54="Preventivo",W54="Manual"),"40%",IF(AND(V54="Detectivo",W54="Automático"),"40%",IF(AND(V54="Detectivo",W54="Manual"),"30%",IF(AND(V54="Correctivo",W54="Automático"),"35%",IF(AND(V54="Correctivo",W54="Manual"),"25%","")))))) -> 40% | Y54: Documentado | Z54: Continua | AA54: Con Registro | AB54: =IFERROR(IF(U54="Probabilidad",(M54-(+M54*X54)),IF(U54="Impacto",M54,"")),"") -> 0.24 | AC54: =IFERROR(IF(AB54="","",IF(AB54<=0.2,"Muy Baja",IF(AB54<=0.4,"Baja",IF(AB54<=0.6,"Media",IF(AB54<=0.8,"Alta","Muy Alta"))))),"") -> Baja | AD54: =+AB54 -> 0.24 | AE54: =IFERROR(IF(AF54="","",IF(AF54<=0.2,"Leve",IF(AF54<=0.4,"Menor",IF(AF54<=0.6,"Moderado",IF(AF54<=0.8,"Mayor","Catastrófico"))))),"") -> Mayor | AF54: =IFERROR(IF(U54="Impacto",(Q54-(+Q54*X54)),IF(U54="Probabilidad",Q54,"")),"") -> 0.8 | AG54: =IFERROR(IF(OR(AND(AC54="Muy Baja",AE54="Leve"),AND(AC54="Muy Baja",AE54="Menor"),AND(AC54="Baja",AE54="Leve")),"Bajo",IF(OR(AND(AC54="Muy baja",AE54="Moderado"),AND(AC54="Baja",AE54="Menor"),AND(AC54="Baja",AE54="Moderado"),AND(AC54="Media",AE54="Leve"),AND(AC54="Media",AE54="Menor"),AND(AC54="Media",AE54="Moderado"),AND(AC54="Alta",AE54="Leve"),AND(AC54="Alta",AE54="Menor")),"Moderado",IF(OR(AND(AC54="Muy Baja",AE54="Mayor"),AND(AC54="Baja",AE54="Mayor"),AND(AC54="Media",AE54="Mayor"),AND(AC54="Alta",AE54="Moderado"),AND(AC54="Alta",AE54="Mayor"),AND(AC54="Muy Alta",AE54="Leve"),AND(AC54="Muy Alta",AE54="Menor"),AND(AC54="Muy Alta",AE54="Moderado"),AND(AC54="Muy Alta",AE54="Mayor")),"Alto",IF(OR(AND(AC54="Muy Baja",AE54="Catastrófico"),AND(AC54="Baja",AE54="Catastrófico"),AND(AC54="Media",AE54="Catastrófico"),AND(AC54="Alta",AE54="Catastrófico"),AND(AC54="Muy Alta",AE54="Catastrófico")),"Extremo","")))),"") -> Alto | AH54: Reducir (mitigar) | AJ54: Dirección de Contabilidad | AK54: Trimestral | AL54: Trimestral | AM54: Soporte en Excel del calendario establecido Reporte de la presentación del informe acta de presentación de informes internos | AN54: En curso | AR54: X | AT54: X | AU54: X | AV54: X | BQ54: Dirección de Finanzas y Presupuesto
A55: Gestión Financiera | B55: Administrar los recursos financieros que permitan la toma de decisiones para el cumplimiento de las metas del Plan Estratégico por vigencia suministrando información oportuna, veraz y confiable para la toma de decisiones. Gestionar durante cada vigencia fiscal los recursos financieros necesarios para el cumplimiento | C55: Desde la planeación presupuestal, contable y financiera para cada vigencia fiscal hasta la ejecución de los recursos y la presentación de informes y estados financieros de la vigencia. Inicia con la planeación presupuestal, contable, financiera y culmina con la ejecución de los recursos y la presentación de informes financieros y contables de la vigencia fiscal. | D55: Tesorería | E55: 1 | F55: Reputacional | G55: Investigación, hallazgo o sanción por parte de las Entidades de inspección, vigilancia y control | H55: Debido a que la información generada de ingresos y egresos en el proceso no se registre o se haga con errores o de manera no oportuna. | I55: Posibilidad de afectación reputacional por investigación, hallazgo o sanción por parte de las Entidades de inspección, vigilancia y control, debido a que la información generada de ingresos y egresos en el proceso no se registre o se haga con errores o de manera no oportuna. | J55: Ejecución y Administración de Procesos | K55: 240 | L55: =IF(K55<=0,"",IF(K55<=2,"Muy Baja",IF(K55<=24,"Baja",IF(K55<=500,"Media",IF(K55<=5000,"Alta","Muy Alta"))))) -> Media | M55: =IF(L55="","",IF(L55="Muy Baja",0.2,IF(L55="Baja",0.4,IF(L55="Media",0.6,IF(L55="Alta",0.8,IF(L55="Muy Alta",1,)))))) -> 0.6 | N55: ='Tabla Impacto'!D7 -> El riesgo afecta la imagen de de la entidad con efecto publicitario sostenido a nivel de sector administrativo, nivel departamental o municipal | O55: =IF(NOT(ISERROR(MATCH(N55,_xlfn.ANCHORARRAY(I89),0))),M92&"Por favor no seleccionar los criterios de impacto",N55) -> El riesgo afecta la imagen de de la entidad con efecto publicitario sostenido a nivel de sector administrativo, nivel departamental o municipal | P55: =IF(OR(O55='Tabla Impacto'!$C$4,O55='Tabla Impacto'!$D$4),"Leve",IF(OR(O55='Tabla Impacto'!$C$5,O55='Tabla Impacto'!$D$5),"Menor",IF(OR(O55='Tabla Impacto'!$C$6,O55='Tabla Impacto'!$D$6),"Moderado",IF(OR(O55='Tabla Impacto'!$C$7,O55='Tabla Impacto'!$D$7),"Mayor",IF(OR(O55='Tabla Impacto'!$C$8,O55='Tabla Impacto'!$D$8),"Catastrófico",""))))) -> Mayor | Q55: =IF(P55="","",IF(P55="Leve",0.2,IF(P55="Menor",0.4,IF(P55="Moderado",0.6,IF(P55="Mayor",0.8,IF(P55="Catastrófico",1,)))))) -> 0.8 | R55: =IF(OR(AND(L55="Muy Baja",P55="Leve"),AND(L55="Muy Baja",P55="Menor"),AND(L55="Baja",P55="Leve")),"Bajo",IF(OR(AND(L55="Muy baja",P55="Moderado"),AND(L55="Baja",P55="Menor"),AND(L55="Baja",P55="Moderado"),AND(L55="Media",P55="Leve"),AND(L55="Media",P55="Menor"),AND(L55="Media",P55="Moderado"),AND(L55="Alta",P55="Leve"),AND(L55="Alta",P55="Menor")),"Moderado",IF(OR(AND(L55="Muy Baja",P55="Mayor"),AND(L55="Baja",P55="Mayor"),AND(L55="Media",P55="Mayor"),AND(L55="Alta",P55="Moderado"),AND(L55="Alta",P55="Mayor"),AND(L55="Muy Alta",P55="Leve"),AND(L55="Muy Alta",P55="Menor"),AND(L55="Muy Alta",P55="Moderado"),AND(L55="Muy Alta",P55="Mayor")),"Alto",IF(OR(AND(L55="Muy Baja",P55="Catastrófico"),AND(L55="Baja",P55="Catastrófico"),AND(L55="Media",P55="Catastrófico"),AND(L55="Alta",P55="Catastrófico"),AND(L55="Muy Alta",P55="Catastrófico")),"Extremo","")))) -> Alto | S55: 1 | T55: El Tesorero verifica que la información de ingresos, pagos, traslados y otros sean registrados diariamente | U55: Probabilidad | V55: Preventivo | W55: Manual | X55: =IF(AND(V55="Preventivo",W55="Automático"),"50%",IF(AND(V55="Preventivo",W55="Manual"),"40%",IF(AND(V55="Detectivo",W55="Automático"),"40%",IF(AND(V55="Detectivo",W55="Manual"),"30%",IF(AND(V55="Correctivo",W55="Automático"),"35%",IF(AND(V55="Correctivo",W55="Manual"),"25%","")))))) -> 40% | Y55: Documentado | Z55: Continua | AA55: Con Registro | AB55: =IFERROR(IF(U55="Probabilidad",(AB54-(+AB54*X55)),IF(U55="Impacto",AB54,"")),"") -> 0.144 | AC55: =IFERROR(IF(AB55="","",IF(AB55<=0.2,"Muy Baja",IF(AB55<=0.4,"Baja",IF(AB55<=0.6,"Media",IF(AB55<=0.8,"Alta","Muy Alta"))))),"") -> Muy Baja | AD55: =+AB55 -> 0.144 | AE55: =IFERROR(IF(AF55="","",IF(AF55<=0.2,"Leve",IF(AF55<=0.4,"Menor",IF(AF55<=0.6,"Moderado",IF(AF55<=0.8,"Mayor","Catastrófico"))))),"") -> Mayor | AF55: =IFERROR(IF(U55="Impacto",(Q55-(+Q55*X55)),IF(U55="Probabilidad",Q55,"")),"") -> 0.8 | AG55: =IFERROR(IF(OR(AND(AC55="Muy Baja",AE55="Leve"),AND(AC55="Muy Baja",AE55="Menor"),AND(AC55="Baja",AE55="Leve")),"Bajo",IF(OR(AND(AC55="Muy baja",AE55="Moderado"),AND(AC55="Baja",AE55="Menor"),AND(AC55="Baja",AE55="Moderado"),AND(AC55="Media",AE55="Leve"),AND(AC55="Media",AE55="Menor"),AND(AC55="Media",AE55="Moderado"),AND(AC55="Alta",AE55="Leve"),AND(AC55="Alta",AE55="Menor")),"Moderado",IF(OR(AND(AC55="Muy Baja",AE55="Mayor"),AND(AC55="Baja",AE55="Mayor"),AND(AC55="Media",AE55="Mayor"),AND(AC55="Alta",AE55="Moderado"),AND(AC55="Alta",AE55="Mayor"),AND(AC55="Muy Alta",AE55="Leve"),AND(AC55="Muy Alta",AE55="Menor"),AND(AC55="Muy Alta",AE55="Moderado"),AND(AC55="Muy Alta",AE55="Mayor")),"Alto",IF(OR(AND(AC55="Muy Baja",AE55="Catastrófico"),AND(AC55="Baja",AE55="Catastrófico"),AND(AC55="Media",AE55="Catastrófico"),AND(AC55="Alta",AE55="Catastrófico"),AND(AC55="Muy Alta",AE55="Catastrófico")),"Extremo","")))),"") -> Alto | AH55: Reducir (mitigar) | AJ55: Tesorería | AK55: Enero 2021-Diciembre 2021 | AN55: En curso | AT55: X | AU55: X
E56: 2 | F56: Económico | G56: Investigación, hallazgo o sanción por parte de las Entidades de inspección, vigilancia y control | H56: Debido a realizar pagos o transferencias electrónicas con errores en la información de valores, beneficiarios, fechas o cuentas bancarias de destino | I56: Posibilidad de afectación económica por investigación, hallazgo o sanción por parte de las Entidades de inspección, vigilancia y control, debido a realizar pagos o transferencias electrónicas con errores en la información de valores, beneficiarios, fechas o cuentas bancarias de destino | J56: Ejecución y Administración de Procesos | K56: 240 | L56: =IF(K56<=0,"",IF(K56<=2,"Muy Baja",IF(K56<=24,"Baja",IF(K56<=500,"Media",IF(K56<=5000,"Alta","Muy Alta"))))) -> Media | M56: =IF(L56="","",IF(L56="Muy Baja",0.2,IF(L56="Baja",0.4,IF(L56="Media",0.6,IF(L56="Alta",0.8,IF(L56="Muy Alta",1,)))))) -> 0.6 | N56: Afectación menor a 10 SMLMV . | O56: =IF(NOT(ISERROR(MATCH(N56,_xlfn.ANCHORARRAY(I91),0))),M95&"Por favor no seleccionar los criterios de impacto",N56) -> Afectación menor a 10 SMLMV . | P56: =IF(OR(O56='[4]Tabla Impacto'!$C$11,O56='[4]Tabla Impacto'!$D$11),"Leve",IF(OR(O56='[4]Tabla Impacto'!$C$12,O56='[4]Tabla Impacto'!$D$12),"Menor",IF(OR(O56='[4]Tabla Impacto'!$C$13,O56='[4]Tabla Impacto'!$D$13),"Moderado",IF(OR(O56='[4]Tabla Impacto'!$C$14,O56='[4]Tabla Impacto'!$D$14),"Mayor",IF(OR(O56='[4]Tabla Impacto'!$C$15,O56='[4]Tabla Impacto'!$D$15),"Catastrófico",""))))) -> Leve | Q56: =IF(P56="","",IF(P56="Leve",0.2,IF(P56="Menor",0.4,IF(P56="Moderado",0.6,IF(P56="Mayor",0.8,IF(P56="Catastrófico",1,)))))) -> 0.2 | R56: =IF(OR(AND(L56="Muy Baja",P56="Leve"),AND(L56="Muy Baja",P56="Menor"),AND(L56="Baja",P56="Leve")),"Bajo",IF(OR(AND(L56="Muy baja",P56="Moderado"),AND(L56="Baja",P56="Menor"),AND(L56="Baja",P56="Moderado"),AND(L56="Media",P56="Leve"),AND(L56="Media",P56="Menor"),AND(L56="Media",P56="Moderado"),AND(L56="Alta",P56="Leve"),AND(L56="Alta",P56="Menor")),"Moderado",IF(OR(AND(L56="Muy Baja",P56="Mayor"),AND(L56="Baja",P56="Mayor"),AND(L56="Media",P56="Mayor"),AND(L56="Alta",P56="Moderado"),AND(L56="Alta",P56="Mayor"),AND(L56="Muy Alta",P56="Leve"),AND(L56="Muy Alta",P56="Menor"),AND(L56="Muy Alta",P56="Moderado"),AND(L56="Muy Alta",P56="Mayor")),"Alto",IF(OR(AND(L56="Muy Baja",P56="Catastrófico"),AND(L56="Baja",P56="Catastrófico"),AND(L56="Media",P56="Catastrófico"),AND(L56="Alta",P56="Catastrófico"),AND(L56="Muy Alta",P56="Catastrófico")),"Extremo","")))) -> Moderado | S56: 1 | T56: El Tesorero recibe los pagos, o traslados y verifica que la información sea correcta. | U56: Probabilidad | V56: Preventivo | W56: Manual | X56: =IF(AND(V56="Preventivo",W56="Automático"),"50%",IF(AND(V56="Preventivo",W56="Manual"),"40%",IF(AND(V56="Detectivo",W56="Automático"),"40%",IF(AND(V56="Detectivo",W56="Manual"),"30%",IF(AND(V56="Correctivo",W56="Automático"),"35%",IF(AND(V56="Correctivo",W56="Manual"),"25%","")))))) -> 40% | Y56: Documentado | Z56: Continua | AA56: Con Registro | AB56: =IFERROR(IF(U56="Probabilidad",(M56-(+M56*X56)),IF(U56="Impacto",M56,"")),"") -> 0.36 | AC56: =IFERROR(IF(AB56="","",IF(AB56<=0.2,"Muy Baja",IF(AB56<=0.4,"Baja",IF(AB56<=0.6,"Media",IF(AB56<=0.8,"Alta","Muy Alta"))))),"") -> Baja | AD56: =+AB56 -> 0.36 | AE56: =IFERROR(IF(AF56="","",IF(AF56<=0.2,"Leve",IF(AF56<=0.4,"Menor",IF(AF56<=0.6,"Moderado",IF(AF56<=0.8,"Mayor","Catastrófico"))))),"") -> Leve | AF56: =IFERROR(IF(U56="Impacto",(Q56-(+Q56*X56)),IF(U56="Probabilidad",Q56,"")),"") -> 0.2 | AG56: =IFERROR(IF(OR(AND(AC56="Muy Baja",AE56="Leve"),AND(AC56="Muy Baja",AE56="Menor"),AND(AC56="Baja",AE56="Leve")),"Bajo",IF(OR(AND(AC56="Muy baja",AE56="Moderado"),AND(AC56="Baja",AE56="Menor"),AND(AC56="Baja",AE56="Moderado"),AND(AC56="Media",AE56="Leve"),AND(AC56="Media",AE56="Menor"),AND(AC56="Media",AE56="Moderado"),AND(AC56="Alta",AE56="Leve"),AND(AC56="Alta",AE56="Menor")),"Moderado",IF(OR(AND(AC56="Muy Baja",AE56="Mayor"),AND(AC56="Baja",AE56="Mayor"),AND(AC56="Media",AE56="Mayor"),AND(AC56="Alta",AE56="Moderado"),AND(AC56="Alta",AE56="Mayor"),AND(AC56="Muy Alta",AE56="Leve"),AND(AC56="Muy Alta",AE56="Menor"),AND(AC56="Muy Alta",AE56="Moderado"),AND(AC56="Muy Alta",AE56="Mayor")),"Alto",IF(OR(AND(AC56="Muy Baja",AE56="Catastrófico"),AND(AC56="Baja",AE56="Catastrófico"),AND(AC56="Media",AE56="Catastrófico"),AND(AC56="Alta",AE56="Catastrófico"),AND(AC56="Muy Alta",AE56="Catastrófico")),"Extremo","")))),"") -> Bajo | AH56: Reducir (mitigar) | AJ56: Tesorería | AK56: Enero 2021-Diciembre 2021 | AN56: En curso | AU56: X
S57: 2 | T57: El profesional de Tesorería realiza la Modificación y/o corrección de archivo plano enviados al Banco por algún tipo de error detectado por el banco | U57: Probabilidad | V57: Detectivo | W57: Automático | X57: =IF(AND(V57="Preventivo",W57="Automático"),"50%",IF(AND(V57="Preventivo",W57="Manual"),"40%",IF(AND(V57="Detectivo",W57="Automático"),"40%",IF(AND(V57="Detectivo",W57="Manual"),"30%",IF(AND(V57="Correctivo",W57="Automático"),"35%",IF(AND(V57="Correctivo",W57="Manual"),"25%","")))))) -> 40% | Y57: Documentado | Z57: Continua | AA57: Con Registro | AB57: =IFERROR(IF(U57="Probabilidad",(AB56-(+AB56*X57)),IF(U57="Impacto",AB56,"")),"") -> 0.216 | AC57: =IFERROR(IF(AB57="","",IF(AB57<=0.2,"Muy Baja",IF(AB57<=0.4,"Baja",IF(AB57<=0.6,"Media",IF(AB57<=0.8,"Alta","Muy Alta"))))),"") -> Baja | AD57: =+AB57 -> 0.216 | AE57: =IFERROR(IF(AF57="","",IF(AF57<=0.2,"Leve",IF(AF57<=0.4,"Menor",IF(AF57<=0.6,"Moderado",IF(AF57<=0.8,"Mayor","Catastrófico"))))),"") -> Leve | AF57: =IFERROR(IF(U57="Impacto",(Q56-(+Q56*X57)),IF(U57="Probabilidad",Q56,"")),"") -> 0.2 | AG57: =IFERROR(IF(OR(AND(AC57="Muy Baja",AE57="Leve"),AND(AC57="Muy Baja",AE57="Menor"),AND(AC57="Baja",AE57="Leve")),"Bajo",IF(OR(AND(AC57="Muy baja",AE57="Moderado"),AND(AC57="Baja",AE57="Menor"),AND(AC57="Baja",AE57="Moderado"),AND(AC57="Media",AE57="Leve"),AND(AC57="Media",AE57="Menor"),AND(AC57="Media",AE57="Moderado"),AND(AC57="Alta",AE57="Leve"),AND(AC57="Alta",AE57="Menor")),"Moderado",IF(OR(AND(AC57="Muy Baja",AE57="Mayor"),AND(AC57="Baja",AE57="Mayor"),AND(AC57="Media",AE57="Mayor"),AND(AC57="Alta",AE57="Moderado"),AND(AC57="Alta",AE57="Mayor"),AND(AC57="Muy Alta",AE57="Leve"),AND(AC57="Muy Alta",AE57="Menor"),AND(AC57="Muy Alta",AE57="Moderado"),AND(AC57="Muy Alta",AE57="Mayor")),"Alto",IF(OR(AND(AC57="Muy Baja",AE57="Catastrófico"),AND(AC57="Baja",AE57="Catastrófico"),AND(AC57="Media",AE57="Catastrófico"),AND(AC57="Alta",AE57="Catastrófico"),AND(AC57="Muy Alta",AE57="Catastrófico")),"Extremo","")))),"") -> Bajo | AH57: Reducir (mitigar) | AJ57: Tesorería | AK57: Enero 2021-Diciembre 2021 | AN57: En curso | AU57: X
E58: 3 | F58: Económico | G58: Investigación, hallazgo o sanción por parte de las Entidades de inspección, vigilancia y control | H58: Debido a que se presente acceso ilegal por parte de la delincuencia en las redes y equipos de cómputo para hurtar, manipular la información en los Portales de las Entidades Financieras. | I58: Posibilidad de afectación económica por investigación, hallazgo o sanción por parte de las Entidades de inspección, vigilancia y control debido a que se presente acceso ilegal por parte de la delincuencia en las redes y equipos de cómputo para hurtar, manipular la información en los Portales de las Entidades Financieras. | J58: Fraude Externo | K58: 240 | L58: =IF(K58<=0,"",IF(K58<=2,"Muy Baja",IF(K58<=24,"Baja",IF(K58<=500,"Media",IF(K58<=5000,"Alta","Muy Alta"))))) -> Media | M58: =IF(L58="","",IF(L58="Muy Baja",0.2,IF(L58="Baja",0.4,IF(L58="Media",0.6,IF(L58="Alta",0.8,IF(L58="Muy Alta",1,)))))) -> 0.6 | N58: Entre 100 y 500 SMLMV | O58: =IF(NOT(ISERROR(MATCH(N58,_xlfn.ANCHORARRAY(I95),0))),#REF!&"Por favor no seleccionar los criterios de impacto",N58) -> Entre 100 y 500 SMLMV | P58: =IF(OR(O58='[4]Tabla Impacto'!$C$11,O58='[4]Tabla Impacto'!$D$11),"Leve",IF(OR(O58='[4]Tabla Impacto'!$C$12,O58='[4]Tabla Impacto'!$D$12),"Menor",IF(OR(O58='[4]Tabla Impacto'!$C$13,O58='[4]Tabla Impacto'!$D$13),"Moderado",IF(OR(O58='[4]Tabla Impacto'!$C$14,O58='[4]Tabla Impacto'!$D$14),"Mayor",IF(OR(O58='[4]Tabla Impacto'!$C$15,O58='[4]Tabla Impacto'!$D$15),"Catastrófico",""))))) -> Mayor | Q58: =IF(P58="","",IF(P58="Leve",0.2,IF(P58="Menor",0.4,IF(P58="Moderado",0.6,IF(P58="Mayor",0.8,IF(P58="Catastrófico",1,)))))) -> 0.8 | R58: =IF(OR(AND(L58="Muy Baja",P58="Leve"),AND(L58="Muy Baja",P58="Menor"),AND(L58="Baja",P58="Leve")),"Bajo",IF(OR(AND(L58="Muy baja",P58="Moderado"),AND(L58="Baja",P58="Menor"),AND(L58="Baja",P58="Moderado"),AND(L58="Media",P58="Leve"),AND(L58="Media",P58="Menor"),AND(L58="Media",P58="Moderado"),AND(L58="Alta",P58="Leve"),AND(L58="Alta",P58="Menor")),"Moderado",IF(OR(AND(L58="Muy Baja",P58="Mayor"),AND(L58="Baja",P58="Mayor"),AND(L58="Media",P58="Mayor"),AND(L58="Alta",P58="Moderado"),AND(L58="Alta",P58="Mayor"),AND(L58="Muy Alta",P58="Leve"),AND(L58="Muy Alta",P58="Menor"),AND(L58="Muy Alta",P58="Moderado"),AND(L58="Muy Alta",P58="Mayor")),"Alto",IF(OR(AND(L58="Muy Baja",P58="Catastrófico"),AND(L58="Baja",P58="Catastrófico"),AND(L58="Media",P58="Catastrófico"),AND(L58="Alta",P58="Catastrófico"),AND(L58="Muy Alta",P58="Catastrófico")),"Extremo","")))) -> Alto | S58: 1 | T58: Dentro de la entidad se establecen dos Token para el acceso a las entidades para pagos y transferencias. | U58: Probabilidad | V58: Preventivo | W58: Manual | X58: =IF(AND(V58="Preventivo",W58="Automático"),"50%",IF(AND(V58="Preventivo",W58="Manual"),"40%",IF(AND(V58="Detectivo",W58="Automático"),"40%",IF(AND(V58="Detectivo",W58="Manual"),"30%",IF(AND(V58="Correctivo",W58="Automático"),"35%",IF(AND(V58="Correctivo",W58="Manual"),"25%","")))))) -> 40% | Y58: Documentado | Z58: Continua | AA58: Con Registro | AB58: =IFERROR(IF(U58="Probabilidad",(M58-(+M58*X58)),IF(U58="Impacto",M58,"")),"") -> 0.36 | AC58: =IFERROR(IF(AB58="","",IF(AB58<=0.2,"Muy Baja",IF(AB58<=0.4,"Baja",IF(AB58<=0.6,"Media",IF(AB58<=0.8,"Alta","Muy Alta"))))),"") -> Baja | AD58: =+AB58 -> 0.36 | AE58: =IFERROR(IF(AF58="","",IF(AF58<=0.2,"Leve",IF(AF58<=0.4,"Menor",IF(AF58<=0.6,"Moderado",IF(AF58<=0.8,"Mayor","Catastrófico"))))),"") -> Mayor | AF58: =IFERROR(IF(U58="Impacto",(Q58-(+Q58*X58)),IF(U58="Probabilidad",Q58,"")),"") -> 0.8 | AG58: =IFERROR(IF(OR(AND(AC58="Muy Baja",AE58="Leve"),AND(AC58="Muy Baja",AE58="Menor"),AND(AC58="Baja",AE58="Leve")),"Bajo",IF(OR(AND(AC58="Muy baja",AE58="Moderado"),AND(AC58="Baja",AE58="Menor"),AND(AC58="Baja",AE58="Moderado"),AND(AC58="Media",AE58="Leve"),AND(AC58="Media",AE58="Menor"),AND(AC58="Media",AE58="Moderado"),AND(AC58="Alta",AE58="Leve"),AND(AC58="Alta",AE58="Menor")),"Moderado",IF(OR(AND(AC58="Muy Baja",AE58="Mayor"),AND(AC58="Baja",AE58="Mayor"),AND(AC58="Media",AE58="Mayor"),AND(AC58="Alta",AE58="Moderado"),AND(AC58="Alta",AE58="Mayor"),AND(AC58="Muy Alta",AE58="Leve"),AND(AC58="Muy Alta",AE58="Menor"),AND(AC58="Muy Alta",AE58="Moderado"),AND(AC58="Muy Alta",AE58="Mayor")),"Alto",IF(OR(AND(AC58="Muy Baja",AE58="Catastrófico"),AND(AC58="Baja",AE58="Catastrófico"),AND(AC58="Media",AE58="Catastrófico"),AND(AC58="Alta",AE58="Catastrófico"),AND(AC58="Muy Alta",AE58="Catastrófico")),"Extremo","")))),"") -> Alto | AH58: Reducir (mitigar) | AJ58: Tesorería | AK58: Enero 2021-Diciembre 2021 | AN58: En curso | AR58: X | AU58: X
S59: 2 | T59: Medidas de seguridad en la red y en la infraestructura, por parte de la mesa de ayuda de la entidad | U59: Probabilidad | V59: Preventivo | W59: Manual | X59: =IF(AND(V59="Preventivo",W59="Automático"),"50%",IF(AND(V59="Preventivo",W59="Manual"),"40%",IF(AND(V59="Detectivo",W59="Automático"),"40%",IF(AND(V59="Detectivo",W59="Manual"),"30%",IF(AND(V59="Correctivo",W59="Automático"),"35%",IF(AND(V59="Correctivo",W59="Manual"),"25%","")))))) -> 40% | Y59: Documentado | Z59: Continua | AA59: Con Registro | AB59: =IFERROR(IF(U59="Probabilidad",(AB58-(+AB58*X59)),IF(U59="Impacto",AB58,"")),"") -> 0.216 | AC59: =IFERROR(IF(AB59="","",IF(AB59<=0.2,"Muy Baja",IF(AB59<=0.4,"Baja",IF(AB59<=0.6,"Media",IF(AB59<=0.8,"Alta","Muy Alta"))))),"") -> Baja | AD59: =+AB59 -> 0.216 | AE59: =IFERROR(IF(AF59="","",IF(AF59<=0.2,"Leve",IF(AF59<=0.4,"Menor",IF(AF59<=0.6,"Moderado",IF(AF59<=0.8,"Mayor","Catastrófico"))))),"") -> Mayor | AF59: =IFERROR(IF(U59="Impacto",(Q58-(+Q58*X59)),IF(U59="Probabilidad",Q58,"")),"") -> 0.8 | AG59: =IFERROR(IF(OR(AND(AC59="Muy Baja",AE59="Leve"),AND(AC59="Muy Baja",AE59="Menor"),AND(AC59="Baja",AE59="Leve")),"Bajo",IF(OR(AND(AC59="Muy baja",AE59="Moderado"),AND(AC59="Baja",AE59="Menor"),AND(AC59="Baja",AE59="Moderado"),AND(AC59="Media",AE59="Leve"),AND(AC59="Media",AE59="Menor"),AND(AC59="Media",AE59="Moderado"),AND(AC59="Alta",AE59="Leve"),AND(AC59="Alta",AE59="Menor")),"Moderado",IF(OR(AND(AC59="Muy Baja",AE59="Mayor"),AND(AC59="Baja",AE59="Mayor"),AND(AC59="Media",AE59="Mayor"),AND(AC59="Alta",AE59="Moderado"),AND(AC59="Alta",AE59="Mayor"),AND(AC59="Muy Alta",AE59="Leve"),AND(AC59="Muy Alta",AE59="Menor"),AND(AC59="Muy Alta",AE59="Moderado"),AND(AC59="Muy Alta",AE59="Mayor")),"Alto",IF(OR(AND(AC59="Muy Baja",AE59="Catastrófico"),AND(AC59="Baja",AE59="Catastrófico"),AND(AC59="Media",AE59="Catastrófico"),AND(AC59="Alta",AE59="Catastrófico"),AND(AC59="Muy Alta",AE59="Catastrófico")),"Extremo","")))),"") -> Alto | AH59: Reducir (mitigar) | AJ59: Tesorería | AK59: Enero 2021-Diciembre 2021 | AN59: En curso | AR59: X | AU59: X
